Workbook

Sheet Смета 12 гр. по ФЕР
A1: =Source!B1 -> Smeta.RU (495) 974-1589
H3: Приложение № 1 к Приложению № 5 к извещению о проведении запроса котировок
B11: СМЕТА
B12: =IF(Source!G20<>"Новая локальная смета", Source!G20, "")
B14: на капитальный ремонт помещения №37 лаборатории СХД 2-го этажа зданияучебного корпуса Озёрского технологического института -филиала НИЯУ МИФИ по адресу: Челябинская обл.,г.Озёрск,проспект Победы,48 | AD14: =IF(Source!G12<>"Новый объект", Source!G12, "") -> на капитальный ремонт помещения №37 лаборатории СХД в здании учебного корпуса Озёрского технологического института -филиала НИЯУ МИФИ по адресу: Челябинская обл.,г.Озёрск,проспект Победы,48
G17: базовая цена | I17: текущая цена
C18: Сметная стоимость | G18: =SUM(O29:O146)/1000 -> 19.89351 | I18: =(Source!F83/1000) -> 142.79674 | K18: тыс. руб.
C19: Строительные работы | G19: =SUM(W29:W146)/1000 -> 19.89351 | I19: =(Source!F70)/1000 -> 121.01419 | K19: тыс. руб.
C20: Монтажные работы | G20: =SUM(X29:X146)/1000 -> 0 | I20: =(Source!F71)/1000 -> 0 | K20: тыс. руб.
C21: Оборудование | G21: =SUM(Y29:Y146)/1000 -> 0 | I21: =(Source!F62)/1000 -> 0 | K21: тыс. руб.
C22: Прочие работы | G22: =SUM(Z29:Z146)/1000 -> 0 | I22: =(Source!F72+Source!F73)/1000 -> 0 | K22: тыс. руб.
C23: Нормативная трудоемкость | G23: =I23 -> 243.91646 | I23: =(Source!F75+Source!F76) -> 243.91646 | K23: чел. -ч.
C24: Средства на оплату труда | G24: =SUM(R29:R146)/1000 -> 2.11282 | I24: =(Source!F68+ Source!F67)/1000 -> 12.84606 | K24: тыс. руб.
A26: Составлена в ценах IV квартал 2017 года
A27: № п/п | B27: Шифр расценки и коды ресурсов | C27: Наименование работ и затрат | D27: Ед. изм. | E27: Кол-во единиц | F27: Цена на ед. изм. | G27: Попра-вочные коэфф. | H27: Стоимость в ценах 2001г. | I27: Пункт коэфф. пересчета | J27: Коэфф. пересчета | K27: Стоимость в текущих ценах | L27: ЗТР всего чел.-час
A28: 1 | B28: 2 | C28: 3 | D28: 4 | E28: 5 | F28: 6 | G28: 7 | H28: 8 | I28: 9 | J28: 10 | K28: 11 | L28: 12
A29: =Source!E24 -> 1 | B29: =Source!F24 -> 57-3-1 | C29: =Source!G24 -> Разборка плинтусов деревянных | D29: =Source!H24 -> 100 м | E29: =Source!I24 -> 0.23 | F29: =Source!AL24+Source!AM24+Source!AO24 -> 29.41 | I29: =Source!BO24 | S29: =ROUND((Source!FX24/100)*((ROUND(Source!AF24*Source!I24, 2)+ROUND(Source!AE24*Source!I24, 2))), 2) -> 5.41 | T29: =Source!X24 -> 32.9 | U29: =ROUND((Source!FY24/100)*((ROUND(Source!AF24*Source!I24, 2)+ROUND(Source!AE24*Source!I24, 2))), 2) -> 4.6 | V29: =Source!Y24 -> 27.97
C30: Зарплата | F30: =Source!AO24 -> 29.41 | G30: =Source!DG24 | H30: =ROUND(Source!AF24*Source!I24, 2) -> 6.76 | J30: =IF(Source!BA24<> 0, Source!BA24, 1) -> 6.08 | K30: =Source!S24 -> 41.13 | R30: =H30 -> 6.76
C31: НР от ФОТ | D31: % | E31: =Source!BZ24 -> 80 | H31: =SUM(S29:S33) -> 5.41 | J31: =Source!AT24 -> 80 | K31: =SUM(T29:T33) -> 32.9
C32: СП от ФОТ | D32: % | E32: =Source!CA24 -> 68 | H32: =SUM(U29:U33) -> 4.6 | J32: =Source!AU24 -> 68 | K32: =SUM(V29:V33) -> 27.97
C33: Затраты труда | D33: чел-ч | E33: =Source!AQ24 -> 3.77 | G33: =Source!DI24 | L33: =Source!U24 -> 0.8671
G34: =H30+H31+H32 -> 16.77 | J34: =K30+K31+K32 -> 102 | L34: =Source!U24 -> 0.8671 | O34: =G34 -> 16.77 | P34: =J34 -> 102 | Q34: =L34 -> 0.8671 | W34: =IF(Source!BI24<=1,H30+H31+H32, 0) -> 16.77 | X34: =IF(Source!BI24=2,H30+H31+H32, 0) -> 0 | Y34: =IF(Source!BI24=3,H30+H31+H32, 0) -> 0 | Z34: =IF(Source!BI24=4,H30+H31+H32, 0) -> 0
A35: =Source!E25 -> 2 | B35: =Source!F25 -> 57-2-1 | C35: =Source!G25 -> Разборка покрытий полов из линолеума | D35: =Source!H25 -> 100 м2 | E35: =Source!I25 -> 0.363 | F35: =Source!AL25+Source!AM25+Source!AO25 -> 92.9 | I35: =Source!BO25 | S35: =ROUND((Source!FX25/100)*((ROUND(Source!AF25*Source!I25, 2)+ROUND(Source!AE25*Source!I25, 2))), 2) -> 26.31 | T35: =Source!X25 -> 159.96 | U35: =ROUND((Source!FY25/100)*((ROUND(Source!AF25*Source!I25, 2)+ROUND(Source!AE25*Source!I25, 2))), 2) -> 22.37 | V35: =Source!Y25 -> 135.97
C36: Зарплата | F36: =Source!AO25 -> 88.84 | G36: =Source!DG25 | H36: =ROUND(Source!AF25*Source!I25, 2) -> 32.25 | J36: =IF(Source!BA25<> 0, Source!BA25, 1) -> 6.08 | K36: =Source!S25 -> 196.07 | R36: =H36 -> 32.25
C37: Эксплуатация машин | F37: =Source!AM25 -> 4.06 | G37: =Source!DE25 | H37: =ROUND(Source!AD25*Source!I25, 2) -> 1.47 | J37: =IF(Source!BB25<> 0, Source!BB25, 1) -> 6.08 | K37: =Source!Q25 -> 8.96
C38: в т.ч. зарплата машинистов | F38: =Source!AN25 -> 1.76 | G38: =Source!DF25 | H38: =ROUND(Source!AE25*Source!I25, 2) -> 0.64 | J38: =IF(Source!BS25<> 0, Source!BS25, 1) -> 6.08 | K38: =Source!R25 -> 3.88 | R38: =H38 -> 0.64
C39: НР от ФОТ | D39: % | E39: =Source!BZ25 -> 80 | H39: =SUM(S35:S41) -> 26.31 | J39: =Source!AT25 -> 80 | K39: =SUM(T35:T41) -> 159.96
C40: СП от ФОТ | D40: % | E40: =Source!CA25 -> 68 | H40: =SUM(U35:U41) -> 22.37 | J40: =Source!AU25 -> 68 | K40: =SUM(V35:V41) -> 135.97
C41: Затраты труда | D41: чел-ч | E41: =Source!AQ25 -> 11.39 | G41: =Source!DI25 | L41: =Source!U25 -> 4.13457
G42: =H36+H37+H39+H40 -> 82.4 | J42: =K36+K37+K39+K40 -> 500.96 | L42: =Source!U25 -> 4.13457 | O42: =G42 -> 82.4 | P42: =J42 -> 500.96 | Q42: =L42 -> 4.13457 | W42: =IF(Source!BI25<=1,H36+H37+H39+H40, 0) -> 82.4 | X42: =IF(Source!BI25=2,H36+H37+H39+H40, 0) -> 0 | Y42: =IF(Source!BI25=3,H36+H37+H39+H40, 0) -> 0 | Z42: =IF(Source!BI25=4,H36+H37+H39+H40, 0) -> 0
A43: =Source!E26 -> 3 | B43: =Source!F26 -> 11-01-011-08 | C43: =Source!G26 -> Устройство стяжек из выравнивающей смеси типа "Ветонит" 5000, толщиной 5 мм | D43: =Source!H26 -> 100 м2 | E43: =Source!I26 -> 0.363 | F43: =Source!AL26+Source!AM26+Source!AO26 -> 11028.89 | I43: =Source!BO26 | S43: =ROUND((Source!FX26/100)*((ROUND(Source!AF26*Source!I26, 2)+ROUND(Source!AE26*Source!I26, 2))), 2) -> 179.38 | T43: =Source!X26 -> 1093.59 | U43: =ROUND((Source!FY26/100)*((ROUND(Source!AF26*Source!I26, 2)+ROUND(Source!AE26*Source!I26, 2))), 2) -> 103.3 | V43: =Source!Y26 -> 630.54
C44: Зарплата | F44: =Source!AO26 -> 321.33 | G44: =Source!DG26 -> )*1,15)*1,2 | H44: =ROUND(Source!AF26*Source!I26, 2) -> 160.97 | J44: =IF(Source!BA26<> 0, Source!BA26, 1) -> 6.08 | K44: =Source!S26 -> 978.69 | R44: =H44 -> 160.97
C45: Эксплуатация машин | F45: =Source!AM26 -> 6.23 | G45: =Source!DE26 -> )*1,25)*1,2 | H45: =ROUND(Source!AD26*Source!I26, 2) -> 3.39 | J45: =IF(Source!BB26<> 0, Source!BB26, 1) -> 6.08 | K45: =Source!Q26 -> 20.64
C46: в т.ч. зарплата машинистов | F46: =Source!AN26 -> 1.97 | G46: =Source!DF26 -> )*1,25)*1,2 | H46: =ROUND(Source!AE26*Source!I26, 2) -> 1.07 | J46: =IF(Source!BS26<> 0, Source!BS26, 1) -> 6.08 | K46: =Source!R26 -> 6.53 | R46: =H46 -> 1.07
C47: Материальные ресурсы | F47: =Source!AL26 -> 10701.33 | G47: =Source!DD26 | H47: =ROUND(Source!AC26*Source!I26, 2) -> 3884.58 | J47: =IF(Source!BC26<> 0, Source!BC26, 1) -> 6.08 | K47: =Source!P26 -> 23618.26
C48: НР от ФОТ | D48: % | E48: =Source!BZ26 -> 123 | F48: =CONCATENATE(" )", Source!DL26, Source!FT26, "=", Source!FX26) -> )*0,9=110,7 | H48: =SUM(S43:S50) -> 179.38 | J48: =Source!AT26 -> 111 | K48: =SUM(T43:T50) -> 1093.59
C49: СП от ФОТ | D49: % | E49: =Source!CA26 -> 75 | F49: =CONCATENATE(" )", Source!DM26, Source!FU26, "=", Source!FY26) -> )*0,85=63,75 | H49: =SUM(U43:U50) -> 103.3 | J49: =Source!AU26 -> 64 | K49: =SUM(V43:V50) -> 630.54
C50: Затраты труда | D50: чел-ч | E50: =Source!AQ26 -> 37.67 | G50: =Source!DI26 -> )*1,15)*1,2 | L50: =Source!U26 -> 18.87041
G51: =H44+H45+H47+H48+H49 -> 4331.62 | J51: =K44+K45+K47+K48+K49 -> 26341.72 | L51: =Source!U26 -> 18.87041 | O51: =G51 -> 4331.62 | P51: =J51 -> 26341.72 | Q51: =L51 -> 18.87041 | W51: =IF(Source!BI26<=1,H44+H45+H47+H48+H49, 0) -> 4331.62 | X51: =IF(Source!BI26=2,H44+H45+H47+H48+H49, 0) -> 0 | Y51: =IF(Source!BI26=3,H44+H45+H47+H48+H49, 0) -> 0 | Z51: =IF(Source!BI26=4,H44+H45+H47+H48+H49, 0) -> 0
A52: =Source!E27 -> 4 | B52: =Source!F27 -> 11-01-011-10 | C52: =Source!G27 -> Устройство стяжек на каждый последующий слой толщиной 1 мм добавлять к расценке 11-01-011-08 | D52: =Source!H27 -> 100 м2 | E52: =Source!I27 -> 0.363 | F52: =Source!AL27+Source!AM27+Source!AO27 -> 2070.6 | I52: =Source!BO27 | S52: =ROUND((Source!FX27/100)*((ROUND(Source!AF27*Source!I27, 2)+ROUND(Source!AE27*Source!I27, 2))), 2) -> 23.31 | T52: =Source!X27 -> 142.15 | U52: =ROUND((Source!FY27/100)*((ROUND(Source!AF27*Source!I27, 2)+ROUND(Source!AE27*Source!I27, 2))), 2) -> 13.43 | V52: =Source!Y27 -> 81.96
C53: Зарплата | F53: =Source!AO27 -> 20.64 | G53: =Source!DG27 -> )*1,15*2)*1,2 | H53: =ROUND(Source!AF27*Source!I27, 2) -> 20.68 | J53: =IF(Source!BA27<> 0, Source!BA27, 1) -> 6.08 | K53: =Source!S27 -> 125.74 | R53: =H53 -> 20.68
C54: Эксплуатация машин | F54: =Source!AM27 -> 1.21 | G54: =Source!DE27 -> )*1,25*2)*1,2 | H54: =ROUND(Source!AD27*Source!I27, 2) -> 1.32 | J54: =IF(Source!BB27<> 0, Source!BB27, 1) -> 6.08 | K54: =Source!Q27 -> 8.01
C55: в т.ч. зарплата машинистов | F55: =Source!AN27 -> 0.35 | G55: =Source!DF27 -> )*1,25*2)*1,2 | H55: =ROUND(Source!AE27*Source!I27, 2) -> 0.38 | J55: =IF(Source!BS27<> 0, Source!BS27, 1) -> 6.08 | K55: =Source!R27 -> 2.32 | R55: =H55 -> 0.38
C56: Материальные ресурсы | F56: =Source!AL27 -> 2048.75 | G56: =Source!DD27 -> *2 | H56: =ROUND(Source!AC27*Source!I27, 2) -> 1487.39 | J56: =IF(Source!BC27<> 0, Source!BC27, 1) -> 6.08 | K56: =Source!P27 -> 9043.35
C57: НР от ФОТ | D57: % | E57: =Source!BZ27 -> 123 | F57: =CONCATENATE(" )", Source!DL27, Source!FT27, "=", Source!FX27) -> )*0,9=110,7 | H57: =SUM(S52:S59) -> 23.31 | J57: =Source!AT27 -> 111 | K57: =SUM(T52:T59) -> 142.15
C58: СП от ФОТ | D58: % | E58: =Source!CA27 -> 75 | F58: =CONCATENATE(" )", Source!DM27, Source!FU27, "=", Source!FY27) -> )*0,85=63,75 | H58: =SUM(U52:U59) -> 13.43 | J58: =Source!AU27 -> 64 | K58: =SUM(V52:V59) -> 81.96
C59: Затраты труда | D59: чел-ч | E59: =Source!AQ27 -> 2.42 | G59: =Source!DI27 -> )*1,15*2)*1,2 | L59: =Source!U27 -> 2.4245496
G60: =H53+H54+H56+H57+H58 -> 1546.13 | J60: =K53+K54+K56+K57+K58 -> 9401.21 | L60: =Source!U27 -> 2.4245496 | O60: =G60 -> 1546.13 | P60: =J60 -> 9401.21 | Q60: =L60 -> 2.4245496 | W60: =IF(Source!BI27<=1,H53+H54+H56+H57+H58, 0) -> 1546.13 | X60: =IF(Source!BI27=2,H53+H54+H56+H57+H58, 0) -> 0 | Y60: =IF(Source!BI27=3,H53+H54+H56+H57+H58, 0) -> 0 | Z60: =IF(Source!BI27=4,H53+H54+H56+H57+H58, 0) -> 0
A61: =Source!E28 -> 5 | B61: =Source!F28 -> 11-01-036-01 | C61: =Source!G28 -> Устройство покрытий из линолеума на клее | D61: =Source!H28 -> 100 м2 | E61: =Source!I28 -> 0.363 | F61: =Source!AL28+Source!AM28+Source!AO28 -> 397.05 | I61: =Source!BO28 | S61: =ROUND((Source!FX28/100)*((ROUND(Source!AF28*Source!I28, 2)+ROUND(Source!AE28*Source!I28, 2))), 2) -> 201.74 | T61: =Source!X28 -> 1229.88 | U61: =ROUND((Source!FY28/100)*((ROUND(Source!AF28*Source!I28, 2)+ROUND(Source!AE28*Source!I28, 2))), 2) -> 116.18 | V61: =Source!Y28 -> 709.12
C62: Зарплата | F62: =Source!AO28 -> 352.34 | G62: =Source!DG28 -> )*1,15)*1,2 | H62: =ROUND(Source!AF28*Source!I28, 2) -> 176.5 | J62: =IF(Source!BA28<> 0, Source!BA28, 1) -> 6.08 | K62: =Source!S28 -> 1073.13 | R62: =H62 -> 176.5
C63: Эксплуатация машин | F63: =Source!AM28 -> 43.8 | G63: =Source!DE28 -> )*1,25)*1,2 | H63: =ROUND(Source!AD28*Source!I28, 2) -> 23.85 | J63: =IF(Source!BB28<> 0, Source!BB28, 1) -> 6.08 | K63: =Source!Q28 -> 145.02
C64: в т.ч. зарплата машинистов | F64: =Source!AN28 -> 10.53 | G64: =Source!DF28 -> )*1,25)*1,2 | H64: =ROUND(Source!AE28*Source!I28, 2) -> 5.74 | J64: =IF(Source!BS28<> 0, Source!BS28, 1) -> 6.08 | K64: =Source!R28 -> 34.87 | R64: =H64 -> 5.74
C65: Материальные ресурсы | F65: =Source!AL28 -> 0.91 | G65: =Source!DD28 | H65: =ROUND(Source!AC28*Source!I28, 2) -> 0.33 | J65: =IF(Source!BC28<> 0, Source!BC28, 1) -> 6.08 | K65: =Source!P28 -> 2.01
C66: НР от ФОТ | D66: % | E66: =Source!BZ28 -> 123 | F66: =CONCATENATE(" )", Source!DL28, Source!FT28, "=", Source!FX28) -> )*0,9=110,7 | H66: =SUM(S61:S72) -> 201.74 | J66: =Source!AT28 -> 111 | K66: =SUM(T61:T72) -> 1229.88
C67: СП от ФОТ | D67: % | E67: =Source!CA28 -> 75 | F67: =CONCATENATE(" )", Source!DM28, Source!FU28, "=", Source!FY28) -> )*0,85=63,75 | H67: =SUM(U61:U72) -> 116.18 | J67: =Source!AU28 -> 64 | K67: =SUM(V61:V72) -> 709.12
C68: Затраты труда | D68: чел-ч | E68: =Source!AQ28 -> 42.4 | G68: =Source!DI28 -> )*1,15)*1,2 | L68: =Source!U28 -> 21.239856
A69: =Source!E29 -> 5,1 | B69: =Source!F29 -> 01.6.03.04-0121 | C69: =Source!G29 -> Линолеум коммерческий гомогенный "ТАРКЕТТ iQ MONOLIT" (толщина 2 мм, класс 34/43, пож. безопасность Г1, В2, РП1, Д2, Т2) | D69: =Source!H29 -> м2 | E69: =Source!I29 -> 37.026 | F69: =Source!AL29+Source!AM29+Source!AO29 -> 176.21 | H69: =ROUND(Source!AC29*Source!I29, 2)+ROUND(Source!AD29*Source!I29, 2)+ROUND(Source!AF29*Source!I29, 2) -> 6524.35 | J69: =IF(Source!BC29<> 0, Source!BC29, 1) -> 6.08 | K69: =Source!O29 -> 39668.06 | S69: =ROUND((Source!FX29/100)*((ROUND(Source!AF29*Source!I29, 2)+ROUND(Source!AE29*Source!I29, 2))), 2) -> 0 | T69: =Source!X29 -> 0 | U69: =ROUND((Source!FY29/100)*((ROUND(Source!AF29*Source!I29, 2)+ROUND(Source!AE29*Source!I29, 2))), 2) -> 0 | V69: =Source!Y29 -> 0 | W69: =IF(Source!BI29<=1,H69, 0) -> 6524.35 | X69: =IF(Source!BI29=2,H69, 0) -> 0 | Y69: =IF(Source!BI29=3,H69, 0) -> 0 | Z69: =IF(Source!BI29=4,H69, 0) -> 0
A70: =Source!E30 -> 5,2 | B70: =Source!F30 -> 01.6.03.04 | C70: =Source!G30 -> Линолеум на теплозвукоизолирующей подоснове | D70: =Source!H30 -> м2 | E70: =Source!I30 -> 37.026 | F70: =Source!AL30+Source!AM30+Source!AO30 -> 0 | H70: =ROUND(Source!AC30*Source!I30, 2)+ROUND(Source!AD30*Source!I30, 2)+ROUND(Source!AF30*Source!I30, 2) -> 0 | J70: =IF(Source!BC30<> 0, Source!BC30, 1) -> 6.08 | K70: =Source!O30 -> 0 | S70: =ROUND((Source!FX30/100)*((ROUND(Source!AF30*Source!I30, 2)+ROUND(Source!AE30*Source!I30, 2))), 2) -> 0 | T70: =Source!X30 -> 0 | U70: =ROUND((Source!FY30/100)*((ROUND(Source!AF30*Source!I30, 2)+ROUND(Source!AE30*Source!I30, 2))), 2) -> 0 | V70: =Source!Y30 -> 0 | W70: =IF(Source!BI30<=1,H70, 0) -> 0 | X70: =IF(Source!BI30=2,H70, 0) -> 0 | Y70: =IF(Source!BI30=3,H70, 0) -> 0 | Z70: =IF(Source!BI30=4,H70, 0) -> 0
A71: =Source!E31 -> 5,3 | B71: =Source!F31 -> 14.1.02.04-0101 | C71: =Source!G31 -> Клей «Бустилат» | D71: =Source!H31 -> т | E71: =Source!I31 -> 0.01815 | F71: =Source!AL31+Source!AM31+Source!AO31 -> 11300 | H71: =ROUND(Source!AC31*Source!I31, 2)+ROUND(Source!AD31*Source!I31, 2)+ROUND(Source!AF31*Source!I31, 2) -> 205.1 | J71: =IF(Source!BC31<> 0, Source!BC31, 1) -> 6.08 | K71: =Source!O31 -> 1246.98 | S71: =ROUND((Source!FX31/100)*((ROUND(Source!AF31*Source!I31, 2)+ROUND(Source!AE31*Source!I31, 2))), 2) -> 0 | T71: =Source!X31 -> 0 | U71: =ROUND((Source!FY31/100)*((ROUND(Source!AF31*Source!I31, 2)+ROUND(Source!AE31*Source!I31, 2))), 2) -> 0 | V71: =Source!Y31 -> 0 | W71: =IF(Source!BI31<=1,H71, 0) -> 205.1 | X71: =IF(Source!BI31=2,H71, 0) -> 0 | Y71: =IF(Source!BI31=3,H71, 0) -> 0 | Z71: =IF(Source!BI31=4,H71, 0) -> 0
A72: =Source!E32 -> 5,4 | B72: =Source!F32 -> 14.1.06.05 | C72: =Source!G32 -> Состав клеящий | D72: =Source!H32 -> кг | E72: =Source!I32 -> 18.15 | F72: =Source!AL32+Source!AM32+Source!AO32 -> 0 | H72: =ROUND(Source!AC32*Source!I32, 2)+ROUND(Source!AD32*Source!I32, 2)+ROUND(Source!AF32*Source!I32, 2) -> 0 | J72: =IF(Source!BC32<> 0, Source!BC32, 1) -> 6.08 | K72: =Source!O32 -> 0 | S72: =ROUND((Source!FX32/100)*((ROUND(Source!AF32*Source!I32, 2)+ROUND(Source!AE32*Source!I32, 2))), 2) -> 0 | T72: =Source!X32 -> 0 | U72: =ROUND((Source!FY32/100)*((ROUND(Source!AF32*Source!I32, 2)+ROUND(Source!AE32*Source!I32, 2))), 2) -> 0 | V72: =Source!Y32 -> 0 | W72: =IF(Source!BI32<=1,H72, 0) -> 0 | X72: =IF(Source!BI32=2,H72, 0) -> 0 | Y72: =IF(Source!BI32=3,H72, 0) -> 0 | Z72: =IF(Source!BI32=4,H72, 0) -> 0
G73: =H62+H63+H65+H66+H67+SUM(H69:H72) -> 7248.05 | J73: =K62+K63+K65+K66+K67+SUM(K69:K72) -> 44074.2 | L73: =Source!U28 -> 21.239856 | O73: =G73 -> 7248.05 | P73: =J73 -> 44074.2 | Q73: =L73 -> 21.239856 | W73: =IF(Source!BI28<=1,H62+H63+H65+H66+H67, 0) -> 518.6 | X73: =IF(Source!BI28=2,H62+H63+H65+H66+H67, 0) -> 0 | Y73: =IF(Source!BI28=3,H62+H63+H65+H66+H67, 0) -> 0 | Z73: =IF(Source!BI28=4,H62+H63+H65+H66+H67, 0) -> 0
A74: =Source!E33 -> 6 | B74: =Source!F33 -> 11-01-040-01 | C74: =Source!G33 -> Устройство плинтусов поливинилхлоридных на клее КН-2 | D74: =Source!H33 -> 100 м | E74: =Source!I33 -> 0.23 | F74: =Source!AL33+Source!AM33+Source!AO33 -> 133.12 | I74: =Source!BO33 | S74: =ROUND((Source!FX33/100)*((ROUND(Source!AF33*Source!I33, 2)+ROUND(Source!AE33*Source!I33, 2))), 2) -> 31.05 | T74: =Source!X33 -> 189.35 | U74: =ROUND((Source!FY33/100)*((ROUND(Source!AF33*Source!I33, 2)+ROUND(Source!AE33*Source!I33, 2))), 2) -> 17.88 | V74: =Source!Y33 -> 109.18
C75: Зарплата | F75: =Source!AO33 -> 87.94 | G75: =Source!DG33 -> )*1,15)*1,2 | H75: =ROUND(Source!AF33*Source!I33, 2) -> 27.91 | J75: =IF(Source!BA33<> 0, Source!BA33, 1) -> 6.08 | K75: =Source!S33 -> 169.71 | R75: =H75 -> 27.91
C76: Эксплуатация машин | F76: =Source!AM33 -> 2.13 | G76: =Source!DE33 -> )*1,25)*1,2 | H76: =ROUND(Source!AD33*Source!I33, 2) -> 0.74 | J76: =IF(Source!BB33<> 0, Source!BB33, 1) -> 6.08 | K76: =Source!Q33 -> 4.47
C77: в т.ч. зарплата машинистов | F77: =Source!AN33 -> 0.42 | G77: =Source!DF33 -> )*1,25)*1,2 | H77: =ROUND(Source!AE33*Source!I33, 2) -> 0.14 | J77: =IF(Source!BS33<> 0, Source!BS33, 1) -> 6.08 | K77: =Source!R33 -> 0.88 | R77: =H77 -> 0.14
C78: Материальные ресурсы | F78: =Source!AL33 -> 43.05 | G78: =Source!DD33 | H78: =ROUND(Source!AC33*Source!I33, 2) -> 9.9 | J78: =IF(Source!BC33<> 0, Source!BC33, 1) -> 6.08 | K78: =Source!P33 -> 60.2
C79: НР от ФОТ | D79: % | E79: =Source!BZ33 -> 123 | F79: =CONCATENATE(" )", Source!DL33, Source!FT33, "=", Source!FX33) -> )*0,9=110,7 | H79: =SUM(S74:S83) -> 31.05 | J79: =Source!AT33 -> 111 | K79: =SUM(T74:T83) -> 189.35
C80: СП от ФОТ | D80: % | E80: =Source!CA33 -> 75 | F80: =CONCATENATE(" )", Source!DM33, Source!FU33, "=", Source!FY33) -> )*0,85=63,75 | H80: =SUM(U74:U83) -> 17.88 | J80: =Source!AU33 -> 64 | K80: =SUM(V74:V83) -> 109.18
C81: Затраты труда | D81: чел-ч | E81: =Source!AQ33 -> 9.01 | G81: =Source!DI33 -> )*1,15)*1,2 | L81: =Source!U33 -> 2.859774
A82: =Source!E34 -> 6,1 | B82: =Source!F34 -> 11.3.03.06-0001 | C82: =Source!G34 -> Плинтуса для полов пластиковые, 19х48 мм | D82: =Source!H34 -> м | E82: =Source!I34 -> 23.23 | F82: =Source!AL34+Source!AM34+Source!AO34 -> 12.3 | H82: =ROUND(Source!AC34*Source!I34, 2)+ROUND(Source!AD34*Source!I34, 2)+ROUND(Source!AF34*Source!I34, 2) -> 285.73 | J82: =IF(Source!BC34<> 0, Source!BC34, 1) -> 6.08 | K82: =Source!O34 -> 1737.23 | S82: =ROUND((Source!FX34/100)*((ROUND(Source!AF34*Source!I34, 2)+ROUND(Source!AE34*Source!I34, 2))), 2) -> 0 | T82: =Source!X34 -> 0 | U82: =ROUND((Source!FY34/100)*((ROUND(Source!AF34*Source!I34, 2)+ROUND(Source!AE34*Source!I34, 2))), 2) -> 0 | V82: =Source!Y34 -> 0 | W82: =IF(Source!BI34<=1,H82, 0) -> 285.73 | X82: =IF(Source!BI34=2,H82, 0) -> 0 | Y82: =IF(Source!BI34=3,H82, 0) -> 0 | Z82: =IF(Source!BI34=4,H82, 0) -> 0
A83: =Source!E35 -> 6,2 | B83: =Source!F35 -> 11.3.03.06 | C83: =Source!G35 -> Плинтуса для полов пластиковые | D83: =Source!H35 -> м | E83: =Source!I35 -> 23.23 | F83: =Source!AL35+Source!AM35+Source!AO35 -> 0 | H83: =ROUND(Source!AC35*Source!I35, 2)+ROUND(Source!AD35*Source!I35, 2)+ROUND(Source!AF35*Source!I35, 2) -> 0 | J83: =IF(Source!BC35<> 0, Source!BC35, 1) -> 6.08 | K83: =Source!O35 -> 0 | S83: =ROUND((Source!FX35/100)*((ROUND(Source!AF35*Source!I35, 2)+ROUND(Source!AE35*Source!I35, 2))), 2) -> 0 | T83: =Source!X35 -> 0 | U83: =ROUND((Source!FY35/100)*((ROUND(Source!AF35*Source!I35, 2)+ROUND(Source!AE35*Source!I35, 2))), 2) -> 0 | V83: =Source!Y35 -> 0 | W83: =IF(Source!BI35<=1,H83, 0) -> 0 | X83: =IF(Source!BI35=2,H83, 0) -> 0 | Y83: =IF(Source!BI35=3,H83, 0) -> 0 | Z83: =IF(Source!BI35=4,H83, 0) -> 0
G84: =H75+H76+H78+H79+H80+SUM(H82:H83) -> 373.21 | J84: =K75+K76+K78+K79+K80+SUM(K82:K83) -> 2270.14 | L84: =Source!U33 -> 2.859774 | O84: =G84 -> 373.21 | P84: =J84 -> 2270.14 | Q84: =L84 -> 2.859774 | W84: =IF(Source!BI33<=1,H75+H76+H78+H79+H80, 0) -> 87.48 | X84: =IF(Source!BI33=2,H75+H76+H78+H79+H80, 0) -> 0 | Y84: =IF(Source!BI33=3,H75+H76+H78+H79+H80, 0) -> 0 | Z84: =IF(Source!BI33=4,H75+H76+H78+H79+H80, 0) -> 0
A85: =Source!E36 -> 7 | B85: =Source!F36 -> 13-06-003-01 | C85: =Source!G36 -> Очистка поверхности щетками | D85: =Source!H36 -> м2 | E85: =Source!I36 -> 76.9 | F85: =Source!AL36+Source!AM36+Source!AO36 -> 7.68 | I85: =Source!BO36 | S85: =ROUND((Source!FX36/100)*((ROUND(Source!AF36*Source!I36, 2)+ROUND(Source!AE36*Source!I36, 2))), 2) -> 660.26 | T85: =Source!X36 -> 4014.4 | U85: =ROUND((Source!FY36/100)*((ROUND(Source!AF36*Source!I36, 2)+ROUND(Source!AE36*Source!I36, 2))), 2) -> 485.01 | V85: =Source!Y36 -> 2973.63
C86: Зарплата | F86: =Source!AO36 -> 7.68 | G86: =Source!DG36 -> )*1,15)*1,2 | H86: =ROUND(Source!AF36*Source!I36, 2) -> 815.14 | J86: =IF(Source!BA36<> 0, Source!BA36, 1) -> 6.08 | K86: =Source!S36 -> 4956.05 | R86: =H86 -> 815.14
C87: НР от ФОТ | D87: % | E87: =Source!BZ36 -> 90 | F87: =CONCATENATE(" )", Source!DL36, Source!FT36, "=", Source!FX36) -> )*0,9=81 | H87: =SUM(S85:S89) -> 660.26 | J87: =Source!AT36 -> 81 | K87: =SUM(T85:T89) -> 4014.4
C88: СП от ФОТ | D88: % | E88: =Source!CA36 -> 70 | F88: =CONCATENATE(" )", Source!DM36, Source!FU36, "=", Source!FY36) -> )*0,85=59,5 | H88: =SUM(U85:U89) -> 485.01 | J88: =Source!AU36 -> 60 | K88: =SUM(V85:V89) -> 2973.63
C89: Затраты труда | D89: чел-ч | E89: =Source!AQ36 -> 0.9 | G89: =Source!DI36 -> )*1,15)*1,2 | L89: =Source!U36 -> 95.5098
G90: =H86+H87+H88 -> 1960.41 | J90: =K86+K87+K88 -> 11944.08 | L90: =Source!U36 -> 95.5098 | O90: =G90 -> 1960.41 | P90: =J90 -> 11944.08 | Q90: =L90 -> 95.5098 | W90: =IF(Source!BI36<=1,H86+H87+H88, 0) -> 1960.41 | X90: =IF(Source!BI36=2,H86+H87+H88, 0) -> 0 | Y90: =IF(Source!BI36=3,H86+H87+H88, 0) -> 0 | Z90: =IF(Source!BI36=4,H86+H87+H88, 0) -> 0
A91: =Source!E37 -> 8 | B91: =Source!F37 -> 61-1-9 | C91: =Source!G37 -> Сплошное выравнивание внутренних поверхностей (однослойное оштукатуривание) из сухих растворных смесей толщиной до 10 мм для последующей окраски или оклейки обоями стен | D91: =Source!H37 -> 100 м2 | E91: =Source!I37 -> 0.769 | F91: =Source!AL37+Source!AM37+Source!AO37 -> 321.53 | I91: =Source!BO37 | S91: =ROUND((Source!FX37/100)*((ROUND(Source!AF37*Source!I37, 2)+ROUND(Source!AE37*Source!I37, 2))), 2) -> 190.33 | T91: =Source!X37 -> 1157.22 | U91: =ROUND((Source!FY37/100)*((ROUND(Source!AF37*Source!I37, 2)+ROUND(Source!AE37*Source!I37, 2))), 2) -> 120.47 | V91: =Source!Y37 -> 732.42
C92: Зарплата | F92: =Source!AO37 -> 303.12 | G92: =Source!DG37 | H92: =ROUND(Source!AF37*Source!I37, 2) -> 233.1 | J92: =IF(Source!BA37<> 0, Source!BA37, 1) -> 6.08 | K92: =Source!S37 -> 1417.24 | R92: =H92 -> 233.1
C93: Эксплуатация машин | F93: =Source!AM37 -> 17.16 | G93: =Source!DE37 | H93: =ROUND(Source!AD37*Source!I37, 2) -> 13.2 | J93: =IF(Source!BB37<> 0, Source!BB37, 1) -> 6.08 | K93: =Source!Q37 -> 80.23
C94: в т.ч. зарплата машинистов | F94: =Source!AN37 -> 10.18 | G94: =Source!DF37 | H94: =ROUND(Source!AE37*Source!I37, 2) -> 7.83 | J94: =IF(Source!BS37<> 0, Source!BS37, 1) -> 6.08 | K94: =Source!R37 -> 47.6 | R94: =H94 -> 7.83
C95: Материальные ресурсы | F95: =Source!AL37 -> 1.25 | G95: =Source!DD37 | H95: =ROUND(Source!AC37*Source!I37, 2) -> 0.96 | J95: =IF(Source!BC37<> 0, Source!BC37, 1) -> 6.08 | K95: =Source!P37 -> 5.84
C96: НР от ФОТ | D96: % | E96: =Source!BZ37 -> 79 | H96: =SUM(S91:S100) -> 190.33 | J96: =Source!AT37 -> 79 | K96: =SUM(T91:T100) -> 1157.22
C97: СП от ФОТ | D97: % | E97: =Source!CA37 -> 50 | H97: =SUM(U91:U100) -> 120.47 | J97: =Source!AU37 -> 50 | K97: =SUM(V91:V100) -> 732.42
C98: Затраты труда | D98: чел-ч | E98: =Source!AQ37 -> 35.83 | G98: =Source!DI37 | L98: =Source!U37 -> 27.55327
A99: =Source!E38 -> 8,1 | B99: =Source!F38 -> 04.3.02.12-0002 | C99: =Source!G38 -> Смесь сухая штукатурная цементно-известково-песчаная "БИРСС 15" (марка М100) | D99: =Source!H38 -> т | E99: =Source!I38 -> 0.657495 | F99: =Source!AL38+Source!AM38+Source!AO38 -> 931.37 | H99: =ROUND(Source!AC38*Source!I38, 2)+ROUND(Source!AD38*Source!I38, 2)+ROUND(Source!AF38*Source!I38, 2) -> 612.37 | J99: =IF(Source!BC38<> 0, Source!BC38, 1) -> 6.08 | K99: =Source!O38 -> 3723.22 | S99: =ROUND((Source!FX38/100)*((ROUND(Source!AF38*Source!I38, 2)+ROUND(Source!AE38*Source!I38, 2))), 2) -> 0 | T99: =Source!X38 -> 0 | U99: =ROUND((Source!FY38/100)*((ROUND(Source!AF38*Source!I38, 2)+ROUND(Source!AE38*Source!I38, 2))), 2) -> 0 | V99: =Source!Y38 -> 0 | W99: =IF(Source!BI38<=1,H99, 0) -> 612.37 | X99: =IF(Source!BI38=2,H99, 0) -> 0 | Y99: =IF(Source!BI38=3,H99, 0) -> 0 | Z99: =IF(Source!BI38=4,H99, 0) -> 0
A100: =Source!E39 -> 8,2 | B100: =Source!F39 -> 04.3.02.09 | C100: =Source!G39 -> Смеси на цементной основе | D100: =Source!H39 -> т | E100: =Source!I39 -> 0.657495 | F100: =Source!AL39+Source!AM39+Source!AO39 -> 0 | H100: =ROUND(Source!AC39*Source!I39, 2)+ROUND(Source!AD39*Source!I39, 2)+ROUND(Source!AF39*Source!I39, 2) -> 0 | J100: =IF(Source!BC39<> 0, Source!BC39, 1) -> 6.08 | K100: =Source!O39 -> 0 | S100: =ROUND((Source!FX39/100)*((ROUND(Source!AF39*Source!I39, 2)+ROUND(Source!AE39*Source!I39, 2))), 2) -> 0 | T100: =Source!X39 -> 0 | U100: =ROUND((Source!FY39/100)*((ROUND(Source!AF39*Source!I39, 2)+ROUND(Source!AE39*Source!I39, 2))), 2) -> 0 | V100: =Source!Y39 -> 0 | W100: =IF(Source!BI39<=1,H100, 0) -> 0 | X100: =IF(Source!BI39=2,H100, 0) -> 0 | Y100: =IF(Source!BI39=3,H100, 0) -> 0 | Z100: =IF(Source!BI39=4,H100, 0) -> 0
G101: =H92+H93+H95+H96+H97+SUM(H99:H100) -> 1170.43 | J101: =K92+K93+K95+K96+K97+SUM(K99:K100) -> 7116.17 | L101: =Source!U37 -> 27.55327 | O101: =G101 -> 1170.43 | P101: =J101 -> 7116.17 | Q101: =L101 -> 27.55327 | W101: =IF(Source!BI37<=1,H92+H93+H95+H96+H97, 0) -> 558.06 | X101: =IF(Source!BI37=2,H92+H93+H95+H96+H97, 0) -> 0 | Y101: =IF(Source!BI37=3,H92+H93+H95+H96+H97, 0) -> 0 | Z101: =IF(Source!BI37=4,H92+H93+H95+H96+H97, 0) -> 0
A102: =Source!E40 -> 9 | B102: =Source!F40 -> 15-04-006-03 | C102: =Source!G40 -> Покрытие поверхностей грунтовкой глубокого проникновения за 1 раз стен | D102: =Source!H40 -> 100 м2 | E102: =Source!I40 -> 0.769 | F102: =Source!AL40+Source!AM40+Source!AO40 -> 64.16 | I102: =Source!BO40 | S102: =ROUND((Source!FX40/100)*((ROUND(Source!AF40*Source!I40, 2)+ROUND(Source!AE40*Source!I40, 2))), 2) -> 63.47 | T102: =Source!X40 -> 387.94 | U102: =ROUND((Source!FY40/100)*((ROUND(Source!AF40*Source!I40, 2)+ROUND(Source!AE40*Source!I40, 2))), 2) -> 31.4 | V102: =Source!Y40 -> 191.93
C103: Зарплата | F103: =Source!AO40 -> 63.01 | G103: =Source!DG40 -> )*1,15)*1,2 | H103: =ROUND(Source!AF40*Source!I40, 2) -> 66.86 | J103: =IF(Source!BA40<> 0, Source!BA40, 1) -> 6.08 | K103: =Source!S40 -> 406.54 | R103: =H103 -> 66.86
C104: Эксплуатация машин | F104: =Source!AM40 -> 0.97 | G104: =Source!DE40 -> )*1,25)*1,2 | H104: =ROUND(Source!AD40*Source!I40, 2) -> 1.12 | J104: =IF(Source!BB40<> 0, Source!BB40, 1) -> 6.08 | K104: =Source!Q40 -> 6.83
C105: в т.ч. зарплата машинистов | F105: =Source!AN40 -> 0.26 | G105: =Source!DF40 -> )*1,25)*1,2 | H105: =ROUND(Source!AE40*Source!I40, 2) -> 0.3 | J105: =IF(Source!BS40<> 0, Source!BS40, 1) -> 6.08 | K105: =Source!R40 -> 1.82 | R105: =H105 -> 0.3
C106: Материальные ресурсы | F106: =Source!AL40 -> 0.18 | G106: =Source!DD40 | H106: =ROUND(Source!AC40*Source!I40, 2) -> 0.14 | J106: =IF(Source!BC40<> 0, Source!BC40, 1) -> 6.08 | K106: =Source!P40 -> 0.84
C107: НР от ФОТ | D107: % | E107: =Source!BZ40 -> 105 | F107: =CONCATENATE(" )", Source!DL40, Source!FT40, "=", Source!FX40) -> )*0,9=94,5 | H107: =SUM(S102:S111) -> 63.47 | J107: =Source!AT40 -> 95 | K107: =SUM(T102:T111) -> 387.94
C108: СП от ФОТ | D108: % | E108: =Source!CA40 -> 55 | F108: =CONCATENATE(" )", Source!DM40, Source!FU40, "=", Source!FY40) -> )*0,85=46,75 | H108: =SUM(U102:U111) -> 31.4 | J108: =Source!AU40 -> 47 | K108: =SUM(V102:V111) -> 191.93
C109: Затраты труда | D109: чел-ч | E109: =Source!AQ40 -> 6.55 | G109: =Source!DI40 -> )*1,15)*1,2 | L109: =Source!U40 -> 6.950991
A110: =Source!E41 -> 9,1 | B110: =Source!F41 -> 14.3.01.02-0102 | C110: =Source!G41 -> Грунтовка: водно-дисперсионная "БИРСС Бетон-контакт" | D110: =Source!H41 -> т | E110: =Source!I41 -> 0.009997 | F110: =Source!AL41+Source!AM41+Source!AO41 -> 18390.16 | H110: =ROUND(Source!AC41*Source!I41, 2)+ROUND(Source!AD41*Source!I41, 2)+ROUND(Source!AF41*Source!I41, 2) -> 183.85 | J110: =IF(Source!BC41<> 0, Source!BC41, 1) -> 6.08 | K110: =Source!O41 -> 1117.79 | S110: =ROUND((Source!FX41/100)*((ROUND(Source!AF41*Source!I41, 2)+ROUND(Source!AE41*Source!I41, 2))), 2) -> 0 | T110: =Source!X41 -> 0 | U110: =ROUND((Source!FY41/100)*((ROUND(Source!AF41*Source!I41, 2)+ROUND(Source!AE41*Source!I41, 2))), 2) -> 0 | V110: =Source!Y41 -> 0 | W110: =IF(Source!BI41<=1,H110, 0) -> 183.85 | X110: =IF(Source!BI41=2,H110, 0) -> 0 | Y110: =IF(Source!BI41=3,H110, 0) -> 0 | Z110: =IF(Source!BI41=4,H110, 0) -> 0
A111: =Source!E42 -> 9,2 | B111: =Source!F42 -> 14.4.01.21 | C111: =Source!G42 -> Грунтовка | D111: =Source!H42 -> т | E111: =Source!I42 -> 0.009997 | F111: =Source!AL42+Source!AM42+Source!AO42 -> 0 | H111: =ROUND(Source!AC42*Source!I42, 2)+ROUND(Source!AD42*Source!I42, 2)+ROUND(Source!AF42*Source!I42, 2) -> 0 | J111: =IF(Source!BC42<> 0, Source!BC42, 1) -> 6.08 | K111: =Source!O42 -> 0 | S111: =ROUND((Source!FX42/100)*((ROUND(Source!AF42*Source!I42, 2)+ROUND(Source!AE42*Source!I42, 2))), 2) -> 0 | T111: =Source!X42 -> 0 | U111: =ROUND((Source!FY42/100)*((ROUND(Source!AF42*Source!I42, 2)+ROUND(Source!AE42*Source!I42, 2))), 2) -> 0 | V111: =Source!Y42 -> 0 | W111: =IF(Source!BI42<=1,H111, 0) -> 0 | X111: =IF(Source!BI42=2,H111, 0) -> 0 | Y111: =IF(Source!BI42=3,H111, 0) -> 0 | Z111: =IF(Source!BI42=4,H111, 0) -> 0
G112: =H103+H104+H106+H107+H108+SUM(H110:H111) -> 346.84 | J112: =K103+K104+K106+K107+K108+SUM(K110:K111) -> 2111.87 | L112: =Source!U40 -> 6.950991 | O112: =G112 -> 346.84 | P112: =J112 -> 2111.87 | Q112: =L112 -> 6.950991 | W112: =IF(Source!BI40<=1,H103+H104+H106+H107+H108, 0) -> 162.99 | X112: =IF(Source!BI40=2,H103+H104+H106+H107+H108, 0) -> 0 | Y112: =IF(Source!BI40=3,H103+H104+H106+H107+H108, 0) -> 0 | Z112: =IF(Source!BI40=4,H103+H104+H106+H107+H108, 0) -> 0
...

Sheet Source
A1: 0 | B1: Smeta.RU (495) 974-1589 | D1: _PS_ | F1: 0 | G1: 0 | H1: 0 | I1: Smeta.RU | K1: 0 | L1: 13277 | M1: 10
A12: 1 | B12: 143 | C12: 0 | D12: =ROW(A85) -> 85 | E12: 0 | F12: Новый объект_(Копия) | G12: на капитальный ремонт помещения №37 лаборатории СХД в здании учебного корпуса Озёрского технологического института -филиала НИЯУ МИФИ по адресу: Челябинская обл.,г.Озёрск,проспект Победы,48 | I12: 0 | K12: 0 | O12: 0 | P12: 0 | Q12: 0 | R12: 0 | V12: 0 | BH12: Сметные нормы списания | BI12: Коды ценников | BJ12: 1 | BK12: 1 | BL12: 0 | BM12: 0 | BN12: 1 | BO12: 0 | BP12: 2 | BQ12: 2 | BR12: 1 | BS12: 1 | BT12: 0 | BU12: 0 | BV12: 0 | BW12: 0 | BX12: 0 | BY12: ФЕР-2017 | BZ12: ТР для Версии 10: Центральные регионы (с учетом п-ма 2536-ИП/12/ГС от 22.03.2017 г | CA12: ФЕР-2017 | CB12: ФЕР-2017 | CC12: ФЕР-2017 | CD12: ФЕР-2017 | CE12: Поправки для ГСН 2017 от 31.03.2017 г | CF12: 0 | CG12: 0 | CH12: 8 | CK12: 0 | EC12: 0
A15: 15 | B15: 1
A18: 52 | B18: =B85 -> 143 | C18: =C85 -> 1 | D18: =D85 -> 12 | E18: =E85 -> 0 | F18: =F85 -> Новый объект_(Копия) | G18: =G85 -> на капитальный ремонт помещения №37 лаборатории СХД в здании учебного корпуса Озёрского технологического института -филиала НИЯУ МИФИ по адресу: Челябинская обл.,г.Озёрск,проспект Победы,48 | O18: =O85 -> 102286.84 | P18: =P85 -> 89191.61 | Q18: =Q85 -> 366.57 | R18: =R85 -> 117.4 | S18: =S85 -> 12728.66 | T18: =T85 -> 0 | U18: =U85 -> 242.25641 | V18: =V85 -> 1.660045 | ... GX18: =GX85 -> 0
A20: 3 | B20: 1 | D20: =ROW(A53) -> 53 | F20: Новая локальная смета | G20: Новая локальная смета | I20: 0 | K20: 0 | V20: 0 | BX20: 0 | CF20: 0 | CG20: 0
A22: 52 | B22: =B53 -> 1 | C22: =C53 -> 3 | D22: =D53 -> 20 | E22: =E53 -> 0 | F22: =F53 -> Новая локальная смета | G22: =G53 -> Новая локальная смета | O22: =O53 -> 102286.84 | P22: =P53 -> 89191.61 | Q22: =Q53 -> 366.57 | R22: =R53 -> 117.4 | S22: =S53 -> 12728.66 | T22: =T53 -> 0 | U22: =U53 -> 242.25641 | V22: =V53 -> 1.660045 | ... GX22: =GX53 -> 0
A24: 17 | B24: 1 | C24: =ROW(SmtRes!A1) -> 1 | D24: =ROW(EtalonRes!A2) -> 2 | E24: 1 | F24: 57-3-1 | G24: Разборка плинтусов деревянных | H24: 100 м | I24: 0.23 | J24: 0 | O24: =ROUND(CP24,2) -> 41.13 | P24: =ROUND(CQ24*I24,2) -> 0 | Q24: =ROUND(CR24*I24,2) -> 0 | R24: =ROUND(CS24*I24,2) -> 0 | S24: =ROUND(CT24*I24,2) -> 41.13 | T24: =ROUND(CU24*I24,2) -> 0 | U24: =CV24*I24 -> 0.8671 | V24: =CW24*I24 -> 0 | W24: =ROUND(CX24*I24,2) -> 0 | X24: =ROUND(CY24,2) -> 32.9 | Y24: =ROUND(CZ24,2) -> 27.97 | AA24: 39102310 | AB24: =ROUND((AC24+AD24+AF24),2) -> 29.41 | AC24: =ROUND((ES24),2) -> 0 | AD24: =ROUND((((ET24)-(EU24))+AE24),2) -> 0 | AE24: =ROUND((EU24),2) -> 0 | AF24: =ROUND((EV24),2) -> 29.41 | AG24: =ROUND((AP24),2) -> 0 | AH24: =(EW24) -> 3.77 | AI24: =(EX24) -> 0 | AJ24: =ROUND((AS24),2) -> 0 | AK24: 29.41 | AL24: 0 | AM24: 0 | AN24: 0 | AO24: 29.41 | AP24: 0 | AQ24: 3.77 | AR24: 0 | AS24: 0 | AT24: 80 | AU24: 68 | AV24: 1 | AW24: 1 | AZ24: 6.08 | BA24: 6.08 | BB24: 6.08 | BC24: 6.08 | BH24: 0 | BI24: 1 | BJ24: ФЕР-2001, 57-3-1, приказ Минстроя России №1039/пр от 30.12.2016г. | BM24: 57001 | BN24: 0 | BP24: 0 | BQ24: 6 | BR24: 0 | BS24: 6.08 | BT24: 1 | BU24: 1 | BV24: 1 | BW24: 1 | BX24: 1 | BZ24: 80 | CA24: 68 | CF24: 0 | CG24: 0 | CM24: 0 | CO24: 0 | CP24: =(P24+Q24+S24) -> 41.13 | CQ24: =AC24*BC24 -> 0 | CR24: =AD24*BB24 -> 0 | CS24: =AE24*BS24 -> 0 | CT24: =AF24*BA24 -> 178.8128 | CU24: =AG24 -> 0 | CV24: =AH24 -> 3.77 | CW24: =AI24 -> 0 | CX24: =AJ24 -> 0 | CY24: =(((S24+R24)*AT24)/100) -> 32.904 | CZ24: =(((S24+R24)*AU24)/100) -> 27.9684 | DN24: 0 | DO24: 0 | DP24: 1 | DQ24: 1 | DU24: 1003 | DV24: 100 м | DW24: 100 м | DX24: 100 | EE24: 38092894 | EF24: 6 | EG24: Ремонтно-строительные работы | EH24: 0 | EJ24: 1 | EK24: 57001 | EL24: Полы | EM24: рФЕР-57 | EQ24: 0 | ER24: 29.41 | ES24: 0 | ET24: 0 | EU24: 0 | EV24: 29.41 | EW24: 3.77 | EX24: 0 | EY24: 0 | FQ24: 0 | FR24: =ROUND(IF(AND(BH24=3,BI24=3),P24,0),2) -> 0 | FS24: 0 | FX24: 80 | FY24: 68 | GD24: 0 | GF24: -1219653826 | GG24: 1 | GH24: 1 | GI24: 4 | GJ24: 0 | GK24: =ROUND(R24*(R12)/100,2) -> 0 | GL24: =ROUND(IF(AND(BH24=3,BI24=3,FS24<>0),P24,0),2) -> 0 | GM24: =ROUND(O24+X24+Y24+GK24,2)+GX24 -> 102 | GN24: =IF(OR(BI24=0,BI24=1),ROUND(O24+X24+Y24+GK24,2),0) -> 102 | GO24: =IF(BI24=2,ROUND(O24+X24+Y24+GK24,2),0) -> 0 | GP24: =IF(BI24=4,ROUND(O24+X24+Y24+GK24,2)+GX24,0) -> 0 | GR24: 0 | GS24: 3 | GT24: 0 | GV24: =ROUND(GT24,2) -> 0 | GW24: 1 | GX24: =ROUND(GV24*GW24*I24,2) -> 0 | HA24: 0 | HB24: 0 | IK24: 0
A25: 17 | B25: 1 | C25: =ROW(SmtRes!A4) -> 4 | D25: =ROW(EtalonRes!A6) -> 6 | E25: 2 | F25: 57-2-1 | G25: Разборка покрытий полов из линолеума | H25: 100 м2 | I25: 0.363 | J25: 0 | O25: =ROUND(CP25,2) -> 205.03 | P25: =ROUND(CQ25*I25,2) -> 0 | Q25: =ROUND(CR25*I25,2) -> 8.96 | R25: =ROUND(CS25*I25,2) -> 3.88 | S25: =ROUND(CT25*I25,2) -> 196.07 | T25: =ROUND(CU25*I25,2) -> 0 | U25: =CV25*I25 -> 4.13457 | V25: =CW25*I25 -> 0.04719 | W25: =ROUND(CX25*I25,2) -> 0 | X25: =ROUND(CY25,2) -> 159.96 | Y25: =ROUND(CZ25,2) -> 135.97 | AA25: 39102310 | AB25: =ROUND((AC25+AD25+AF25),2) -> 92.9 | AC25: =ROUND((ES25),2) -> 0 | AD25: =ROUND((((ET25)-(EU25))+AE25),2) -> 4.06 | AE25: =ROUND((EU25),2) -> 1.76 | AF25: =ROUND((EV25),2) -> 88.84 | AG25: =ROUND((AP25),2) -> 0 | AH25: =(EW25) -> 11.39 | AI25: =(EX25) -> 0.13 | AJ25: =ROUND((AS25),2) -> 0 | AK25: 92.9 | AL25: 0 | AM25: 4.06 | AN25: 1.76 | AO25: 88.84 | AP25: 0 | AQ25: 11.39 | AR25: 0.13 | AS25: 0 | AT25: 80 | AU25: 68 | AV25: 1 | AW25: 1 | AZ25: 6.08 | BA25: 6.08 | BB25: 6.08 | BC25: 6.08 | BH25: 0 | BI25: 1 | BJ25: ФЕР-2001, 57-2-1, приказ Минстроя России №1039/пр от 30.12.2016г. | BM25: 57001 | BN25: 0 | BP25: 0 | BQ25: 6 | BR25: 0 | BS25: 6.08 | BT25: 1 | BU25: 1 | BV25: 1 | BW25: 1 | BX25: 1 | BZ25: 80 | CA25: 68 | CF25: 0 | CG25: 0 | CM25: 0 | CO25: 0 | CP25: =(P25+Q25+S25) -> 205.03 | CQ25: =AC25*BC25 -> 0 | CR25: =AD25*BB25 -> 24.6848 | CS25: =AE25*BS25 -> 10.7008 | CT25: =AF25*BA25 -> 540.1472 | CU25: =AG25 -> 0 | CV25: =AH25 -> 11.39 | CW25: =AI25 -> 0.13 | CX25: =AJ25 -> 0 | CY25: =(((S25+R25)*AT25)/100) -> 159.96 | CZ25: =(((S25+R25)*AU25)/100) -> 135.966 | DN25: 0 | DO25: 0 | DP25: 1 | DQ25: 1 | DU25: 1005 | DV25: 100 м2 | DW25: 100 м2 | DX25: 100 | EE25: 38092894 | EF25: 6 | EG25: Ремонтно-строительные работы | EH25: 0 | EJ25: 1 | EK25: 57001 | EL25: Полы | EM25: рФЕР-57 | EQ25: 0 | ER25: 92.9 | ES25: 0 | ET25: 4.06 | EU25: 1.76 | EV25: 88.84 | EW25: 11.39 | EX25: 0.13 | EY25: 0 | FQ25: 0 | FR25: =ROUND(IF(AND(BH25=3,BI25=3),P25,0),2) -> 0 | FS25: 0 | FX25: 80 | FY25: 68 | GD25: 0 | GF25: 334444289 | GG25: 1 | GH25: 1 | GI25: 4 | GJ25: 0 | GK25: =ROUND(R25*(R12)/100,2) -> 0 | GL25: =ROUND(IF(AND(BH25=3,BI25=3,FS25<>0),P25,0),2) -> 0 | GM25: =ROUND(O25+X25+Y25+GK25,2)+GX25 -> 500.96 | GN25: =IF(OR(BI25=0,BI25=1),ROUND(O25+X25+Y25+GK25,2),0) -> 500.96 | GO25: =IF(BI25=2,ROUND(O25+X25+Y25+GK25,2),0) -> 0 | GP25: =IF(BI25=4,ROUND(O25+X25+Y25+GK25,2)+GX25,0) -> 0 | GR25: 0 | GS25: 3 | GT25: 0 | GV25: =ROUND(GT25,2) -> 0 | GW25: 1 | GX25: =ROUND(GV25*GW25*I25,2) -> 0 | HA25: 0 | HB25: 0 | IK25: 0
A26: 17 | B26: 1 | C26: =ROW(SmtRes!A11) -> 11 | D26: =ROW(EtalonRes!A13) -> 13 | E26: 3 | F26: 11-01-011-08 | G26: Устройство стяжек из выравнивающей смеси типа "Ветонит" 5000, толщиной 5 мм | H26: 100 м2 | I26: 0.363 | J26: 0 | O26: =ROUND(CP26,2) -> 24617.59 | P26: =ROUND(CQ26*I26,2) -> 23618.26 | Q26: =ROUND(CR26*I26,2) -> 20.64 | R26: =ROUND(CS26*I26,2) -> 6.53 | S26: =ROUND(CT26*I26,2) -> 978.69 | T26: =ROUND(CU26*I26,2) -> 0 | U26: =CV26*I26 -> 18.87041 | V26: =CW26*I26 -> 0.092565 | W26: =ROUND(CX26*I26,2) -> 0 | X26: =ROUND(CY26,2) -> 1093.59 | Y26: =ROUND(CZ26,2) -> 630.54 | AA26: 39102310 | AB26: =ROUND((AC26+AD26+AF26),2) -> 11154.12 | AC26: =ROUND((ES26),2) -> 10701.33 | AD26: =ROUND((((((ET26*1.25)*1.2))-(((EU26*1.25)*1.2)))+AE26),2) -> 9.35 | AE26: =ROUND((((EU26*1.25)*1.2)),2) -> 2.96 | AF26: =ROUND((((EV26*1.15)*1.2)),2) -> 443.44 | AG26: =ROUND((AP26),2) -> 0 | AH26: =(((EW26*1.15)*1.2)) -> 51.9846 | AI26: =(((EX26*1.25)*1.2)) -> 0.255 | AJ26: =ROUND((AS26),2) -> 0 | AK26: 11028.89 | AL26: 10701.33 | AM26: 6.23 | AN26: 1.97 | AO26: 321.33 | AP26: 0 | AQ26: 37.67 | AR26: 0.17 | AS26: 0 | AT26: 111 | AU26: 64 | AV26: 1 | AW26: 1 | AZ26: 6.08 | BA26: 6.08 | BB26: 6.08 | BC26: 6.08 | BH26: 0 | BI26: 1 | BJ26: ФЕР-2001, 11-01-011-08, приказ Минстроя России №1039/пр от 30.12.2016г. | BM26: 11001 | BN26: 0 | BP26: 0 | BQ26: 2 | BR26: 0 | BS26: 6.08 | BT26: 1 | BU26: 1 | BV26: 1 | BW26: 1 | BX26: 1 | BZ26: 123 | CA26: 75 | CF26: 0 | CG26: 0 | CM26: 0 | CN26: Поправка: МДС 81-35.2004, п.4.7 Наименование: Работы, выполняемые при реконструкции зданий и сооружений работы, аналогичные технологическим процессам в новом строительстве (в том числе возведение новых конструктивных элементов) стоимость которых определена по соответствующим сборникам ФЕР, кроме сборника № 46 «Работы при реконструкции зданий и сооружений» Поправка: МДС 81-35.2004, прил.1, т.3, п.1 Наименование: Производство ремонтных работ в существующих зданиях и сооружениях, освобожденных от оборудования и других предметов, мешающих нормальному производству работ. | CO26: 0 | CP26: =(P26+Q26+S26) -> 24617.59 | CQ26: =AC26*BC26 -> 65064.086 | CR26: =AD26*BB26 -> 56.848 | CS26: =AE26*BS26 -> 17.9968 | CT26: =AF26*BA26 -> 2696.1152 | CU26: =AG26 -> 0 | CV26: =AH26 -> 51.9846 | CW26: =AI26 -> 0.255 | CX26: =AJ26 -> 0 | CY26: =(((S26+R26)*AT26)/100) -> 1093.5942 | CZ26: =(((S26+R26)*AU26)/100) -> 630.5408 | DE26: )*1,25)*1,2 | DF26: )*1,25)*1,2 | DG26: )*1,15)*1,2 | DI26: )*1,15)*1,2 | DJ26: )*1,25)*1,2 | DN26: 0 | DO26: 0 | DP26: 1 | DQ26: 1 | DU26: 1005 | DV26: 100 м2 | DW26: 100 м2 | DX26: 100 | EE26: 38092816 | EF26: 2 | EG26: Общестроительные работы | EH26: 0 | EJ26: 1 | EK26: 11001 | EL26: Полы | EM26: ФЕР-11 | EO26: Поправка: МДС 81-35.2004, п.4.7 Поправка: МДС 81-35.2004, прил.1, т.3, п.1 | EQ26: 0 | ER26: 11028.89 | ES26: 10701.33 | ET26: 6.23 | EU26: 1.97 | EV26: 321.33 | EW26: 37.67 | EX26: 0.17 | EY26: 0 | FQ26: 0 | FR26: =ROUND(IF(AND(BH26=3,BI26=3),P26,0),2) -> 0 | FS26: 0 | FT26: *0,9 | FU26: *0,85 | FX26: 110.7 | FY26: 63.75 | GD26: 0 | GF26: 1715562049 | GG26: 1 | GH26: 1 | GI26: 4 | GJ26: 0 | GK26: =ROUND(R26*(R12)/100,2) -> 0 | GL26: =ROUND(IF(AND(BH26=3,BI26=3,FS26<>0),P26,0),2) -> 0 | GM26: =ROUND(O26+X26+Y26+GK26,2)+GX26 -> 26341.72 | GN26: =IF(OR(BI26=0,BI26=1),ROUND(O26+X26+Y26+GK26,2),0) -> 26341.72 | GO26: =IF(BI26=2,ROUND(O26+X26+Y26+GK26,2),0) -> 0 | GP26: =IF(BI26=4,ROUND(O26+X26+Y26+GK26,2)+GX26,0) -> 0 | GR26: 0 | GS26: 3 | GT26: 0 | GV26: =ROUND(GT26,2) -> 0 | GW26: 1 | GX26: =ROUND(GV26*GW26*I26,2) -> 0 | HA26: 0 | HB26: 0 | IK26: 0
A27: 17 | B27: 1 | C27: =ROW(SmtRes!A17) -> 17 | D27: =ROW(EtalonRes!A19) -> 19 | E27: 4 | F27: 11-01-011-10 | G27: Устройство стяжек на каждый последующий слой толщиной 1 мм добавлять к расценке 11-01-011-08 | H27: 100 м2 | I27: 0.363 | J27: 0 | O27: =ROUND(CP27,2) -> 9177.1 | P27: =ROUND(CQ27*I27,2) -> 9043.35 | Q27: =ROUND(CR27*I27,2) -> 8.01 | R27: =ROUND(CS27*I27,2) -> 2.32 | S27: =ROUND(CT27*I27,2) -> 125.74 | T27: =ROUND(CU27*I27,2) -> 0 | U27: =CV27*I27 -> 2.4245496 | V27: =CW27*I27 -> 0.03267 | W27: =ROUND(CX27*I27,2) -> 0 | X27: =ROUND(CY27,2) -> 142.15 | Y27: =ROUND(CZ27,2) -> 81.96 | AA27: 39102310 | AB27: =ROUND((AC27+AD27+AF27),2) -> 4158.1 | AC27: =ROUND(((ES27*2)),2) -> 4097.5 | AD27: =ROUND((((((ET27*1.25*2)*1.2))-(((EU27*1.25*2)*1.2)))+AE27),2) -> 3.63 | AE27: =ROUND((((EU27*1.25*2)*1.2)),2) -> 1.05 | AF27: =ROUND((((EV27*1.15*2)*1.2)),2) -> 56.97 | AG27: =ROUND((AP27),2) -> 0 | AH27: =(((EW27*1.15*2)*1.2)) -> 6.6792 | AI27: =(((EX27*1.25*2)*1.2)) -> 0.09 | AJ27: =ROUND((AS27),2) -> 0 | AK27: 2070.6 | AL27: 2048.75 | AM27: 1.21 | AN27: 0.35 | AO27: 20.64 | AP27: 0 | AQ27: 2.42 | AR27: 0.03 | AS27: 0 | AT27: 111 | AU27: 64 | AV27: 1 | AW27: 1 | AZ27: 6.08 | BA27: 6.08 | BB27: 6.08 | BC27: 6.08 | BH27: 0 | BI27: 1 | BJ27: ФЕР-2001, 11-01-011-10, приказ Минстроя России №1039/пр от 30.12.2016г. | BM27: 11001 | BN27: 0 | BP27: 0 | BQ27: 2 | BR27: 0 | BS27: 6.08 | BT27: 1 | BU27: 1 | BV27: 1 | BW27: 1 | BX27: 1 | BZ27: 123 | CA27: 75 | CF27: 0 | CG27: 0 | CM27: 0 | CN27: Поправка: МДС 81-35.2004, п.4.7 Наименование: Работы, выполняемые при реконструкции зданий и сооружений работы, аналогичные технологическим процессам в новом строительстве (в том числе возведение новых конструктивных элементов) стоимость которых определена по соответствующим сборникам ФЕР, кроме сборника № 46 «Работы при реконструкции зданий и сооружений» Поправка: МДС 81-35.2004, прил.1, т.1, п.2 Наименование: Производство строительных и других работ в существующих зданиях и сооружениях, освобожденных от оборудования и других предметов, мешающих нормальному производству работ. | CO27: 0 | CP27: =(P27+Q27+S27) -> 9177.1 | CQ27: =AC27*BC27 -> 24912.8 | CR27: =AD27*BB27 -> 22.0704 | CS27: =AE27*BS27 -> 6.384 | CT27: =AF27*BA27 -> 346.3776 | CU27: =AG27 -> 0 | CV27: =AH27 -> 6.6792 | CW27: =AI27 -> 0.09 | CX27: =AJ27 -> 0 | CY27: =(((S27+R27)*AT27)/100) -> 142.1466 | CZ27: =(((S27+R27)*AU27)/100) -> 81.9584 | DD27: *2 | DE27: )*1,25*2)*1,2 | DF27: )*1,25*2)*1,2 | DG27: )*1,15*2)*1,2 | DI27: )*1,15*2)*1,2 | DJ27: )*1,25*2)*1,2 | DN27: 0 | DO27: 0 | DP27: 1 | DQ27: 1 | DU27: 1005 | DV27: 100 м2 | DW27: 100 м2 | DX27: 100 | EE27: 38092816 | EF27: 2 | EG27: Общестроительные работы | EH27: 0 | EJ27: 1 | EK27: 11001 | EL27: Полы | EM27: ФЕР-11 | EO27: Поправка: МДС 81-35.2004, п.4.7 Поправка: МДС 81-35.2004, прил.1, т.1, п.2 | EQ27: 0 | ER27: 2070.6 | ES27: 2048.75 | ET27: 1.21 | EU27: 0.35 | EV27: 20.64 | EW27: 2.42 | EX27: 0.03 | EY27: 0 | FQ27: 0 | FR27: =ROUND(IF(AND(BH27=3,BI27=3),P27,0),2) -> 0 | FS27: 0 | FT27: *0,9 | FU27: *0,85 | FX27: 110.7 | FY27: 63.75 | GD27: 0 | GF27: 337317905 | GG27: 1 | GH27: 1 | GI27: 4 | GJ27: 0 | GK27: =ROUND(R27*(R12)/100,2) -> 0 | GL27: =ROUND(IF(AND(BH27=3,BI27=3,FS27<>0),P27,0),2) -> 0 | GM27: =ROUND(O27+X27+Y27+GK27,2)+GX27 -> 9401.21 | GN27: =IF(OR(BI27=0,BI27=1),ROUND(O27+X27+Y27+GK27,2),0) -> 9401.21 | GO27: =IF(BI27=2,ROUND(O27+X27+Y27+GK27,2),0) -> 0 | GP27: =IF(BI27=4,ROUND(O27+X27+Y27+GK27,2)+GX27,0) -> 0 | GR27: 0 | GS27: 3 | GT27: 0 | GV27: =ROUND(GT27,2) -> 0 | GW27: 1 | GX27: =ROUND(GV27*GW27*I27,2) -> 0 | HA27: 0 | HB27: 0 | IK27: 0
A28: 17 | B28: 1 | C28: =ROW(SmtRes!A26) -> 26 | D28: =ROW(EtalonRes!A26) -> 26 | E28: 5 | F28: 11-01-036-01 | G28: Устройство покрытий из линолеума на клее | H28: 100 м2 | I28: 0.363 | J28: 0 | O28: =ROUND(CP28,2) -> 1220.16 | P28: =ROUND(CQ28*I28,2) -> 2.01 | Q28: =ROUND(CR28*I28,2) -> 145.02 | R28: =ROUND(CS28*I28,2) -> 34.87 | S28: =ROUND(CT28*I28,2) -> 1073.13 | T28: =ROUND(CU28*I28,2) -> 0 | U28: =CV28*I28 -> 21.239856 | V28: =CW28*I28 -> 0.462825 | W28: =ROUND(CX28*I28,2) -> 0 | X28: =ROUND(CY28,2) -> 1229.88 | Y28: =ROUND(CZ28,2) -> 709.12 | AA28: 39102310 | AB28: =ROUND((AC28+AD28+AF28),2) -> 552.85 | AC28: =ROUND((ES28),2) -> 0.91 | AD28: =ROUND((((((ET28*1.25)*1.2))-(((EU28*1.25)*1.2)))+AE28),2) -> 65.71 | AE28: =ROUND((((EU28*1.25)*1.2)),2) -> 15.8 | AF28: =ROUND((((EV28*1.15)*1.2)),2) -> 486.23 | AG28: =ROUND((AP28),2) -> 0 | AH28: =(((EW28*1.15)*1.2)) -> 58.512 | AI28: =(((EX28*1.25)*1.2)) -> 1.275 | AJ28: =ROUND((AS28),2) -> 0 | AK28: 397.05 | AL28: 0.91 | AM28: 43.8 | AN28: 10.53 | AO28: 352.34 | AP28: 0 | AQ28: 42.4 | AR28: 0.85 | AS28: 0 | AT28: 111 | AU28: 64 | AV28: 1 | AW28: 1 | AZ28: 6.08 | BA28: 6.08 | BB28: 6.08 | BC28: 6.08 | BH28: 0 | BI28: 1 | BJ28: ФЕР-2001, 11-01-036-01, приказ Минстроя России №1039/пр от 30.12.2016г. | BM28: 11001 | BN28: 0 | BP28: 0 | BQ28: 2 | BR28: 0 | BS28: 6.08 | BT28: 1 | BU28: 1 | BV28: 1 | BW28: 1 | BX28: 1 | BZ28: 123 | CA28: 75 | CF28: 0 | CG28: 0 | CM28: 0 | CN28: Поправка: МДС 81-35.2004, п.4.7 Наименование: Работы, выполняемые при реконструкции зданий и сооружений работы, аналогичные технологическим процессам в новом строительстве (в том числе возведение новых конструктивных элементов) стоимость которых определена по соответствующим сборникам ФЕР, кроме сборника № 46 «Работы при реконструкции зданий и сооружений» Поправка: МДС 81-35.2004, прил.1, т.1, п.2 Наименование: Производство строительных и других работ в существующих зданиях и сооружениях, освобожденных от оборудования и других предметов, мешающих нормальному производству работ. | CO28: 0 | CP28: =(P28+Q28+S28) -> 1220.16 | CQ28: =AC28*BC28 -> 5.5328 | CR28: =AD28*BB28 -> 399.5168 | CS28: =AE28*BS28 -> 96.064 | CT28: =AF28*BA28 -> 2956.2784 | CU28: =AG28 -> 0 | CV28: =AH28 -> 58.512 | CW28: =AI28 -> 1.275 | CX28: =AJ28 -> 0 | CY28: =(((S28+R28)*AT28)/100) -> 1229.88 | CZ28: =(((S28+R28)*AU28)/100) -> 709.12 | DE28: )*1,25)*1,2 | DF28: )*1,25)*1,2 | DG28: )*1,15)*1,2 | DI28: )*1,15)*1,2 | DJ28: )*1,25)*1,2 | DN28: 0 | DO28: 0 | DP28: 1 | DQ28: 1 | DU28: 1005 | DV28: 100 м2 | DW28: 100 м2 | DX28: 100 | EE28: 38092816 | EF28: 2 | EG28: Общестроительные работы | EH28: 0 | EJ28: 1 | EK28: 11001 | EL28: Полы | EM28: ФЕР-11 | EO28: Поправка: МДС 81-35.2004, п.4.7 Поправка: МДС 81-35.2004, прил.1, т.1, п.2 | EQ28: 0 | ER28: 397.05 | ES28: 0.91 | ET28: 43.8 | EU28: 10.53 | EV28: 352.34 | EW28: 42.4 | EX28: 0.85 | EY28: 0 | FQ28: 0 | FR28: =ROUND(IF(AND(BH28=3,BI28=3),P28,0),2) -> 0 | FS28: 0 | FT28: *0,9 | FU28: *0,85 | FX28: 110.7 | FY28: 63.75 | GD28: 0 | GF28: 35623097 | GG28: 1 | GH28: 1 | GI28: 4 | GJ28: 0 | GK28: =ROUND(R28*(R12)/100,2) -> 0 | GL28: =ROUND(IF(AND(BH28=3,BI28=3,FS28<>0),P28,0),2) -> 0 | GM28: =ROUND(O28+X28+Y28+GK28,2)+GX28 -> 3159.16 | GN28: =IF(OR(BI28=0,BI28=1),ROUND(O28+X28+Y28+GK28,2),0) -> 3159.16 | GO28: =IF(BI28=2,ROUND(O28+X28+Y28+GK28,2),0) -> 0 | GP28: =IF(BI28=4,ROUND(O28+X28+Y28+GK28,2)+GX28,0) -> 0 | GR28: 0 | GS28: 3 | GT28: 0 | GV28: =ROUND(GT28,2) -> 0 | GW28: 1 | GX28: =ROUND(GV28*GW28*I28,2) -> 0 | HA28: 0 | HB28: 0 | IK28: 0
A29: 18 | B29: 1 | C29: 23 | E29: 5,1 | F29: 01.6.03.04-0121 | G29: Линолеум коммерческий гомогенный "ТАРКЕТТ iQ MONOLIT" (толщина 2 мм, класс 34/43, пож. безопасность Г1, В2, РП1, Д2, Т2) | H29: м2 | I29: =I28*J29 -> 37.026 | J29: 102 | O29: =ROUND(CP29,2) -> 39668.06 | P29: =ROUND(CQ29*I29,2) -> 39668.06 | Q29: =ROUND(CR29*I29,2) -> 0 | R29: =ROUND(CS29*I29,2) -> 0 | S29: =ROUND(CT29*I29,2) -> 0 | T29: =ROUND(CU29*I29,2) -> 0 | U29: =CV29*I29 -> 0 | V29: =CW29*I29 -> 0 | W29: =ROUND(CX29*I29,2) -> 0 | X29: =ROUND(CY29,2) -> 0 | Y29: =ROUND(CZ29,2) -> 0 | AA29: 39102310 | AB29: =ROUND((AC29+AD29+AF29),2) -> 176.21 | AC29: =ROUND((ES29),2) -> 176.21 | AD29: =ROUND((((ET29)-(EU29))+AE29),2) -> 0 | AE29: =ROUND((EU29),2) -> 0 | AF29: =ROUND((EV29),2) -> 0 | AG29: =ROUND((AP29),2) -> 0 | AH29: =(EW29) -> 0 | AI29: =(EX29) -> 0 | AJ29: =ROUND((AS29),2) -> 0 | AK29: 176.21 | AL29: 176.21 | AM29: 0 | AN29: 0 | AO29: 0 | AP29: 0 | AQ29: 0 | AR29: 0 | AS29: 0 | AT29: 111 | AU29: 64 | AV29: 1 | AW29: 1 | AZ29: 6.08 | BA29: 1 | BB29: 1 | BC29: 6.08 | BH29: 3 | BI29: 1 | BJ29: ФССЦ-2001, 01.6.03.04-0121, приказ Минстроя России №1039/пр от 30.12.2016г. | BM29: 11001 | BN29: 0 | BP29: 0 | BQ29: 2 | BR29: 0 | BS29: 1 | BT29: 1 | BU29: 1 | BV29: 1 | BW29: 1 | BX29: 1 | BZ29: 123 | CA29: 75 | CF29: 0 | CG29: 0 | CM29: 0 | CO29: 0 | CP29: =(P29+Q29+S29) -> 39668.06 | CQ29: =AC29*BC29 -> 1071.3568 | CR29: =AD29*BB29 -> 0 | CS29: =AE29*BS29 -> 0 | CT29: =AF29*BA29 -> 0 | CU29: =AG29 -> 0 | CV29: =AH29 -> 0 | CW29: =AI29 -> 0 | CX29: =AJ29 -> 0 | CY29: =(((S29+R29)*AT29)/100) -> 0 | CZ29: =(((S29+R29)*AU29)/100) -> 0 | DN29: 0 | DO29: 0 | DP29: 1 | DQ29: 1 | DU29: 1005 | DV29: м2 | DW29: м2 | DX29: 1 | EE29: 38092816 | EF29: 2 | EG29: Общестроительные работы | EH29: 0 | EJ29: 1 | EK29: 11001 | EL29: Полы | EM29: ФЕР-11 | EQ29: 0 | ER29: 176.21 | ES29: 176.21 | ET29: 0 | EU29: 0 | EV29: 0 | EW29: 0 | EX29: 0 | FQ29: 0 | FR29: =ROUND(IF(AND(BH29=3,BI29=3),P29,0),2) -> 0 | FS29: 0 | FT29: *0,9 | FU29: *0,85 | FX29: 110.7 | FY29: 63.75 | GD29: 0 | GF29: -1736667289 | GG29: 1 | GH29: 1 | GI29: 4 | GJ29: 0 | GK29: =ROUND(R29*(R12)/100,2) -> 0 | GL29: =ROUND(IF(AND(BH29=3,BI29=3,FS29<>0),P29,0),2) -> 0 | GM29: =ROUND(O29+X29+Y29+GK29,2)+GX29 -> 39668.06 | GN29: =IF(OR(BI29=0,BI29=1),ROUND(O29+X29+Y29+GK29,2),0) -> 39668.06 | GO29: =IF(BI29=2,ROUND(O29+X29+Y29+GK29,2),0) -> 0 | GP29: =IF(BI29=4,ROUND(O29+X29+Y29+GK29,2)+GX29,0) -> 0 | GR29: 0 | GS29: 3 | GT29: 0 | GV29: =ROUND(GT29,2) -> 0 | GW29: 1 | GX29: =ROUND(GV29*GW29*I29,2) -> 0 | HA29: 0 | HB29: 0 | IK29: 0
A30: 18 | B30: 1 | C30: 22 | E30: 5,2 | F30: 01.6.03.04 | G30: Линолеум на теплозвукоизолирующей подоснове | H30: м2 | I30: =I28*J30 -> 37.026 | J30: 102 | O30: =ROUND(CP30,2) -> 0 | P30: =ROUND(CQ30*I30,2) -> 0 | Q30: =ROUND(CR30*I30,2) -> 0 | R30: =ROUND(CS30*I30,2) -> 0 | S30: =ROUND(CT30*I30,2) -> 0 | T30: =ROUND(CU30*I30,2) -> 0 | U30: =CV30*I30 -> 0 | V30: =CW30*I30 -> 0 | W30: =ROUND(CX30*I30,2) -> 0 | X30: =ROUND(CY30,2) -> 0 | Y30: =ROUND(CZ30,2) -> 0 | AA30: 39102310 | AB30: =ROUND((AC30+AD30+AF30),2) -> 0 | AC30: =ROUND((ES30),2) -> 0 | AD30: =ROUND((((ET30)-(EU30))+AE30),2) -> 0 | AE30: =ROUND((EU30),2) -> 0 | AF30: =ROUND((EV30),2) -> 0 | AG30: =ROUND((AP30),2) -> 0 | AH30: =(EW30) -> 0 | AI30: =(EX30) -> 0 | AJ30: =ROUND((AS30),2) -> 0 | AK30: 0 | AL30: 0 | AM30: 0 | AN30: 0 | AO30: 0 | AP30: 0 | AQ30: 0 | AR30: 0 | AS30: 0 | AT30: 111 | AU30: 64 | AV30: 1 | AW30: 1 | AZ30: 6.08 | BA30: 1 | BB30: 1 | BC30: 6.08 | BH30: 3 | BI30: 1 | BM30: 11001 | BN30: 0 | BP30: 0 | BQ30: 2 | BR30: 0 | BS30: 1 | BT30: 1 | BU30: 1 | BV30: 1 | BW30: 1 | BX30: 1 | BZ30: 123 | CA30: 75 | CF30: 0 | CG30: 0 | CM30: 0 | CO30: 0 | CP30: =(P30+Q30+S30) -> 0 | CQ30: =AC30*BC30 -> 0 | CR30: =AD30*BB30 -> 0 | CS30: =AE30*BS30 -> 0 | CT30: =AF30*BA30 -> 0 | CU30: =AG30 -> 0 | CV30: =AH30 -> 0 | CW30: =AI30 -> 0 | CX30: =AJ30 -> 0 | CY30: =(((S30+R30)*AT30)/100) -> 0 | CZ30: =(((S30+R30)*AU30)/100) -> 0 | DN30: 0 | DO30: 0 | DP30: 1 | DQ30: 1 | DU30: 1005 | DV30: м2 | DW30: м2 | DX30: 1 | EE30: 38092816 | EF30: 2 | EG30: Общестроительные работы | EH30: 0 | EJ30: 1 | EK30: 11001 | EL30: Полы | EM30: ФЕР-11 | EQ30: 0 | ER30: 0 | ES30: 0 | ET30: 0 | EU30: 0 | EV30: 0 | EW30: 0 | EX30: 0 | FQ30: 0 | FR30: =ROUND(IF(AND(BH30=3,BI30=3),P30,0),2) -> 0 | FS30: 0 | FT30: *0,9 | FU30: *0,85 | FX30: 110.7 | FY30: 63.75 | GA30: занесена вручную | GD30: 0 | GF30: -919469713 | GG30: 1 | GH30: 1 | GI30: 4 | GJ30: 0 | GK30: =ROUND(R30*(R12)/100,2) -> 0 | GL30: =ROUND(IF(AND(BH30=3,BI30=3,FS30<>0),P30,0),2) -> 0 | GM30: =ROUND(O30+X30+Y30+GK30,2)+GX30 -> 0 | GN30: =IF(OR(BI30=0,BI30=1),ROUND(O30+X30+Y30+GK30,2),0) -> 0 | GO30: =IF(BI30=2,ROUND(O30+X30+Y30+GK30,2),0) -> 0 | GP30: =IF(BI30=4,ROUND(O30+X30+Y30+GK30,2)+GX30,0) -> 0 | GR30: 0 | GS30: 4 | GT30: 0 | GV30: =ROUND(GT30,2) -> 0 | GW30: 1 | GX30: =ROUND(GV30*GW30*I30,2) -> 0 | HA30: 0 | HB30: 0 | IK30: 0
A31: 18 | B31: 1 | C31: 25 | E31: 5,3 | F31: 14.1.02.04-0101 | G31: Клей «Бустилат» | H31: т | I31: =I28*J31 -> 0.01815 | J31: 0.05 | O31: =ROUND(CP31,2) -> 1246.98 | P31: =ROUND(CQ31*I31,2) -> 1246.98 | Q31: =ROUND(CR31*I31,2) -> 0 | R31: =ROUND(CS31*I31,2) -> 0 | S31: =ROUND(CT31*I31,2) -> 0 | T31: =ROUND(CU31*I31,2) -> 0 | U31: =CV31*I31 -> 0 | V31: =CW31*I31 -> 0 | W31: =ROUND(CX31*I31,2) -> 0 | X31: =ROUND(CY31,2) -> 0 | Y31: =ROUND(CZ31,2) -> 0 | AA31: 39102310 | AB31: =ROUND((AC31+AD31+AF31),2) -> 11300 | AC31: =ROUND((ES31),2) -> 11300 | AD31: =ROUND((((ET31)-(EU31))+AE31),2) -> 0 | AE31: =ROUND((EU31),2) -> 0 | AF31: =ROUND((EV31),2) -> 0 | AG31: =ROUND((AP31),2) -> 0 | AH31: =(EW31) -> 0 | AI31: =(EX31) -> 0 | AJ31: =ROUND((AS31),2) -> 0 | AK31: 11300 | AL31: 11300 | AM31: 0 | AN31: 0 | AO31: 0 | AP31: 0 | AQ31: 0 | AR31: 0 | AS31: 0 | AT31: 111 | AU31: 64 | AV31: 1 | AW31: 1 | AZ31: 6.08 | BA31: 1 | BB31: 1 | BC31: 6.08 | BH31: 3 | BI31: 1 | BJ31: ФССЦ-2001, 14.1.02.04-0101, приказ Минстроя России №1039/пр от 30.12.2016г. | BM31: 11001 | BN31: 0 | BP31: 0 | BQ31: 2 | BR31: 0 | BS31: 1 | BT31: 1 | BU31: 1 | BV31: 1 | BW31: 1 | BX31: 1 | BZ31: 123 | CA31: 75 | CF31: 0 | CG31: 0 | CM31: 0 | CO31: 0 | CP31: =(P31+Q31+S31) -> 1246.98 | CQ31: =AC31*BC31 -> 68704 | CR31: =AD31*BB31 -> 0 | CS31: =AE31*BS31 -> 0 | CT31: =AF31*BA31 -> 0 | CU31: =AG31 -> 0 | CV31: =AH31 -> 0 | CW31: =AI31 -> 0 | CX31: =AJ31 -> 0 | CY31: =(((S31+R31)*AT31)/100) -> 0 | CZ31: =(((S31+R31)*AU31)/100) -> 0 | DN31: 0 | DO31: 0 | DP31: 1 | DQ31: 1 | DU31: 1009 | DV31: т | DW31: т | DX31: 1000 | EE31: 38092816 | EF31: 2 | EG31: Общестроительные работы | EH31: 0 | EJ31: 1 | EK31: 11001 | EL31: Полы | EM31: ФЕР-11 | EQ31: 0 | ER31: 11300 | ES31: 11300 | ET31: 0 | EU31: 0 | EV31: 0 | EW31: 0 | EX31: 0 | FQ31: 0 | FR31: =ROUND(IF(AND(BH31=3,BI31=3),P31,0),2) -> 0 | FS31: 0 | FT31: *0,9 | FU31: *0,85 | FX31: 110.7 | FY31: 63.75 | GD31: 0 | GF31: 486476101 | GG31: 1 | GH31: 1 | GI31: 4 | GJ31: 0 | GK31: =ROUND(R31*(R12)/100,2) -> 0 | GL31: =ROUND(IF(AND(BH31=3,BI31=3,FS31<>0),P31,0),2) -> 0 | GM31: =ROUND(O31+X31+Y31+GK31,2)+GX31 -> 1246.98 | GN31: =IF(OR(BI31=0,BI31=1),ROUND(O31+X31+Y31+GK31,2),0) -> 1246.98 | GO31: =IF(BI31=2,ROUND(O31+X31+Y31+GK31,2),0) -> 0 | GP31: =IF(BI31=4,ROUND(O31+X31+Y31+GK31,2)+GX31,0) -> 0 | GR31: 0 | GS31: 3 | GT31: 0 | GV31: =ROUND(GT31,2) -> 0 | GW31: 1 | GX31: =ROUND(GV31*GW31*I31,2) -> 0 | HA31: 0 | HB31: 0 | IK31: 0
A32: 18 | B32: 1 | C32: 26 | E32: 5,4 | F32: 14.1.06.05 | G32: Состав клеящий | H32: кг | I32: =I28*J32 -> 18.15 | J32: 50 | O32: =ROUND(CP32,2) -> 0 | P32: =ROUND(CQ32*I32,2) -> 0 | Q32: =ROUND(CR32*I32,2) -> 0 | R32: =ROUND(CS32*I32,2) -> 0 | S32: =ROUND(CT32*I32,2) -> 0 | T32: =ROUND(CU32*I32,2) -> 0 | U32: =CV32*I32 -> 0 | V32: =CW32*I32 -> 0 | W32: =ROUND(CX32*I32,2) -> 0 | X32: =ROUND(CY32,2) -> 0 | Y32: =ROUND(CZ32,2) -> 0 | AA32: 39102310 | AB32: =ROUND((AC32+AD32+AF32),2) -> 0 | AC32: =ROUND((ES32),2) -> 0 | AD32: =ROUND((((ET32)-(EU32))+AE32),2) -> 0 | AE32: =ROUND((EU32),2) -> 0 | AF32: =ROUND((EV32),2) -> 0 | AG32: =ROUND((AP32),2) -> 0 | AH32: =(EW32) -> 0 | AI32: =(EX32) -> 0 | AJ32: =ROUND((AS32),2) -> 0 | AK32: 0 | AL32: 0 | AM32: 0 | AN32: 0 | AO32: 0 | AP32: 0 | AQ32: 0 | AR32: 0 | AS32: 0 | AT32: 111 | AU32: 64 | AV32: 1 | AW32: 1 | AZ32: 6.08 | BA32: 1 | BB32: 1 | BC32: 6.08 | BH32: 3 | BI32: 1 | BM32: 11001 | BN32: 0 | BP32: 0 | BQ32: 2 | BR32: 0 | BS32: 1 | BT32: 1 | BU32: 1 | BV32: 1 | BW32: 1 | BX32: 1 | BZ32: 123 | CA32: 75 | CF32: 0 | CG32: 0 | CM32: 0 | CO32: 0 | CP32: =(P32+Q32+S32) -> 0 | CQ32: =AC32*BC32 -> 0 | CR32: =AD32*BB32 -> 0 | CS32: =AE32*BS32 -> 0 | CT32: =AF32*BA32 -> 0 | CU32: =AG32 -> 0 | CV32: =AH32 -> 0 | CW32: =AI32 -> 0 | CX32: =AJ32 -> 0 | CY32: =(((S32+R32)*AT32)/100) -> 0 | CZ32: =(((S32+R32)*AU32)/100) -> 0 | DN32: 0 | DO32: 0 | DP32: 1 | DQ32: 1 | DU32: 1009 | DV32: кг | DW32: кг | DX32: 1 | EE32: 38092816 | EF32: 2 | EG32: Общестроительные работы | EH32: 0 | EJ32: 1 | EK32: 11001 | EL32: Полы | EM32: ФЕР-11 | EQ32: 0 | ER32: 0 | ES32: 0 | ET32: 0 | EU32: 0 | EV32: 0 | EW32: 0 | EX32: 0 | FQ32: 0 | FR32: =ROUND(IF(AND(BH32=3,BI32=3),P32,0),2) -> 0 | FS32: 0 | FT32: *0,9 | FU32: *0,85 | FX32: 110.7 | FY32: 63.75 | GA32: занесена вручную | GD32: 0 | GF32: 290394019 | GG32: 1 | GH32: 1 | GI32: 4 | GJ32: 0 | GK32: =ROUND(R32*(R12)/100,2) -> 0 | GL32: =ROUND(IF(AND(BH32=3,BI32=3,FS32<>0),P32,0),2) -> 0 | GM32: =ROUND(O32+X32+Y32+GK32,2)+GX32 -> 0 | GN32: =IF(OR(BI32=0,BI32=1),ROUND(O32+X32+Y32+GK32,2),0) -> 0 | GO32: =IF(BI32=2,ROUND(O32+X32+Y32+GK32,2),0) -> 0 | GP32: =IF(BI32=4,ROUND(O32+X32+Y32+GK32,2)+GX32,0) -> 0 | GR32: 0 | GS32: 4 | GT32: 0 | GV32: =ROUND(GT32,2) -> 0 | GW32: 1 | GX32: =ROUND(GV32*GW32*I32,2) -> 0 | HA32: 0 | HB32: 0 | IK32: 0
A33: 17 | B33: 1 | C33: =ROW(SmtRes!A33) -> 33 | D33: =ROW(EtalonRes!A32) -> 32 | E33: 6 | F33: 11-01-040-01 | G33: Устройство плинтусов поливинилхлоридных на клее КН-2 | H33: 100 м | I33: 0.23 | J33: 0 | O33: =ROUND(CP33,2) -> 234.38 | P33: =ROUND(CQ33*I33,2) -> 60.2 | Q33: =ROUND(CR33*I33,2) -> 4.47 | R33: =ROUND(CS33*I33,2) -> 0.88 | S33: =ROUND(CT33*I33,2) -> 169.71 | T33: =ROUND(CU33*I33,2) -> 0 | U33: =CV33*I33 -> 2.859774 | V33: =CW33*I33 -> 0.0138 | W33: =ROUND(CX33*I33,2) -> 0 | X33: =ROUND(CY33,2) -> 189.35 | Y33: =ROUND(CZ33,2) -> 109.18 | AA33: 39102310 | AB33: =ROUND((AC33+AD33+AF33),2) -> 167.61 | AC33: =ROUND((ES33),2) -> 43.05 | AD33: =ROUND((((((ET33*1.25)*1.2))-(((EU33*1.25)*1.2)))+AE33),2) -> 3.2 | AE33: =ROUND((((EU33*1.25)*1.2)),2) -> 0.63 | AF33: =ROUND((((EV33*1.15)*1.2)),2) -> 121.36 | AG33: =ROUND((AP33),2) -> 0 | AH33: =(((EW33*1.15)*1.2)) -> 12.4338 | AI33: =(((EX33*1.25)*1.2)) -> 0.06 | AJ33: =ROUND((AS33),2) -> 0 | AK33: 133.12 | AL33: 43.05 | AM33: 2.13 | AN33: 0.42 | AO33: 87.94 | AP33: 0 | AQ33: 9.01 | AR33: 0.04 | AS33: 0 | AT33: 111 | AU33: 64 | AV33: 1 | AW33: 1 | AZ33: 6.08 | BA33: 6.08 | BB33: 6.08 | BC33: 6.08 | BH33: 0 | BI33: 1 | BJ33: ФЕР-2001, 11-01-040-01, приказ Минстроя России №1039/пр от 30.12.2016г. | BM33: 11001 | BN33: 0 | BP33: 0 | BQ33: 2 | BR33: 0 | BS33: 6.08 | BT33: 1 | BU33: 1 | BV33: 1 | BW33: 1 | BX33: 1 | BZ33: 123 | CA33: 75 | CF33: 0 | CG33: 0 | CM33: 0 | CN33: Поправка: МДС 81-35.2004, п.4.7 Наименование: Работы, выполняемые при реконструкции зданий и сооружений работы, аналогичные технологическим процессам в новом строительстве (в том числе возведение новых конструктивных элементов) стоимость которых определена по соответствующим сборникам ФЕР, кроме сборника № 46 «Работы при реконструкции зданий и сооружений» Поправка: МДС 81-35.2004, прил.1, т.1, п.2 Наименование: Производство строительных и других работ в существующих зданиях и сооружениях, освобожденных от оборудования и других предметов, мешающих нормальному производству работ. | CO33: 0 | CP33: =(P33+Q33+S33) -> 234.38 | CQ33: =AC33*BC33 -> 261.744 | CR33: =AD33*BB33 -> 19.456 | CS33: =AE33*BS33 -> 3.8304 | CT33: =AF33*BA33 -> 737.8688 | CU33: =AG33 -> 0 | CV33: =AH33 -> 12.4338 | CW33: =AI33 -> 0.06 | CX33: =AJ33 -> 0 | CY33: =(((S33+R33)*AT33)/100) -> 189.3549 | CZ33: =(((S33+R33)*AU33)/100) -> 109.1776 | DE33: )*1,25)*1,2 | DF33: )*1,25)*1,2 | DG33: )*1,15)*1,2 | DI33: )*1,15)*1,2 | DJ33: )*1,25)*1,2 | DN33: 0 | DO33: 0 | DP33: 1 | DQ33: 1 | DU33: 1003 | DV33: 100 м | DW33: 100 м | DX33: 100 | EE33: 38092816 | EF33: 2 | EG33: Общестроительные работы | EH33: 0 | EJ33: 1 | EK33: 11001 | EL33: Полы | EM33: ФЕР-11 | EO33: Поправка: МДС 81-35.2004, п.4.7 Поправка: МДС 81-35.2004, прил.1, т.1, п.2 | EQ33: 0 | ER33: 133.12 | ES33: 43.05 | ET33: 2.13 | EU33: 0.42 | EV33: 87.94 | EW33: 9.01 | EX33: 0.04 | EY33: 0 | FQ33: 0 | FR33: =ROUND(IF(AND(BH33=3,BI33=3),P33,0),2) -> 0 | FS33: 0 | FT33: *0,9 | FU33: *0,85 | FX33: 110.7 | FY33: 63.75 | GD33: 0 | GF33: 1673334608 | GG33: 1 | GH33: 1 | GI33: 4 | GJ33: 0 | GK33: =ROUND(R33*(R12)/100,2) -> 0 | GL33: =ROUND(IF(AND(BH33=3,BI33=3,FS33<>0),P33,0),2) -> 0 | GM33: =ROUND(O33+X33+Y33+GK33,2)+GX33 -> 532.91 | GN33: =IF(OR(BI33=0,BI33=1),ROUND(O33+X33+Y33+GK33,2),0) -> 532.91 | GO33: =IF(BI33=2,ROUND(O33+X33+Y33+GK33,2),0) -> 0 | GP33: =IF(BI33=4,ROUND(O33+X33+Y33+GK33,2)+GX33,0) -> 0 | GR33: 0 | GS33: 3 | GT33: 0 | GV33: =ROUND(GT33,2) -> 0 | GW33: 1 | GX33: =ROUND(GV33*GW33*I33,2) -> 0 | HA33: 0 | HB33: 0 | IK33: 0
A34: 18 | B34: 1 | C34: 32 | E34: 6,1 | F34: 11.3.03.06-0001 | G34: Плинтуса для полов пластиковые, 19х48 мм | H34: м | I34: =I33*J34 -> 23.23 | J34: 101 | O34: =ROUND(CP34,2) -> 1737.23 | P34: =ROUND(CQ34*I34,2) -> 1737.23 | Q34: =ROUND(CR34*I34,2) -> 0 | R34: =ROUND(CS34*I34,2) -> 0 | S34: =ROUND(CT34*I34,2) -> 0 | T34: =ROUND(CU34*I34,2) -> 0 | U34: =CV34*I34 -> 0 | V34: =CW34*I34 -> 0 | W34: =ROUND(CX34*I34,2) -> 0 | X34: =ROUND(CY34,2) -> 0 | Y34: =ROUND(CZ34,2) -> 0 | AA34: 39102310 | AB34: =ROUND((AC34+AD34+AF34),2) -> 12.3 | AC34: =ROUND((ES34),2) -> 12.3 | AD34: =ROUND((((ET34)-(EU34))+AE34),2) -> 0 | AE34: =ROUND((EU34),2) -> 0 | AF34: =ROUND((EV34),2) -> 0 | AG34: =ROUND((AP34),2) -> 0 | AH34: =(EW34) -> 0 | AI34: =(EX34) -> 0 | AJ34: =ROUND((AS34),2) -> 0 | AK34: 12.3 | AL34: 12.3 | AM34: 0 | AN34: 0 | AO34: 0 | AP34: 0 | AQ34: 0 | AR34: 0 | AS34: 0 | AT34: 111 | AU34: 64 | AV34: 1 | AW34: 1 | AZ34: 6.08 | BA34: 1 | BB34: 1 | BC34: 6.08 | BH34: 3 | BI34: 1 | BJ34: ФССЦ-2001, 11.3.03.06-0001, приказ Минстроя России №1039/пр от 30.12.2016г. | BM34: 11001 | BN34: 0 | BP34: 0 | BQ34: 2 | BR34: 0 | BS34: 1 | BT34: 1 | BU34: 1 | BV34: 1 | BW34: 1 | BX34: 1 | BZ34: 123 | CA34: 75 | CF34: 0 | CG34: 0 | CM34: 0 | CO34: 0 | CP34: =(P34+Q34+S34) -> 1737.23 | CQ34: =AC34*BC34 -> 74.784 | CR34: =AD34*BB34 -> 0 | CS34: =AE34*BS34 -> 0 | CT34: =AF34*BA34 -> 0 | CU34: =AG34 -> 0 | CV34: =AH34 -> 0 | CW34: =AI34 -> 0 | CX34: =AJ34 -> 0 | CY34: =(((S34+R34)*AT34)/100) -> 0 | CZ34: =(((S34+R34)*AU34)/100) -> 0 | DN34: 0 | DO34: 0 | DP34: 1 | DQ34: 1 | DU34: 1003 | DV34: м | DW34: м | DX34: 1 | EE34: 38092816 | EF34: 2 | EG34: Общестроительные работы | EH34: 0 | EJ34: 1 | EK34: 11001 | EL34: Полы | EM34: ФЕР-11 | EQ34: 0 | ER34: 12.3 | ES34: 12.3 | ET34: 0 | EU34: 0 | EV34: 0 | EW34: 0 | EX34: 0 | FQ34: 0 | FR34: =ROUND(IF(AND(BH34=3,BI34=3),P34,0),2) -> 0 | FS34: 0 | FT34: *0,9 | FU34: *0,85 | FX34: 110.7 | FY34: 63.75 | GD34: 0 | GF34: 26470480 | GG34: 1 | GH34: 1 | GI34: 4 | GJ34: 0 | GK34: =ROUND(R34*(R12)/100,2) -> 0 | GL34: =ROUND(IF(AND(BH34=3,BI34=3,FS34<>0),P34,0),2) -> 0 | GM34: =ROUND(O34+X34+Y34+GK34,2)+GX34 -> 1737.23 | GN34: =IF(OR(BI34=0,BI34=1),ROUND(O34+X34+Y34+GK34,2),0) -> 1737.23 | GO34: =IF(BI34=2,ROUND(O34+X34+Y34+GK34,2),0) -> 0 | GP34: =IF(BI34=4,ROUND(O34+X34+Y34+GK34,2)+GX34,0) -> 0 | GR34: 0 | GS34: 3 | GT34: 0 | GV34: =ROUND(GT34,2) -> 0 | GW34: 1 | GX34: =ROUND(GV34*GW34*I34,2) -> 0 | HA34: 0 | HB34: 0 | IK34: 0
A35: 18 | B35: 1 | C35: 31 | E35: 6,2 | F35: 11.3.03.06 | G35: Плинтуса для полов пластиковые | H35: м | I35: =I33*J35 -> 23.23 | J35: 101 | O35: =ROUND(CP35,2) -> 0 | P35: =ROUND(CQ35*I35,2) -> 0 | Q35: =ROUND(CR35*I35,2) -> 0 | R35: =ROUND(CS35*I35,2) -> 0 | S35: =ROUND(CT35*I35,2) -> 0 | T35: =ROUND(CU35*I35,2) -> 0 | U35: =CV35*I35 -> 0 | V35: =CW35*I35 -> 0 | W35: =ROUND(CX35*I35,2) -> 0 | X35: =ROUND(CY35,2) -> 0 | Y35: =ROUND(CZ35,2) -> 0 | AA35: 39102310 | AB35: =ROUND((AC35+AD35+AF35),2) -> 0 | AC35: =ROUND((ES35),2) -> 0 | AD35: =ROUND((((ET35)-(EU35))+AE35),2) -> 0 | AE35: =ROUND((EU35),2) -> 0 | AF35: =ROUND((EV35),2) -> 0 | AG35: =ROUND((AP35),2) -> 0 | AH35: =(EW35) -> 0 | AI35: =(EX35) -> 0 | AJ35: =ROUND((AS35),2) -> 0 | AK35: 0 | AL35: 0 | AM35: 0 | AN35: 0 | AO35: 0 | AP35: 0 | AQ35: 0 | AR35: 0 | AS35: 0 | AT35: 111 | AU35: 64 | AV35: 1 | AW35: 1 | AZ35: 6.08 | BA35: 1 | BB35: 1 | BC35: 6.08 | BH35: 3 | BI35: 1 | BM35: 11001 | BN35: 0 | BP35: 0 | BQ35: 2 | BR35: 0 | BS35: 1 | BT35: 1 | BU35: 1 | BV35: 1 | BW35: 1 | BX35: 1 | BZ35: 123 | CA35: 75 | CF35: 0 | CG35: 0 | CM35: 0 | CO35: 0 | CP35: =(P35+Q35+S35) -> 0 | CQ35: =AC35*BC35 -> 0 | CR35: =AD35*BB35 -> 0 | CS35: =AE35*BS35 -> 0 | CT35: =AF35*BA35 -> 0 | CU35: =AG35 -> 0 | CV35: =AH35 -> 0 | CW35: =AI35 -> 0 | CX35: =AJ35 -> 0 | CY35: =(((S35+R35)*AT35)/100) -> 0 | CZ35: =(((S35+R35)*AU35)/100) -> 0 | DN35: 0 | DO35: 0 | DP35: 1 | DQ35: 1 | DU35: 1003 | DV35: м | DW35: м | DX35: 1 | EE35: 38092816 | EF35: 2 | EG35: Общестроительные работы | EH35: 0 | EJ35: 1 | EK35: 11001 | EL35: Полы | EM35: ФЕР-11 | EQ35: 0 | ER35: 0 | ES35: 0 | ET35: 0 | EU35: 0 | EV35: 0 | EW35: 0 | EX35: 0 | FQ35: 0 | FR35: =ROUND(IF(AND(BH35=3,BI35=3),P35,0),2) -> 0 | FS35: 0 | FT35: *0,9 | FU35: *0,85 | FX35: 110.7 | FY35: 63.75 | GA35: занесена вручную | GD35: 0 | GF35: -2049262376 | GG35: 1 | GH35: 1 | GI35: 4 | GJ35: 0 | GK35: =ROUND(R35*(R12)/100,2) -> 0 | GL35: =ROUND(IF(AND(BH35=3,BI35=3,FS35<>0),P35,0),2) -> 0 | GM35: =ROUND(O35+X35+Y35+GK35,2)+GX35 -> 0 | GN35: =IF(OR(BI35=0,BI35=1),ROUND(O35+X35+Y35+GK35,2),0) -> 0 | GO35: =IF(BI35=2,ROUND(O35+X35+Y35+GK35,2),0) -> 0 | GP35: =IF(BI35=4,ROUND(O35+X35+Y35+GK35,2)+GX35,0) -> 0 | GR35: 0 | GS35: 4 | GT35: 0 | GV35: =ROUND(GT35,2) -> 0 | GW35: 1 | GX35: =ROUND(GV35*GW35*I35,2) -> 0 | HA35: 0 | HB35: 0 | IK35: 0
A36: 17 | B36: 1 | C36: =ROW(SmtRes!A34) -> 34 | D36: =ROW(EtalonRes!A33) -> 33 | E36: 7 | F36: 13-06-003-01 | G36: Очистка поверхности щетками | H36: м2 | I36: 76.9 | J36: 0 | O36: =ROUND(CP36,2) -> 4956.05 | P36: =ROUND(CQ36*I36,2) -> 0 | Q36: =ROUND(CR36*I36,2) -> 0 | R36: =ROUND(CS36*I36,2) -> 0 | S36: =ROUND(CT36*I36,2) -> 4956.05 | T36: =ROUND(CU36*I36,2) -> 0 | U36: =CV36*I36 -> 95.5098 | V36: =CW36*I36 -> 0 | W36: =ROUND(CX36*I36,2) -> 0 | X36: =ROUND(CY36,2) -> 4014.4 | Y36: =ROUND(CZ36,2) -> 2973.63 | AA36: 39102310 | AB36: =ROUND((AC36+AD36+AF36),2) -> 10.6 | AC36: =ROUND((ES36),2) -> 0 | AD36: =ROUND((((((ET36*1.25)*1.2))-(((EU36*1.25)*1.2)))+AE36),2) -> 0 | AE36: =ROUND((((EU36*1.25)*1.2)),2) -> 0 | AF36: =ROUND((((EV36*1.15)*1.2)),2) -> 10.6 | AG36: =ROUND((AP36),2) -> 0 | AH36: =(((EW36*1.15)*1.2)) -> 1.242 | AI36: =(((EX36*1.25)*1.2)) -> 0 | AJ36: =ROUND((AS36),2) -> 0 | AK36: 7.68 | AL36: 0 | AM36: 0 | AN36: 0 | AO36: 7.68 | AP36: 0 | AQ36: 0.9 | AR36: 0 | AS36: 0 | AT36: 81 | AU36: 60 | AV36: 1 | AW36: 1 | AZ36: 6.08 | BA36: 6.08 | BB36: 6.08 | BC36: 6.08 | BH36: 0 | BI36: 1 | BJ36: ФЕР-2001, 13-06-003-01, приказ Минстроя России №1039/пр от 30.12.2016г. | BM36: 13001 | BN36: 0 | BP36: 0 | BQ36: 2 | BR36: 0 | BS36: 6.08 | BT36: 1 | BU36: 1 | BV36: 1 | BW36: 1 | BX36: 1 | BZ36: 90 | CA36: 70 | CF36: 0 | CG36: 0 | CM36: 0 | CN36: Поправка: МДС 81-35.2004, п.4.7 Наименование: Работы, выполняемые при реконструкции зданий и сооружений работы, аналогичные технологическим процессам в новом строительстве (в том числе возведение новых конструктивных элементов) стоимость которых определена по соответствующим сборникам ФЕР, кроме сборника № 46 «Работы при реконструкции зданий и сооружений» Поправка: МДС 81-35.2004, прил.1, т.1, п.2 Наименование: Производство строительных и других работ в существующих зданиях и сооружениях, освобожденных от оборудования и других предметов, мешающих нормальному производству работ. | CO36: 0 | CP36: =(P36+Q36+S36) -> 4956.05 | CQ36: =AC36*BC36 -> 0 | CR36: =AD36*BB36 -> 0 | CS36: =AE36*BS36 -> 0 | CT36: =AF36*BA36 -> 64.448 | CU36: =AG36 -> 0 | CV36: =AH36 -> 1.242 | CW36: =AI36 -> 0 | CX36: =AJ36 -> 0 | CY36: =(((S36+R36)*AT36)/100) -> 4014.4005 | CZ36: =(((S36+R36)*AU36)/100) -> 2973.63 | DE36: )*1,25)*1,2 | DF36: )*1,25)*1,2 | DG36: )*1,15)*1,2 | DI36: )*1,15)*1,2 | DJ36: )*1,25)*1,2 | DN36: 0 | DO36: 0 | DP36: 1 | DQ36: 1 | DU36: 1005 | DV36: м2 | DW36: м2 | DX36: 1 | EE36: 38092818 | EF36: 2 | EG36: Общестроительные работы | EH36: 0 | EJ36: 1 | EK36: 13001 | EL36: Защита строительных конструкций | EM36: ФЕР-13 | EO36: Поправка: МДС 81-35.2004, п.4.7 Поправка: МДС 81-35.2004, прил.1, т.1, п.2 | EQ36: 0 | ER36: 7.68 | ES36: 0 | ET36: 0 | EU36: 0 | EV36: 7.68 | EW36: 0.9 | EX36: 0 | EY36: 0 | FQ36: 0 | FR36: =ROUND(IF(AND(BH36=3,BI36=3),P36,0),2) -> 0 | FS36: 0 | FT36: *0,9 | FU36: *0,85 | FX36: 81 | FY36: 59.5 | GD36: 0 | GF36: 1256725681 | GG36: 1 | GH36: 1 | GI36: 4 | GJ36: 0 | GK36: =ROUND(R36*(R12)/100,2) -> 0 | GL36: =ROUND(IF(AND(BH36=3,BI36=3,FS36<>0),P36,0),2) -> 0 | GM36: =ROUND(O36+X36+Y36+GK36,2)+GX36 -> 11944.08 | GN36: =IF(OR(BI36=0,BI36=1),ROUND(O36+X36+Y36+GK36,2),0) -> 11944.08 | GO36: =IF(BI36=2,ROUND(O36+X36+Y36+GK36,2),0) -> 0 | GP36: =IF(BI36=4,ROUND(O36+X36+Y36+GK36,2)+GX36,0) -> 0 | GR36: 0 | GS36: 3 | GT36: 0 | GV36: =ROUND(GT36,2) -> 0 | GW36: 1 | GX36: =ROUND(GV36*GW36*I36,2) -> 0 | HA36: 0 | HB36: 0 | IK36: 0
A37: 17 | B37: 1 | C37: =ROW(SmtRes!A42) -> 42 | D37: =ROW(EtalonRes!A41) -> 41 | E37: 8 | F37: 61-1-9 | G37: Сплошное выравнивание внутренних поверхностей (однослойное оштукатуривание) из сухих растворных смесей толщиной до 10 мм для последующей окраски или оклейки обоями стен | H37: 100 м2 | I37: 0.769 | J37: 0 | O37: =ROUND(CP37,2) -> 1503.31 | P37: =ROUND(CQ37*I37,2) -> 5.84 | Q37: =ROUND(CR37*I37,2) -> 80.23 | R37: =ROUND(CS37*I37,2) -> 47.6 | S37: =ROUND(CT37*I37,2) -> 1417.24 | T37: =ROUND(CU37*I37,2) -> 0 | U37: =CV37*I37 -> 27.55327 | V37: =CW37*I37 -> 0.72286 | W37: =ROUND(CX37*I37,2) -> 0 | X37: =ROUND(CY37,2) -> 1157.22 | Y37: =ROUND(CZ37,2) -> 732.42 | AA37: 39102310 | AB37: =ROUND((AC37+AD37+AF37),2) -> 321.53 | AC37: =ROUND((ES37),2) -> 1.25 | AD37: =ROUND((((ET37)-(EU37))+AE37),2) -> 17.16 | AE37: =ROUND((EU37),2) -> 10.18 | AF37: =ROUND((EV37),2) -> 303.12 | AG37: =ROUND((AP37),2) -> 0 | AH37: =(EW37) -> 35.83 | AI37: =(EX37) -> 0.94 | AJ37: =ROUND((AS37),2) -> 0 | AK37: 321.53 | AL37: 1.25 | AM37: 17.16 | AN37: 10.18 | AO37: 303.12 | AP37: 0 | AQ37: 35.83 | AR37: 0.94 | AS37: 0 | AT37: 79 | AU37: 50 | AV37: 1 | AW37: 1 | AZ37: 6.08 | BA37: 6.08 | BB37: 6.08 | BC37: 6.08 | BH37: 0 | BI37: 1 | BJ37: ФЕР-2001, 61-1-9, приказ Минстроя России №1039/пр от 30.12.2016г. | BM37: 61001 | BN37: 0 | BP37: 0 | BQ37: 6 | BR37: 0 | BS37: 6.08 | BT37: 1 | BU37: 1 | BV37: 1 | BW37: 1 | BX37: 1 | BZ37: 79 | CA37: 50 | CF37: 0 | CG37: 0 | CM37: 0 | CO37: 0 | CP37: =(P37+Q37+S37) -> 1503.31 | CQ37: =AC37*BC37 -> 7.6 | CR37: =AD37*BB37 -> 104.3328 | CS37: =AE37*BS37 -> 61.8944 | CT37: =AF37*BA37 -> 1842.9696 | CU37: =AG37 -> 0 | CV37: =AH37 -> 35.83 | CW37: =AI37 -> 0.94 | CX37: =AJ37 -> 0 | CY37: =(((S37+R37)*AT37)/100) -> 1157.2236 | CZ37: =(((S37+R37)*AU37)/100) -> 732.42 | DN37: 0 | DO37: 0 | DP37: 1 | DQ37: 1 | DU37: 1005 | DV37: 100 м2 | DW37: 100 м2 | DX37: 100 | EE37: 38092898 | EF37: 6 | EG37: Ремонтно-строительные работы | EH37: 0 | EJ37: 1 | EK37: 61001 | EL37: Штукатрурные работы | EM37: рФЕР-61 | EQ37: 0 | ER37: 321.53 | ES37: 1.25 | ET37: 17.16 | EU37: 10.18 | EV37: 303.12 | EW37: 35.83 | EX37: 0.94 | EY37: 0 | FQ37: 0 | FR37: =ROUND(IF(AND(BH37=3,BI37=3),P37,0),2) -> 0 | FS37: 0 | FX37: 79 | FY37: 50 | GD37: 0 | GF37: 23825336 | GG37: 1 | GH37: 1 | GI37: 4 | GJ37: 0 | GK37: =ROUND(R37*(R12)/100,2) -> 0 | GL37: =ROUND(IF(AND(BH37=3,BI37=3,FS37<>0),P37,0),2) -> 0 | GM37: =ROUND(O37+X37+Y37+GK37,2)+GX37 -> 3392.95 | GN37: =IF(OR(BI37=0,BI37=1),ROUND(O37+X37+Y37+GK37,2),0) -> 3392.95 | GO37: =IF(BI37=2,ROUND(O37+X37+Y37+GK37,2),0) -> 0 | GP37: =IF(BI37=4,ROUND(O37+X37+Y37+GK37,2)+GX37,0) -> 0 | GR37: 0 | GS37: 3 | GT37: 0 | GV37: =ROUND(GT37,2) -> 0 | GW37: 1 | GX37: =ROUND(GV37*GW37*I37,2) -> 0 | HA37: 0 | HB37: 0 | IK37: 0
A38: 18 | B38: 1 | C38: 42 | E38: 8,1 | F38: 04.3.02.12-0002 | G38: Смесь сухая штукатурная цементно-известково-песчаная "БИРСС 15" (марка М100) | H38: т | I38: =I37*J38 -> 0.657495 | J38: 0.855 | O38: =ROUND(CP38,2) -> 3723.22 | P38: =ROUND(CQ38*I38,2) -> 3723.22 | Q38: =ROUND(CR38*I38,2) -> 0 | R38: =ROUND(CS38*I38,2) -> 0 | S38: =ROUND(CT38*I38,2) -> 0 | T38: =ROUND(CU38*I38,2) -> 0 | U38: =CV38*I38 -> 0 | V38: =CW38*I38 -> 0 | W38: =ROUND(CX38*I38,2) -> 0 | X38: =ROUND(CY38,2) -> 0 | Y38: =ROUND(CZ38,2) -> 0 | AA38: 39102310 | AB38: =ROUND((AC38+AD38+AF38),2) -> 931.37 | AC38: =ROUND((ES38),2) -> 931.37 | AD38: =ROUND((((ET38)-(EU38))+AE38),2) -> 0 | AE38: =ROUND((EU38),2) -> 0 | AF38: =ROUND((EV38),2) -> 0 | AG38: =ROUND((AP38),2) -> 0 | AH38: =(EW38) -> 0 | AI38: =(EX38) -> 0 | AJ38: =ROUND((AS38),2) -> 0 | AK38: 931.37 | AL38: 931.37 | AM38: 0 | AN38: 0 | AO38: 0 | AP38: 0 | AQ38: 0 | AR38: 0 | AS38: 0 | AT38: 79 | AU38: 50 | AV38: 1 | AW38: 1 | AZ38: 6.08 | BA38: 1 | BB38: 1 | BC38: 6.08 | BH38: 3 | BI38: 1 | BJ38: ФССЦ-2001, 04.3.02.12-0002, приказ Минстроя России №1039/пр от 30.12.2016г. | BM38: 61001 | BN38: 0 | BP38: 0 | BQ38: 6 | BR38: 0 | BS38: 1 | BT38: 1 | BU38: 1 | BV38: 1 | BW38: 1 | BX38: 1 | BZ38: 79 | CA38: 50 | CF38: 0 | CG38: 0 | CM38: 0 | CO38: 0 | CP38: =(P38+Q38+S38) -> 3723.22 | CQ38: =AC38*BC38 -> 5662.7296 | CR38: =AD38*BB38 -> 0 | CS38: =AE38*BS38 -> 0 | CT38: =AF38*BA38 -> 0 | CU38: =AG38 -> 0 | CV38: =AH38 -> 0 | CW38: =AI38 -> 0 | CX38: =AJ38 -> 0 | CY38: =(((S38+R38)*AT38)/100) -> 0 | CZ38: =(((S38+R38)*AU38)/100) -> 0 | DN38: 0 | DO38: 0 | DP38: 1 | DQ38: 1 | DU38: 1009 | DV38: т | DW38: т | DX38: 1000 | EE38: 38092898 | EF38: 6 | EG38: Ремонтно-строительные работы | EH38: 0 | EJ38: 1 | EK38: 61001 | EL38: Штукатрурные работы | EM38: рФЕР-61 | EQ38: 0 | ER38: 931.37 | ES38: 931.37 | ET38: 0 | EU38: 0 | EV38: 0 | EW38: 0 | EX38: 0 | FQ38: 0 | FR38: =ROUND(IF(AND(BH38=3,BI38=3),P38,0),2) -> 0 | FS38: 0 | FX38: 79 | FY38: 50 | GD38: 0 | GF38: -791558573 | GG38: 1 | GH38: 1 | GI38: 4 | GJ38: 0 | GK38: =ROUND(R38*(R12)/100,2) -> 0 | GL38: =ROUND(IF(AND(BH38=3,BI38=3,FS38<>0),P38,0),2) -> 0 | GM38: =ROUND(O38+X38+Y38+GK38,2)+GX38 -> 3723.22 | GN38: =IF(OR(BI38=0,BI38=1),ROUND(O38+X38+Y38+GK38,2),0) -> 3723.22 | GO38: =IF(BI38=2,ROUND(O38+X38+Y38+GK38,2),0) -> 0 | GP38: =IF(BI38=4,ROUND(O38+X38+Y38+GK38,2)+GX38,0) -> 0 | GR38: 0 | GS38: 3 | GT38: 0 | GV38: =ROUND(GT38,2) -> 0 | GW38: 1 | GX38: =ROUND(GV38*GW38*I38,2) -> 0 | HA38: 0 | HB38: 0 | IK38: 0
A39: 18 | B39: 1 | C39: 41 | E39: 8,2 | F39: 04.3.02.09 | G39: Смеси на цементной основе | H39: т | I39: =I37*J39 -> 0.657495 | J39: 0.855 | O39: =ROUND(CP39,2) -> 0 | P39: =ROUND(CQ39*I39,2) -> 0 | Q39: =ROUND(CR39*I39,2) -> 0 | R39: =ROUND(CS39*I39,2) -> 0 | S39: =ROUND(CT39*I39,2) -> 0 | T39: =ROUND(CU39*I39,2) -> 0 | U39: =CV39*I39 -> 0 | V39: =CW39*I39 -> 0 | W39: =ROUND(CX39*I39,2) -> 0 | X39: =ROUND(CY39,2) -> 0 | Y39: =ROUND(CZ39,2) -> 0 | AA39: 39102310 | AB39: =ROUND((AC39+AD39+AF39),2) -> 0 | AC39: =ROUND((ES39),2) -> 0 | AD39: =ROUND((((ET39)-(EU39))+AE39),2) -> 0 | AE39: =ROUND((EU39),2) -> 0 | AF39: =ROUND((EV39),2) -> 0 | AG39: =ROUND((AP39),2) -> 0 | AH39: =(EW39) -> 0 | AI39: =(EX39) -> 0 | AJ39: =ROUND((AS39),2) -> 0 | AK39: 0 | AL39: 0 | AM39: 0 | AN39: 0 | AO39: 0 | AP39: 0 | AQ39: 0 | AR39: 0 | AS39: 0 | AT39: 79 | AU39: 50 | AV39: 1 | AW39: 1 | AZ39: 6.08 | BA39: 1 | BB39: 1 | BC39: 6.08 | BH39: 3 | BI39: 1 | BM39: 61001 | BN39: 0 | BP39: 0 | BQ39: 6 | BR39: 0 | BS39: 1 | BT39: 1 | BU39: 1 | BV39: 1 | BW39: 1 | BX39: 1 | BZ39: 79 | CA39: 50 | CF39: 0 | CG39: 0 | CM39: 0 | CO39: 0 | CP39: =(P39+Q39+S39) -> 0 | CQ39: =AC39*BC39 -> 0 | CR39: =AD39*BB39 -> 0 | CS39: =AE39*BS39 -> 0 | CT39: =AF39*BA39 -> 0 | CU39: =AG39 -> 0 | CV39: =AH39 -> 0 | CW39: =AI39 -> 0 | CX39: =AJ39 -> 0 | CY39: =(((S39+R39)*AT39)/100) -> 0 | CZ39: =(((S39+R39)*AU39)/100) -> 0 | DN39: 0 | DO39: 0 | DP39: 1 | DQ39: 1 | DU39: 1009 | DV39: т | DW39: т | DX39: 1000 | EE39: 38092898 | EF39: 6 | EG39: Ремонтно-строительные работы | EH39: 0 | EJ39: 1 | EK39: 61001 | EL39: Штукатрурные работы | EM39: рФЕР-61 | EQ39: 0 | ER39: 0 | ES39: 0 | ET39: 0 | EU39: 0 | EV39: 0 | EW39: 0 | EX39: 0 | FQ39: 0 | FR39: =ROUND(IF(AND(BH39=3,BI39=3),P39,0),2) -> 0 | FS39: 0 | FX39: 79 | FY39: 50 | GA39: занесена вручную | GD39: 0 | GF39: 1880203204 | GG39: 1 | GH39: 1 | GI39: 4 | GJ39: 0 | GK39: =ROUND(R39*(R12)/100,2) -> 0 | GL39: =ROUND(IF(AND(BH39=3,BI39=3,FS39<>0),P39,0),2) -> 0 | GM39: =ROUND(O39+X39+Y39+GK39,2)+GX39 -> 0 | GN39: =IF(OR(BI39=0,BI39=1),ROUND(O39+X39+Y39+GK39,2),0) -> 0 | GO39: =IF(BI39=2,ROUND(O39+X39+Y39+GK39,2),0) -> 0 | GP39: =IF(BI39=4,ROUND(O39+X39+Y39+GK39,2)+GX39,0) -> 0 | GR39: 0 | GS39: 4 | GT39: 0 | GV39: =ROUND(GT39,2) -> 0 | GW39: 1 | GX39: =ROUND(GV39*GW39*I39,2) -> 0 | HA39: 0 | HB39: 0 | IK39: 0
A40: 17 | B40: 1 | C40: =ROW(SmtRes!A49) -> 49 | D40: =ROW(EtalonRes!A47) -> 47 | E40: 9 | F40: 15-04-006-03 | G40: Покрытие поверхностей грунтовкой глубокого проникновения за 1 раз стен | H40: 100 м2 | I40: 0.769 | J40: 0 | O40: =ROUND(CP40,2) -> 414.21 | P40: =ROUND(CQ40*I40,2) -> 0.84 | Q40: =ROUND(CR40*I40,2) -> 6.83 | R40: =ROUND(CS40*I40,2) -> 1.82 | S40: =ROUND(CT40*I40,2) -> 406.54 | T40: =ROUND(CU40*I40,2) -> 0 | U40: =CV40*I40 -> 6.950991 | V40: =CW40*I40 -> 0.02307 | W40: =ROUND(CX40*I40,2) -> 0 | X40: =ROUND(CY40,2) -> 387.94 | Y40: =ROUND(CZ40,2) -> 191.93 | AA40: 39102310 | AB40: =ROUND((AC40+AD40+AF40),2) -> 88.59 | AC40: =ROUND((ES40),2) -> 0.18 | AD40: =ROUND((((((ET40*1.25)*1.2))-(((EU40*1.25)*1.2)))+AE40),2) -> 1.46 | AE40: =ROUND((((EU40*1.25)*1.2)),2) -> 0.39 | AF40: =ROUND((((EV40*1.15)*1.2)),2) -> 86.95 | AG40: =ROUND((AP40),2) -> 0 | AH40: =(((EW40*1.15)*1.2)) -> 9.039 | AI40: =(((EX40*1.25)*1.2)) -> 0.03 | AJ40: =ROUND((AS40),2) -> 0 | AK40: 64.16 | AL40: 0.18 | AM40: 0.97 | AN40: 0.26 | AO40: 63.01 | AP40: 0 | AQ40: 6.55 | AR40: 0.02 | AS40: 0 | AT40: 95 | AU40: 47 | AV40: 1 | AW40: 1 | AZ40: 6.08 | BA40: 6.08 | BB40: 6.08 | BC40: 6.08 | BH40: 0 | BI40: 1 | BJ40: ФЕР-2001, 15-04-006-03, приказ Минстроя России №1039/пр от 30.12.2016г. | BM40: 15001 | BN40: 0 | BP40: 0 | BQ40: 2 | BR40: 0 | BS40: 6.08 | BT40: 1 | BU40: 1 | BV40: 1 | BW40: 1 | BX40: 1 | BZ40: 105 | CA40: 55 | CF40: 0 | CG40: 0 | CM40: 0 | CN40: Поправка: МДС 81-35.2004, п.4.7 Наименование: Работы, выполняемые при реконструкции зданий и сооружений работы, аналогичные технологическим процессам в новом строительстве (в том числе возведение новых конструктивных элементов) стоимость которых определена по соответствующим сборникам ФЕР, кроме сборника № 46 «Работы при реконструкции зданий и сооружений» Поправка: МДС 81-35.2004, прил.1, т.1, п.2 Наименование: Производство строительных и других работ в существующих зданиях и сооружениях, освобожденных от оборудования и других предметов, мешающих нормальному производству работ. | CO40: 0 | CP40: =(P40+Q40+S40) -> 414.21 | CQ40: =AC40*BC40 -> 1.0944 | CR40: =AD40*BB40 -> 8.8768 | CS40: =AE40*BS40 -> 2.3712 | CT40: =AF40*BA40 -> 528.656 | CU40: =AG40 -> 0 | CV40: =AH40 -> 9.039 | CW40: =AI40 -> 0.03 | CX40: =AJ40 -> 0 | CY40: =(((S40+R40)*AT40)/100) -> 387.942 | CZ40: =(((S40+R40)*AU40)/100) -> 191.9292 | DE40: )*1,25)*1,2 | DF40: )*1,25)*1,2 | DG40: )*1,15)*1,2 | DI40: )*1,15)*1,2 | DJ40: )*1,25)*1,2 | DN40: 0 | DO40: 0 | DP40: 1 | DQ40: 1 | DU40: 1005 | DV40: 100 м2 | DW40: 100 м2 | DX40: 100 | EE40: 38092841 | EF40: 2 | EG40: Общестроительные работы | EH40: 0 | EJ40: 1 | EK40: 15001 | EL40: Отделочные работы | EM40: ФЕР-15 | EO40: Поправка: МДС 81-35.2004, п.4.7 Поправка: МДС 81-35.2004, прил.1, т.1, п.2 | EQ40: 0 | ER40: 64.16 | ES40: 0.18 | ET40: 0.97 | EU40: 0.26 | EV40: 63.01 | EW40: 6.55 | EX40: 0.02 | EY40: 0 | FQ40: 0 | FR40: =ROUND(IF(AND(BH40=3,BI40=3),P40,0),2) -> 0 | FS40: 0 | FT40: *0,9 | FU40: *0,85 | FX40: 94.5 | FY40: 46.75 | GD40: 0 | GF40: -2014629731 | GG40: 1 | GH40: 1 | GI40: 4 | GJ40: 0 | GK40: =ROUND(R40*(R12)/100,2) -> 0 | GL40: =ROUND(IF(AND(BH40=3,BI40=3,FS40<>0),P40,0),2) -> 0 | GM40: =ROUND(O40+X40+Y40+GK40,2)+GX40 -> 994.08 | GN40: =IF(OR(BI40=0,BI40=1),ROUND(O40+X40+Y40+GK40,2),0) -> 994.08 | GO40: =IF(BI40=2,ROUND(O40+X40+Y40+GK40,2),0) -> 0 | GP40: =IF(BI40=4,ROUND(O40+X40+Y40+GK40,2)+GX40,0) -> 0 | GR40: 0 | GS40: 3 | GT40: 0 | GV40: =ROUND(GT40,2) -> 0 | GW40: 1 | GX40: =ROUND(GV40*GW40*I40,2) -> 0 | HA40: 0 | HB40: 0 | IK40: 0
A41: 18 | B41: 1 | C41: 48 | E41: 9,1 | F41: 14.3.01.02-0102 | G41: Грунтовка: водно-дисперсионная "БИРСС Бетон-контакт" | H41: т | I41: =I40*J41 -> 0.009997 | J41: 0.013 | O41: =ROUND(CP41,2) -> 1117.79 | P41: =ROUND(CQ41*I41,2) -> 1117.79 | Q41: =ROUND(CR41*I41,2) -> 0 | R41: =ROUND(CS41*I41,2) -> 0 | S41: =ROUND(CT41*I41,2) -> 0 | T41: =ROUND(CU41*I41,2) -> 0 | U41: =CV41*I41 -> 0 | V41: =CW41*I41 -> 0 | W41: =ROUND(CX41*I41,2) -> 0 | X41: =ROUND(CY41,2) -> 0 | Y41: =ROUND(CZ41,2) -> 0 | AA41: 39102310 | AB41: =ROUND((AC41+AD41+AF41),2) -> 18390.16 | AC41: =ROUND((ES41),2) -> 18390.16 | AD41: =ROUND((((ET41)-(EU41))+AE41),2) -> 0 | AE41: =ROUND((EU41),2) -> 0 | AF41: =ROUND((EV41),2) -> 0 | AG41: =ROUND((AP41),2) -> 0 | AH41: =(EW41) -> 0 | AI41: =(EX41) -> 0 | AJ41: =ROUND((AS41),2) -> 0 | AK41: 18390.16 | AL41: 18390.16 | AM41: 0 | AN41: 0 | AO41: 0 | AP41: 0 | AQ41: 0 | AR41: 0 | AS41: 0 | AT41: 95 | AU41: 47 | AV41: 1 | AW41: 1 | AZ41: 6.08 | BA41: 1 | BB41: 1 | BC41: 6.08 | BH41: 3 | BI41: 1 | BJ41: ФССЦ-2001, 14.3.01.02-0102, приказ Минстроя России №1039/пр от 30.12.2016г. | BM41: 15001 | BN41: 0 | BP41: 0 | BQ41: 2 | BR41: 0 | BS41: 1 | BT41: 1 | BU41: 1 | BV41: 1 | BW41: 1 | BX41: 1 | BZ41: 105 | CA41: 55 | CF41: 0 | CG41: 0 | CM41: 0 | CO41: 0 | CP41: =(P41+Q41+S41) -> 1117.79 | CQ41: =AC41*BC41 -> 111812.17 | CR41: =AD41*BB41 -> 0 | CS41: =AE41*BS41 -> 0 | CT41: =AF41*BA41 -> 0 | CU41: =AG41 -> 0 | CV41: =AH41 -> 0 | CW41: =AI41 -> 0 | CX41: =AJ41 -> 0 | CY41: =(((S41+R41)*AT41)/100) -> 0 | CZ41: =(((S41+R41)*AU41)/100) -> 0 | DN41: 0 | DO41: 0 | DP41: 1 | DQ41: 1 | DU41: 1009 | DV41: т | DW41: т | DX41: 1000 | EE41: 38092841 | EF41: 2 | EG41: Общестроительные работы | EH41: 0 | EJ41: 1 | EK41: 15001 | EL41: Отделочные работы | EM41: ФЕР-15 | EQ41: 0 | ER41: 18390.16 | ES41: 18390.16 | ET41: 0 | EU41: 0 | EV41: 0 | EW41: 0 | EX41: 0 | FQ41: 0 | FR41: =ROUND(IF(AND(BH41=3,BI41=3),P41,0),2) -> 0 | FS41: 0 | FT41: *0,9 | FU41: *0,85 | FX41: 94.5 | FY41: 46.75 | GD41: 0 | GF41: -1919714308 | GG41: 1 | GH41: 1 | GI41: 4 | GJ41: 0 | GK41: =ROUND(R41*(R12)/100,2) -> 0 | GL41: =ROUND(IF(AND(BH41=3,BI41=3,FS41<>0),P41,0),2) -> 0 | GM41: =ROUND(O41+X41+Y41+GK41,2)+GX41 -> 1117.79 | GN41: =IF(OR(BI41=0,BI41=1),ROUND(O41+X41+Y41+GK41,2),0) -> 1117.79 | GO41: =IF(BI41=2,ROUND(O41+X41+Y41+GK41,2),0) -> 0 | GP41: =IF(BI41=4,ROUND(O41+X41+Y41+GK41,2)+GX41,0) -> 0 | GR41: 0 | GS41: 3 | GT41: 0 | GV41: =ROUND(GT41,2) -> 0 | GW41: 1 | GX41: =ROUND(GV41*GW41*I41,2) -> 0 | HA41: 0 | HB41: 0 | IK41: 0
A42: 18 | B42: 1 | C42: 49 | E42: 9,2 | F42: 14.4.01.21 | G42: Грунтовка | H42: т | I42: =I40*J42 -> 0.009997 | J42: 0.013 | O42: =ROUND(CP42,2) -> 0 | P42: =ROUND(CQ42*I42,2) -> 0 | Q42: =ROUND(CR42*I42,2) -> 0 | R42: =ROUND(CS42*I42,2) -> 0 | S42: =ROUND(CT42*I42,2) -> 0 | T42: =ROUND(CU42*I42,2) -> 0 | U42: =CV42*I42 -> 0 | V42: =CW42*I42 -> 0 | W42: =ROUND(CX42*I42,2) -> 0 | X42: =ROUND(CY42,2) -> 0 | Y42: =ROUND(CZ42,2) -> 0 | AA42: 39102310 | AB42: =ROUND((AC42+AD42+AF42),2) -> 0 | AC42: =ROUND((ES42),2) -> 0 | AD42: =ROUND((((ET42)-(EU42))+AE42),2) -> 0 | AE42: =ROUND((EU42),2) -> 0 | AF42: =ROUND((EV42),2) -> 0 | AG42: =ROUND((AP42),2) -> 0 | AH42: =(EW42) -> 0 | AI42: =(EX42) -> 0 | AJ42: =ROUND((AS42),2) -> 0 | AK42: 0 | AL42: 0 | AM42: 0 | AN42: 0 | AO42: 0 | AP42: 0 | AQ42: 0 | AR42: 0 | AS42: 0 | AT42: 95 | AU42: 47 | AV42: 1 | AW42: 1 | AZ42: 6.08 | BA42: 1 | BB42: 1 | BC42: 6.08 | BH42: 3 | BI42: 1 | BM42: 15001 | BN42: 0 | BP42: 0 | BQ42: 2 | BR42: 0 | BS42: 1 | BT42: 1 | BU42: 1 | BV42: 1 | BW42: 1 | BX42: 1 | BZ42: 105 | CA42: 55 | CF42: 0 | CG42: 0 | CM42: 0 | CO42: 0 | CP42: =(P42+Q42+S42) -> 0 | CQ42: =AC42*BC42 -> 0 | CR42: =AD42*BB42 -> 0 | CS42: =AE42*BS42 -> 0 | CT42: =AF42*BA42 -> 0 | CU42: =AG42 -> 0 | CV42: =AH42 -> 0 | CW42: =AI42 -> 0 | CX42: =AJ42 -> 0 | CY42: =(((S42+R42)*AT42)/100) -> 0 | CZ42: =(((S42+R42)*AU42)/100) -> 0 | DN42: 0 | DO42: 0 | DP42: 1 | DQ42: 1 | DU42: 1009 | DV42: т | DW42: т | DX42: 1000 | EE42: 38092841 | EF42: 2 | EG42: Общестроительные работы | EH42: 0 | EJ42: 1 | EK42: 15001 | EL42: Отделочные работы | EM42: ФЕР-15 | EQ42: 0 | ER42: 0 | ES42: 0 | ET42: 0 | EU42: 0 | EV42: 0 | EW42: 0 | EX42: 0 | FQ42: 0 | FR42: =ROUND(IF(AND(BH42=3,BI42=3),P42,0),2) -> 0 | FS42: 0 | FT42: *0,9 | FU42: *0,85 | FX42: 94.5 | FY42: 46.75 | GA42: занесена вручную | GD42: 0 | GF42: -1212923053 | GG42: 1 | GH42: 1 | GI42: 4 | GJ42: 0 | GK42: =ROUND(R42*(R12)/100,2) -> 0 | GL42: =ROUND(IF(AND(BH42=3,BI42=3,FS42<>0),P42,0),2) -> 0 | GM42: =ROUND(O42+X42+Y42+GK42,2)+GX42 -> 0 | GN42: =IF(OR(BI42=0,BI42=1),ROUND(O42+X42+Y42+GK42,2),0) -> 0 | GO42: =IF(BI42=2,ROUND(O42+X42+Y42+GK42,2),0) -> 0 | GP42: =IF(BI42=4,ROUND(O42+X42+Y42+GK42,2)+GX42,0) -> 0 | GR42: 0 | GS42: 4 | GT42: 0 | GV42: =ROUND(GT42,2) -> 0 | GW42: 1 | GX42: =ROUND(GV42*GW42*I42,2) -> 0 | HA42: 0 | HB42: 0 | IK42: 0
A43: 17 | B43: 1 | C43: =ROW(SmtRes!A56) -> 56 | D43: =ROW(EtalonRes!A53) -> 53 | E43: 10 | F43: 15-04-006-01 | G43: Покрытие поверхностей грунтовкой глубокого проникновения за 1 раз потолков | H43: 100 м2 | I43: 0.363 | J43: 0 | O43: =ROUND(CP43,2) -> 240.94 | P43: =ROUND(CQ43*I43,2) -> 0.4 | Q43: =ROUND(CR43*I43,2) -> 3.22 | R43: =ROUND(CS43*I43,2) -> 0.86 | S43: =ROUND(CT43*I43,2) -> 237.32 | T43: =ROUND(CU43*I43,2) -> 0 | U43: =CV43*I43 -> 4.057614 | V43: =CW43*I43 -> 0.01089 | W43: =ROUND(CX43*I43,2) -> 0 | X43: =ROUND(CY43,2) -> 226.27 | Y43: =ROUND(CZ43,2) -> 111.94 | AA43: 39102310 | AB43: =ROUND((AC43+AD43+AF43),2) -> 109.17 | AC43: =ROUND((ES43),2) -> 0.18 | AD43: =ROUND((((((ET43*1.25)*1.2))-(((EU43*1.25)*1.2)))+AE43),2) -> 1.46 | AE43: =ROUND((((EU43*1.25)*1.2)),2) -> 0.39 | AF43: =ROUND((((EV43*1.15)*1.2)),2) -> 107.53 | AG43: =ROUND((AP43),2) -> 0 | AH43: =(((EW43*1.15)*1.2)) -> 11.178 | AI43: =(((EX43*1.25)*1.2)) -> 0.03 | AJ43: =ROUND((AS43),2) -> 0 | AK43: 79.07 | AL43: 0.18 | AM43: 0.97 | AN43: 0.26 | AO43: 77.92 | AP43: 0 | AQ43: 8.1 | AR43: 0.02 | AS43: 0 | AT43: 95 | AU43: 47 | AV43: 1 | AW43: 1 | AZ43: 6.08 | BA43: 6.08 | BB43: 6.08 | BC43: 6.08 | BH43: 0 | BI43: 1 | BJ43: ФЕР-2001, 15-04-006-01, приказ Минстроя России №1039/пр от 30.12.2016г. | BM43: 15001 | BN43: 0 | BP43: 0 | BQ43: 2 | BR43: 0 | BS43: 6.08 | BT43: 1 | BU43: 1 | BV43: 1 | BW43: 1 | BX43: 1 | BZ43: 105 | CA43: 55 | CF43: 0 | CG43: 0 | CM43: 0 | CN43: Поправка: МДС 81-35.2004, п.4.7 Наименование: Работы, выполняемые при реконструкции зданий и сооружений работы, аналогичные технологическим процессам в новом строительстве (в том числе возведение новых конструктивных элементов) стоимость которых определена по соответствующим сборникам ФЕР, кроме сборника № 46 «Работы при реконструкции зданий и сооружений» Поправка: МДС 81-35.2004, прил.1, т.1, п.2 Наименование: Производство строительных и других работ в существующих зданиях и сооружениях, освобожденных от оборудования и других предметов, мешающих нормальному производству работ. | CO43: 0 | CP43: =(P43+Q43+S43) -> 240.94 | CQ43: =AC43*BC43 -> 1.0944 | CR43: =AD43*BB43 -> 8.8768 | CS43: =AE43*BS43 -> 2.3712 | CT43: =AF43*BA43 -> 653.7824 | CU43: =AG43 -> 0 | CV43: =AH43 -> 11.178 | CW43: =AI43 -> 0.03 | CX43: =AJ43 -> 0 | CY43: =(((S43+R43)*AT43)/100) -> 226.271 | CZ43: =(((S43+R43)*AU43)/100) -> 111.9446 | DE43: )*1,25)*1,2 | DF43: )*1,25)*1,2 | DG43: )*1,15)*1,2 | DI43: )*1,15)*1,2 | DJ43: )*1,25)*1,2 | DN43: 0 | DO43: 0 | DP43: 1 | DQ43: 1 | DU43: 1005 | DV43: 100 м2 | DW43: 100 м2 | DX43: 100 | EE43: 38092841 | EF43: 2 | EG43: Общестроительные работы | EH43: 0 | EJ43: 1 | EK43: 15001 | EL43: Отделочные работы | EM43: ФЕР-15 | EO43: Поправка: МДС 81-35.2004, п.4.7 Поправка: МДС 81-35.2004, прил.1, т.1, п.2 | EQ43: 0 | ER43: 79.07 | ES43: 0.18 | ET43: 0.97 | EU43: 0.26 | EV43: 77.92 | EW43: 8.1 | EX43: 0.02 | EY43: 0 | FQ43: 0 | FR43: =ROUND(IF(AND(BH43=3,BI43=3),P43,0),2) -> 0 | FS43: 0 | FT43: *0,9 | FU43: *0,85 | FX43: 94.5 | FY43: 46.75 | GD43: 0 | GF43: 1138646690 | GG43: 1 | GH43: 1 | GI43: 4 | GJ43: 0 | GK43: =ROUND(R43*(R12)/100,2) -> 0 | GL43: =ROUND(IF(AND(BH43=3,BI43=3,FS43<>0),P43,0),2) -> 0 | GM43: =ROUND(O43+X43+Y43+GK43,2)+GX43 -> 579.15 | GN43: =IF(OR(BI43=0,BI43=1),ROUND(O43+X43+Y43+GK43,2),0) -> 579.15 | GO43: =IF(BI43=2,ROUND(O43+X43+Y43+GK43,2),0) -> 0 | GP43: =IF(BI43=4,ROUND(O43+X43+Y43+GK43,2)+GX43,0) -> 0 | GR43: 0 | GS43: 3 | GT43: 0 | GV43: =ROUND(GT43,2) -> 0 | GW43: 1 | GX43: =ROUND(GV43*GW43*I43,2) -> 0 | HA43: 0 | HB43: 0 | IK43: 0
A44: 18 | B44: 1 | C44: 55 | E44: 10,1 | F44: 14.3.01.02-0102 | G44: Грунтовка: водно-дисперсионная "БИРСС Бетон-контакт" | H44: т | I44: =I43*J44 -> 0.004719 | J44: 0.013 | O44: =ROUND(CP44,2) -> 527.64 | P44: =ROUND(CQ44*I44,2) -> 527.64 | Q44: =ROUND(CR44*I44,2) -> 0 | R44: =ROUND(CS44*I44,2) -> 0 | S44: =ROUND(CT44*I44,2) -> 0 | T44: =ROUND(CU44*I44,2) -> 0 | U44: =CV44*I44 -> 0 | V44: =CW44*I44 -> 0 | W44: =ROUND(CX44*I44,2) -> 0 | X44: =ROUND(CY44,2) -> 0 | Y44: =ROUND(CZ44,2) -> 0 | AA44: 39102310 | AB44: =ROUND((AC44+AD44+AF44),2) -> 18390.16 | AC44: =ROUND((ES44),2) -> 18390.16 | AD44: =ROUND((((ET44)-(EU44))+AE44),2) -> 0 | AE44: =ROUND((EU44),2) -> 0 | AF44: =ROUND((EV44),2) -> 0 | AG44: =ROUND((AP44),2) -> 0 | AH44: =(EW44) -> 0 | AI44: =(EX44) -> 0 | AJ44: =ROUND((AS44),2) -> 0 | AK44: 18390.16 | AL44: 18390.16 | AM44: 0 | AN44: 0 | AO44: 0 | AP44: 0 | AQ44: 0 | AR44: 0 | AS44: 0 | AT44: 95 | AU44: 47 | AV44: 1 | AW44: 1 | AZ44: 6.08 | BA44: 1 | BB44: 1 | BC44: 6.08 | BH44: 3 | BI44: 1 | BJ44: ФССЦ-2001, 14.3.01.02-0102, приказ Минстроя России №1039/пр от 30.12.2016г. | BM44: 15001 | BN44: 0 | BP44: 0 | BQ44: 2 | BR44: 0 | BS44: 1 | BT44: 1 | BU44: 1 | BV44: 1 | BW44: 1 | BX44: 1 | BZ44: 105 | CA44: 55 | CF44: 0 | CG44: 0 | CM44: 0 | CO44: 0 | CP44: =(P44+Q44+S44) -> 527.64 | CQ44: =AC44*BC44 -> 111812.17 | CR44: =AD44*BB44 -> 0 | CS44: =AE44*BS44 -> 0 | CT44: =AF44*BA44 -> 0 | CU44: =AG44 -> 0 | CV44: =AH44 -> 0 | CW44: =AI44 -> 0 | CX44: =AJ44 -> 0 | CY44: =(((S44+R44)*AT44)/100) -> 0 | CZ44: =(((S44+R44)*AU44)/100) -> 0 | DN44: 0 | DO44: 0 | DP44: 1 | DQ44: 1 | DU44: 1009 | DV44: т | DW44: т | DX44: 1000 | EE44: 38092841 | EF44: 2 | EG44: Общестроительные работы | EH44: 0 | EJ44: 1 | EK44: 15001 | EL44: Отделочные работы | EM44: ФЕР-15 | EQ44: 0 | ER44: 18390.16 | ES44: 18390.16 | ET44: 0 | EU44: 0 | EV44: 0 | EW44: 0 | EX44: 0 | FQ44: 0 | FR44: =ROUND(IF(AND(BH44=3,BI44=3),P44,0),2) -> 0 | FS44: 0 | FT44: *0,9 | FU44: *0,85 | FX44: 94.5 | FY44: 46.75 | GD44: 0 | GF44: -1919714308 | GG44: 1 | GH44: 1 | GI44: 4 | GJ44: 0 | GK44: =ROUND(R44*(R12)/100,2) -> 0 | GL44: =ROUND(IF(AND(BH44=3,BI44=3,FS44<>0),P44,0),2) -> 0 | GM44: =ROUND(O44+X44+Y44+GK44,2)+GX44 -> 527.64 | GN44: =IF(OR(BI44=0,BI44=1),ROUND(O44+X44+Y44+GK44,2),0) -> 527.64 | GO44: =IF(BI44=2,ROUND(O44+X44+Y44+GK44,2),0) -> 0 | GP44: =IF(BI44=4,ROUND(O44+X44+Y44+GK44,2)+GX44,0) -> 0 | GR44: 0 | GS44: 3 | GT44: 0 | GV44: =ROUND(GT44,2) -> 0 | GW44: 1 | GX44: =ROUND(GV44*GW44*I44,2) -> 0 | HA44: 0 | HB44: 0 | IK44: 0
A45: 18 | B45: 1 | C45: 56 | E45: 10,2 | F45: 14.4.01.21 | G45: Грунтовка | H45: т | I45: =I43*J45 -> 0.004719 | J45: 0.013 | O45: =ROUND(CP45,2) -> 0 | P45: =ROUND(CQ45*I45,2) -> 0 | Q45: =ROUND(CR45*I45,2) -> 0 | R45: =ROUND(CS45*I45,2) -> 0 | S45: =ROUND(CT45*I45,2) -> 0 | T45: =ROUND(CU45*I45,2) -> 0 | U45: =CV45*I45 -> 0 | V45: =CW45*I45 -> 0 | W45: =ROUND(CX45*I45,2) -> 0 | X45: =ROUND(CY45,2) -> 0 | Y45: =ROUND(CZ45,2) -> 0 | AA45: 39102310 | AB45: =ROUND((AC45+AD45+AF45),2) -> 0 | AC45: =ROUND((ES45),2) -> 0 | AD45: =ROUND((((ET45)-(EU45))+AE45),2) -> 0 | AE45: =ROUND((EU45),2) -> 0 | AF45: =ROUND((EV45),2) -> 0 | AG45: =ROUND((AP45),2) -> 0 | AH45: =(EW45) -> 0 | AI45: =(EX45) -> 0 | AJ45: =ROUND((AS45),2) -> 0 | AK45: 0 | AL45: 0 | AM45: 0 | AN45: 0 | AO45: 0 | AP45: 0 | AQ45: 0 | AR45: 0 | AS45: 0 | AT45: 95 | AU45: 47 | AV45: 1 | AW45: 1 | AZ45: 6.08 | BA45: 1 | BB45: 1 | BC45: 6.08 | BH45: 3 | BI45: 1 | BM45: 15001 | BN45: 0 | BP45: 0 | BQ45: 2 | BR45: 0 | BS45: 1 | BT45: 1 | BU45: 1 | BV45: 1 | BW45: 1 | BX45: 1 | BZ45: 105 | CA45: 55 | CF45: 0 | CG45: 0 | CM45: 0 | CO45: 0 | CP45: =(P45+Q45+S45) -> 0 | CQ45: =AC45*BC45 -> 0 | CR45: =AD45*BB45 -> 0 | CS45: =AE45*BS45 -> 0 | CT45: =AF45*BA45 -> 0 | CU45: =AG45 -> 0 | CV45: =AH45 -> 0 | CW45: =AI45 -> 0 | CX45: =AJ45 -> 0 | CY45: =(((S45+R45)*AT45)/100) -> 0 | CZ45: =(((S45+R45)*AU45)/100) -> 0 | DN45: 0 | DO45: 0 | DP45: 1 | DQ45: 1 | DU45: 1009 | DV45: т | DW45: т | DX45: 1000 | EE45: 38092841 | EF45: 2 | EG45: Общестроительные работы | EH45: 0 | EJ45: 1 | EK45: 15001 | EL45: Отделочные работы | EM45: ФЕР-15 | EQ45: 0 | ER45: 0 | ES45: 0 | ET45: 0 | EU45: 0 | EV45: 0 | EW45: 0 | EX45: 0 | FQ45: 0 | FR45: =ROUND(IF(AND(BH45=3,BI45=3),P45,0),2) -> 0 | FS45: 0 | FT45: *0,9 | FU45: *0,85 | FX45: 94.5 | FY45: 46.75 | GA45: занесена вручную | GD45: 0 | GF45: -1212923053 | GG45: 1 | GH45: 1 | GI45: 4 | GJ45: 0 | GK45: =ROUND(R45*(R12)/100,2) -> 0 | GL45: =ROUND(IF(AND(BH45=3,BI45=3,FS45<>0),P45,0),2) -> 0 | GM45: =ROUND(O45+X45+Y45+GK45,2)+GX45 -> 0 | GN45: =IF(OR(BI45=0,BI45=1),ROUND(O45+X45+Y45+GK45,2),0) -> 0 | GO45: =IF(BI45=2,ROUND(O45+X45+Y45+GK45,2),0) -> 0 | GP45: =IF(BI45=4,ROUND(O45+X45+Y45+GK45,2)+GX45,0) -> 0 | GR45: 0 | GS45: 4 | GT45: 0 | GV45: =ROUND(GT45,2) -> 0 | GW45: 1 | GX45: =ROUND(GV45*GW45*I45,2) -> 0 | HA45: 0 | HB45: 0 | IK45: 0
A46: 17 | B46: 1 | C46: =ROW(SmtRes!A65) -> 65 | D46: =ROW(EtalonRes!A61) -> 61 | E46: 11 | F46: 15-04-005-03 | G46: Окраска поливинилацетатными водоэмульсионными составами улучшенная по штукатурке стен | H46: 100 м2 | I46: 0.769 | J46: 0 | O46: =ROUND(CP46,2) -> 3867.03 | P46: =ROUND(CQ46*I46,2) -> 1310.55 | Q46: =ROUND(CR46*I46,2) -> 73.59 | R46: =ROUND(CS46*I46,2) -> 14.12 | S46: =ROUND(CT46*I46,2) -> 2482.89 | T46: =ROUND(CU46*I46,2) -> 0 | U46: =CV46*I46 -> 45.526338 | V46: =CW46*I46 -> 0.196095 | W46: =ROUND(CX46*I46,2) -> 0 | X46: =ROUND(CY46,2) -> 2372.16 | Y46: =ROUND(CZ46,2) -> 1173.59 | AA46: 39102310 | AB46: =ROUND((AC46+AD46+AF46),2) -> 827.08 | AC46: =ROUND((ES46),2) -> 280.3 | AD46: =ROUND((((((ET46*1.25)*1.2))-(((EU46*1.25)*1.2)))+AE46),2) -> 15.74 | AE46: =ROUND((((EU46*1.25)*1.2)),2) -> 3.02 | AF46: =ROUND((((EV46*1.15)*1.2)),2) -> 531.04 | AG46: =ROUND((AP46),2) -> 0 | AH46: =(((EW46*1.15)*1.2)) -> 59.202 | AI46: =(((EX46*1.25)*1.2)) -> 0.255 | AJ46: =ROUND((AS46),2) -> 0 | AK46: 675.6 | AL46: 280.3 | AM46: 10.49 | AN46: 2.01 | AO46: 384.81 | AP46: 0 | AQ46: 42.9 | AR46: 0.17 | AS46: 0 | AT46: 95 | AU46: 47 | AV46: 1 | AW46: 1 | AZ46: 6.08 | BA46: 6.08 | BB46: 6.08 | BC46: 6.08 | BH46: 0 | BI46: 1 | BJ46: ФЕР-2001, 15-04-005-03, приказ Минстроя России №1039/пр от 30.12.2016г. | BM46: 15001 | BN46: 0 | BP46: 0 | BQ46: 2 | BR46: 0 | BS46: 6.08 | BT46: 1 | BU46: 1 | BV46: 1 | BW46: 1 | BX46: 1 | BZ46: 105 | CA46: 55 | CF46: 0 | CG46: 0 | CM46: 0 | CN46: Поправка: МДС 81-35.2004, п.4.7 Наименование: Работы, выполняемые при реконструкции зданий и сооружений работы, аналогичные технологическим процессам в новом строительстве (в том числе возведение новых конструктивных элементов) стоимость которых определена по соответствующим сборникам ФЕР, кроме сборника № 46 «Работы при реконструкции зданий и сооружений» Поправка: МДС 81-35.2004, прил.1, т.1, п.2 Наименование: Производство строительных и других работ в существующих зданиях и сооружениях, освобожденных от оборудования и других предметов, мешающих нормальному производству работ. | CO46: 0 | CP46: =(P46+Q46+S46) -> 3867.03 | CQ46: =AC46*BC46 -> 1704.224 | CR46: =AD46*BB46 -> 95.6992 | CS46: =AE46*BS46 -> 18.3616 | CT46: =AF46*BA46 -> 3228.7232 | CU46: =AG46 -> 0 | CV46: =AH46 -> 59.202 | CW46: =AI46 -> 0.255 | CX46: =AJ46 -> 0 | CY46: =(((S46+R46)*AT46)/100) -> 2372.1595 | CZ46: =(((S46+R46)*AU46)/100) -> 1173.5947 | DE46: )*1,25)*1,2 | DF46: )*1,25)*1,2 | DG46: )*1,15)*1,2 | DI46: )*1,15)*1,2 | DJ46: )*1,25)*1,2 | DN46: 0 | DO46: 0 | DP46: 1 | DQ46: 1 | DU46: 1005 | DV46: 100 м2 | DW46: 100 м2 | DX46: 100 | EE46: 38092841 | EF46: 2 | EG46: Общестроительные работы | EH46: 0 | EJ46: 1 | EK46: 15001 | EL46: Отделочные работы | EM46: ФЕР-15 | EO46: Поправка: МДС 81-35.2004, п.4.7 Поправка: МДС 81-35.2004, прил.1, т.1, п.2 | EQ46: 0 | ER46: 675.6 | ES46: 280.3 | ET46: 10.49 | EU46: 2.01 | EV46: 384.81 | EW46: 42.9 | EX46: 0.17 | EY46: 0 | FQ46: 0 | FR46: =ROUND(IF(AND(BH46=3,BI46=3),P46,0),2) -> 0 | FS46: 0 | FT46: *0,9 | FU46: *0,85 | FX46: 94.5 | FY46: 46.75 | GD46: 0 | GF46: 1360681551 | GG46: 1 | GH46: 1 | GI46: 4 | GJ46: 0 | GK46: =ROUND(R46*(R12)/100,2) -> 0 | GL46: =ROUND(IF(AND(BH46=3,BI46=3,FS46<>0),P46,0),2) -> 0 | GM46: =ROUND(O46+X46+Y46+GK46,2)+GX46 -> 7412.78 | GN46: =IF(OR(BI46=0,BI46=1),ROUND(O46+X46+Y46+GK46,2),0) -> 7412.78 | GO46: =IF(BI46=2,ROUND(O46+X46+Y46+GK46,2),0) -> 0 | GP46: =IF(BI46=4,ROUND(O46+X46+Y46+GK46,2)+GX46,0) -> 0 | GR46: 0 | GS46: 3 | GT46: 0 | GV46: =ROUND(GT46,2) -> 0 | GW46: 1 | GX46: =ROUND(GV46*GW46*I46,2) -> 0 | HA46: 0 | HB46: 0 | IK46: 0
A47: 18 | B47: 1 | C47: 64 | E47: 11,1 | F47: 14.3.02.01-0015 | G47: Краска акриловая Alpina RENOVA, CAPAROL водно-дисперсионная | H47: т | I47: =I46*J47 -> 0.048447 | J47: 0.063 | O47: =ROUND(CP47,2) -> 3913.99 | P47: =ROUND(CQ47*I47,2) -> 3913.99 | Q47: =ROUND(CR47*I47,2) -> 0 | R47: =ROUND(CS47*I47,2) -> 0 | S47: =ROUND(CT47*I47,2) -> 0 | T47: =ROUND(CU47*I47,2) -> 0 | U47: =CV47*I47 -> 0 | V47: =CW47*I47 -> 0 | W47: =ROUND(CX47*I47,2) -> 0 | X47: =ROUND(CY47,2) -> 0 | Y47: =ROUND(CZ47,2) -> 0 | AA47: 39102310 | AB47: =ROUND((AC47+AD47+AF47),2) -> 13287.69 | AC47: =ROUND((ES47),2) -> 13287.69 | AD47: =ROUND((((ET47)-(EU47))+AE47),2) -> 0 | AE47: =ROUND((EU47),2) -> 0 | AF47: =ROUND((EV47),2) -> 0 | AG47: =ROUND((AP47),2) -> 0 | AH47: =(EW47) -> 0 | AI47: =(EX47) -> 0 | AJ47: =ROUND((AS47),2) -> 0 | AK47: 13287.69 | AL47: 13287.69 | AM47: 0 | AN47: 0 | AO47: 0 | AP47: 0 | AQ47: 0 | AR47: 0 | AS47: 0 | AT47: 95 | AU47: 47 | AV47: 1 | AW47: 1 | AZ47: 6.08 | BA47: 1 | BB47: 1 | BC47: 6.08 | BH47: 3 | BI47: 1 | BJ47: ФССЦ-2001, 14.3.02.01-0015, приказ Минстроя России №1039/пр от 30.12.2016г. | BM47: 15001 | BN47: 0 | BP47: 0 | BQ47: 2 | BR47: 0 | BS47: 1 | BT47: 1 | BU47: 1 | BV47: 1 | BW47: 1 | BX47: 1 | BZ47: 105 | CA47: 55 | CF47: 0 | CG47: 0 | CM47: 0 | CO47: 0 | CP47: =(P47+Q47+S47) -> 3913.99 | CQ47: =AC47*BC47 -> 80789.155 | CR47: =AD47*BB47 -> 0 | CS47: =AE47*BS47 -> 0 | CT47: =AF47*BA47 -> 0 | CU47: =AG47 -> 0 | CV47: =AH47 -> 0 | CW47: =AI47 -> 0 | CX47: =AJ47 -> 0 | CY47: =(((S47+R47)*AT47)/100) -> 0 | CZ47: =(((S47+R47)*AU47)/100) -> 0 | DN47: 0 | DO47: 0 | DP47: 1 | DQ47: 1 | DU47: 1009 | DV47: т | DW47: т | DX47: 1000 | EE47: 38092841 | EF47: 2 | EG47: Общестроительные работы | EH47: 0 | EJ47: 1 | EK47: 15001 | EL47: Отделочные работы | EM47: ФЕР-15 | EQ47: 0 | ER47: 13287.69 | ES47: 13287.69 | ET47: 0 | EU47: 0 | EV47: 0 | EW47: 0 | EX47: 0 | FQ47: 0 | FR47: =ROUND(IF(AND(BH47=3,BI47=3),P47,0),2) -> 0 | FS47: 0 | FT47: *0,9 | FU47: *0,85 | FX47: 94.5 | FY47: 46.75 | GD47: 0 | GF47: -1849320982 | GG47: 1 | GH47: 1 | GI47: 4 | GJ47: 0 | GK47: =ROUND(R47*(R12)/100,2) -> 0 | GL47: =ROUND(IF(AND(BH47=3,BI47=3,FS47<>0),P47,0),2) -> 0 | GM47: =ROUND(O47+X47+Y47+GK47,2)+GX47 -> 3913.99 | GN47: =IF(OR(BI47=0,BI47=1),ROUND(O47+X47+Y47+GK47,2),0) -> 3913.99 | GO47: =IF(BI47=2,ROUND(O47+X47+Y47+GK47,2),0) -> 0 | GP47: =IF(BI47=4,ROUND(O47+X47+Y47+GK47,2)+GX47,0) -> 0 | GR47: 0 | GS47: 3 | GT47: 0 | GV47: =ROUND(GT47,2) -> 0 | GW47: 1 | GX47: =ROUND(GV47*GW47*I47,2) -> 0 | HA47: 0 | HB47: 0 | IK47: 0
A48: 18 | B48: 1 | C48: 63 | E48: 11,2 | F48: 14.3.02.01 | G48: Краска водоэмульсионная | H48: т | I48: =I46*J48 -> 0.048447 | J48: 0.063 | O48: =ROUND(CP48,2) -> 0 | P48: =ROUND(CQ48*I48,2) -> 0 | Q48: =ROUND(CR48*I48,2) -> 0 | R48: =ROUND(CS48*I48,2) -> 0 | S48: =ROUND(CT48*I48,2) -> 0 | T48: =ROUND(CU48*I48,2) -> 0 | U48: =CV48*I48 -> 0 | V48: =CW48*I48 -> 0 | W48: =ROUND(CX48*I48,2) -> 0 | X48: =ROUND(CY48,2) -> 0 | Y48: =ROUND(CZ48,2) -> 0 | AA48: 39102310 | AB48: =ROUND((AC48+AD48+AF48),2) -> 0 | AC48: =ROUND((ES48),2) -> 0 | AD48: =ROUND((((ET48)-(EU48))+AE48),2) -> 0 | AE48: =ROUND((EU48),2) -> 0 | AF48: =ROUND((EV48),2) -> 0 | AG48: =ROUND((AP48),2) -> 0 | AH48: =(EW48) -> 0 | AI48: =(EX48) -> 0 | AJ48: =ROUND((AS48),2) -> 0 | AK48: 0 | AL48: 0 | AM48: 0 | AN48: 0 | AO48: 0 | AP48: 0 | AQ48: 0 | AR48: 0 | AS48: 0 | AT48: 95 | AU48: 47 | AV48: 1 | AW48: 1 | AZ48: 6.08 | BA48: 1 | BB48: 1 | BC48: 6.08 | BH48: 3 | BI48: 1 | BM48: 15001 | BN48: 0 | BP48: 0 | BQ48: 2 | BR48: 0 | BS48: 1 | BT48: 1 | BU48: 1 | BV48: 1 | BW48: 1 | BX48: 1 | BZ48: 105 | CA48: 55 | CF48: 0 | CG48: 0 | CM48: 0 | CO48: 0 | CP48: =(P48+Q48+S48) -> 0 | CQ48: =AC48*BC48 -> 0 | CR48: =AD48*BB48 -> 0 | CS48: =AE48*BS48 -> 0 | CT48: =AF48*BA48 -> 0 | CU48: =AG48 -> 0 | CV48: =AH48 -> 0 | CW48: =AI48 -> 0 | CX48: =AJ48 -> 0 | CY48: =(((S48+R48)*AT48)/100) -> 0 | CZ48: =(((S48+R48)*AU48)/100) -> 0 | DN48: 0 | DO48: 0 | DP48: 1 | DQ48: 1 | DU48: 1009 | DV48: т | DW48: т | DX48: 1000 | EE48: 38092841 | EF48: 2 | EG48: Общестроительные работы | EH48: 0 | EJ48: 1 | EK48: 15001 | EL48: Отделочные работы | EM48: ФЕР-15 | EQ48: 0 | ER48: 0 | ES48: 0 | ET48: 0 | EU48: 0 | EV48: 0 | EW48: 0 | EX48: 0 | FQ48: 0 | FR48: =ROUND(IF(AND(BH48=3,BI48=3),P48,0),2) -> 0 | FS48: 0 | FT48: *0,9 | FU48: *0,85 | FX48: 94.5 | FY48: 46.75 | GA48: занесена вручную | GD48: 0 | GF48: 1891904026 | GG48: 1 | GH48: 1 | GI48: 4 | GJ48: 0 | GK48: =ROUND(R48*(R12)/100,2) -> 0 | GL48: =ROUND(IF(AND(BH48=3,BI48=3,FS48<>0),P48,0),2) -> 0 | GM48: =ROUND(O48+X48+Y48+GK48,2)+GX48 -> 0 | GN48: =IF(OR(BI48=0,BI48=1),ROUND(O48+X48+Y48+GK48,2),0) -> 0 | GO48: =IF(BI48=2,ROUND(O48+X48+Y48+GK48,2),0) -> 0 | GP48: =IF(BI48=4,ROUND(O48+X48+Y48+GK48,2)+GX48,0) -> 0 | GR48: 0 | GS48: 4 | GT48: 0 | GV48: =ROUND(GT48,2) -> 0 | GW48: 1 | GX48: =ROUND(GV48*GW48*I48,2) -> 0 | HA48: 0 | HB48: 0 | IK48: 0
A49: 17 | B49: 1 | C49: =ROW(SmtRes!A78) -> 78 | D49: =ROW(EtalonRes!A73) -> 73 | E49: 12 | F49: 62-17-4 | G49: Окрашивание водоэмульсионными составами поверхностей потолков, ранее окрашенных водоэмульсионной краской, с расчисткой старой краски более 35% | H49: 100 м2 | I49: 0.363 | J49: 0 | O49: =ROUND(CP49,2) -> 1792.82 | P49: =ROUND(CQ49*I49,2) -> 1133.07 | Q49: =ROUND(CR49*I49,2) -> 15.6 | R49: =ROUND(CS49*I49,2) -> 4.52 | S49: =ROUND(CT49*I49,2) -> 644.15 | T49: =ROUND(CU49*I49,2) -> 0 | U49: =CV49*I49 -> 12.26214 | V49: =CW49*I49 -> 0.05808 | W49: =ROUND(CX49*I49,2) -> 0 | X49: =ROUND(CY49,2) -> 518.94 | Y49: =ROUND(CZ49,2) -> 324.34 | AA49: 39102310 | AB49: =ROUND((AC49+AD49+AF49),2) -> 812.32 | AC49: =ROUND((ES49),2) -> 513.39 | AD49: =ROUND((((ET49)-(EU49))+AE49),2) -> 7.07 | AE49: =ROUND((EU49),2) -> 2.05 | AF49: =ROUND((EV49),2) -> 291.86 | AG49: =ROUND((AP49),2) -> 0 | AH49: =(EW49) -> 33.78 | AI49: =(EX49) -> 0.16 | AJ49: =ROUND((AS49),2) -> 0 | AK49: 812.32 | AL49: 513.39 | AM49: 7.07 | AN49: 2.05 | AO49: 291.86 | AP49: 0 | AQ49: 33.78 | AR49: 0.16 | AS49: 0 | AT49: 80 | AU49: 50 | AV49: 1 | AW49: 1 | AZ49: 6.08 | BA49: 6.08 | BB49: 6.08 | BC49: 6.08 | BH49: 0 | BI49: 1 | BJ49: ФЕР-2001, 62-17-4, приказ Минстроя России №1039/пр от 30.12.2016г. | BM49: 62001 | BN49: 0 | BP49: 0 | BQ49: 6 | BR49: 0 | BS49: 6.08 | BT49: 1 | BU49: 1 | BV49: 1 | BW49: 1 | BX49: 1 | BZ49: 80 | CA49: 50 | CF49: 0 | CG49: 0 | CM49: 0 | CO49: 0 | CP49: =(P49+Q49+S49) -> 1792.82 | CQ49: =AC49*BC49 -> 3121.4112 | CR49: =AD49*BB49 -> 42.9856 | CS49: =AE49*BS49 -> 12.464 | CT49: =AF49*BA49 -> 1774.5088 | CU49: =AG49 -> 0 | CV49: =AH49 -> 33.78 | CW49: =AI49 -> 0.16 | CX49: =AJ49 -> 0 | CY49: =(((S49+R49)*AT49)/100) -> 518.936 | CZ49: =(((S49+R49)*AU49)/100) -> 324.335 | DN49: 0 | DO49: 0 | DP49: 1 | DQ49: 1 | DU49: 1005 | DV49: 100 м2 | DW49: 100 м2 | DX49: 100 | EE49: 38092899 | EF49: 6 | EG49: Ремонтно-строительные работы | EH49: 0 | EJ49: 1 | EK49: 62001 | EL49: Малярные работы | EM49: рФЕР-62 | EQ49: 0 | ER49: 812.32 | ES49: 513.39 | ET49: 7.07 | EU49: 2.05 | EV49: 291.86 | EW49: 33.78 | EX49: 0.16 | EY49: 0 | FQ49: 0 | FR49: =ROUND(IF(AND(BH49=3,BI49=3),P49,0),2) -> 0 | FS49: 0 | FX49: 80 | FY49: 50 | GD49: 0 | GF49: -261797148 | GG49: 1 | GH49: 1 | GI49: 4 | GJ49: 0 | GK49: =ROUND(R49*(R12)/100,2) -> 0 | GL49: =ROUND(IF(AND(BH49=3,BI49=3,FS49<>0),P49,0),2) -> 0 | GM49: =ROUND(O49+X49+Y49+GK49,2)+GX49 -> 2636.1 | GN49: =IF(OR(BI49=0,BI49=1),ROUND(O49+X49+Y49+GK49,2),0) -> 2636.1 | GO49: =IF(BI49=2,ROUND(O49+X49+Y49+GK49,2),0) -> 0 | GP49: =IF(BI49=4,ROUND(O49+X49+Y49+GK49,2)+GX49,0) -> 0 | GR49: 0 | GS49: 3 | GT49: 0 | GV49: =ROUND(GT49,2) -> 0 | GW49: 1 | GX49: =ROUND(GV49*GW49*I49,2) -> 0 | HA49: 0 | HB49: 0 | IK49: 0
A50: 18 | B50: 1 | C50: 77 | E50: 12,1 | F50: 14.3.02.01-0015 | G50: Краска акриловая Alpina RENOVA, CAPAROL водно-дисперсионная | H50: т | I50: =I49*J50 -> 0.025773 | J50: 0.071 | O50: =ROUND(CP50,2) -> 2082.18 | P50: =ROUND(CQ50*I50,2) -> 2082.18 | Q50: =ROUND(CR50*I50,2) -> 0 | R50: =ROUND(CS50*I50,2) -> 0 | S50: =ROUND(CT50*I50,2) -> 0 | T50: =ROUND(CU50*I50,2) -> 0 | U50: =CV50*I50 -> 0 | V50: =CW50*I50 -> 0 | W50: =ROUND(CX50*I50,2) -> 0 | X50: =ROUND(CY50,2) -> 0 | Y50: =ROUND(CZ50,2) -> 0 | AA50: 39102310 | AB50: =ROUND((AC50+AD50+AF50),2) -> 13287.69 | AC50: =ROUND((ES50),2) -> 13287.69 | AD50: =ROUND((((ET50)-(EU50))+AE50),2) -> 0 | AE50: =ROUND((EU50),2) -> 0 | AF50: =ROUND((EV50),2) -> 0 | AG50: =ROUND((AP50),2) -> 0 | AH50: =(EW50) -> 0 | AI50: =(EX50) -> 0 | AJ50: =ROUND((AS50),2) -> 0 | AK50: 13287.69 | AL50: 13287.69 | AM50: 0 | AN50: 0 | AO50: 0 | AP50: 0 | AQ50: 0 | AR50: 0 | AS50: 0 | AT50: 95 | AU50: 47 | AV50: 1 | AW50: 1 | AZ50: 6.08 | BA50: 1 | BB50: 1 | BC50: 6.08 | BH50: 3 | BI50: 1 | BJ50: ФССЦ-2001, 14.3.02.01-0015, приказ Минстроя России №1039/пр от 30.12.2016г. | BM50: 15001 | BN50: 0 | BP50: 0 | BQ50: 2 | BR50: 0 | BS50: 1 | BT50: 1 | BU50: 1 | BV50: 1 | BW50: 1 | BX50: 1 | BZ50: 105 | CA50: 55 | CF50: 0 | CG50: 0 | CM50: 0 | CO50: 0 | CP50: =(P50+Q50+S50) -> 2082.18 | CQ50: =AC50*BC50 -> 80789.155 | CR50: =AD50*BB50 -> 0 | CS50: =AE50*BS50 -> 0 | CT50: =AF50*BA50 -> 0 | CU50: =AG50 -> 0 | CV50: =AH50 -> 0 | CW50: =AI50 -> 0 | CX50: =AJ50 -> 0 | CY50: =(((S50+R50)*AT50)/100) -> 0 | CZ50: =(((S50+R50)*AU50)/100) -> 0 | DN50: 0 | DO50: 0 | DP50: 1 | DQ50: 1 | DU50: 1009 | DV50: т | DW50: т | DX50: 1000 | EE50: 38092841 | EF50: 2 | EG50: Общестроительные работы | EH50: 0 | EJ50: 1 | EK50: 15001 | EL50: Отделочные работы | EM50: ФЕР-15 | EQ50: 0 | ER50: 13287.69 | ES50: 13287.69 | ET50: 0 | EU50: 0 | EV50: 0 | EW50: 0 | EX50: 0 | FQ50: 0 | FR50: =ROUND(IF(AND(BH50=3,BI50=3),P50,0),2) -> 0 | FS50: 0 | FT50: *0,9 | FU50: *0,85 | FX50: 94.5 | FY50: 46.75 | GD50: 0 | GF50: -1849320982 | GG50: 1 | GH50: 1 | GI50: 4 | GJ50: 0 | GK50: =ROUND(R50*(R12)/100,2) -> 0 | GL50: =ROUND(IF(AND(BH50=3,BI50=3,FS50<>0),P50,0),2) -> 0 | GM50: =ROUND(O50+X50+Y50+GK50,2)+GX50 -> 2082.18 | GN50: =IF(OR(BI50=0,BI50=1),ROUND(O50+X50+Y50+GK50,2),0) -> 2082.18 | GO50: =IF(BI50=2,ROUND(O50+X50+Y50+GK50,2),0) -> 0 | GP50: =IF(BI50=4,ROUND(O50+X50+Y50+GK50,2)+GX50,0) -> 0 | GR50: 0 | GS50: 3 | GT50: 0 | GV50: =ROUND(GT50,2) -> 0 | GW50: 1 | GX50: =ROUND(GV50*GW50*I50,2) -> 0 | HA50: 0 | HB50: 0 | IK50: 0
A51: 18 | B51: 1 | C51: 76 | E51: 12,2 | F51: 14.3.02.01 | G51: Краска водоэмульсионная | H51: т | I51: =I49*J51 -> 0.025773 | J51: 0.071 | O51: =ROUND(CP51,2) -> 0 | P51: =ROUND(CQ51*I51,2) -> 0 | Q51: =ROUND(CR51*I51,2) -> 0 | R51: =ROUND(CS51*I51,2) -> 0 | S51: =ROUND(CT51*I51,2) -> 0 | T51: =ROUND(CU51*I51,2) -> 0 | U51: =CV51*I51 -> 0 | V51: =CW51*I51 -> 0 | W51: =ROUND(CX51*I51,2) -> 0 | X51: =ROUND(CY51,2) -> 0 | Y51: =ROUND(CZ51,2) -> 0 | AA51: 39102310 | AB51: =ROUND((AC51+AD51+AF51),2) -> 0 | AC51: =ROUND((ES51),2) -> 0 | AD51: =ROUND((((ET51)-(EU51))+AE51),2) -> 0 | AE51: =ROUND((EU51),2) -> 0 | AF51: =ROUND((EV51),2) -> 0 | AG51: =ROUND((AP51),2) -> 0 | AH51: =(EW51) -> 0 | AI51: =(EX51) -> 0 | AJ51: =ROUND((AS51),2) -> 0 | AK51: 0 | AL51: 0 | AM51: 0 | AN51: 0 | AO51: 0 | AP51: 0 | AQ51: 0 | AR51: 0 | AS51: 0 | AT51: 80 | AU51: 50 | AV51: 1 | AW51: 1 | AZ51: 6.08 | BA51: 1 | BB51: 1 | BC51: 6.08 | BH51: 3 | BI51: 1 | BM51: 62001 | BN51: 0 | BP51: 0 | BQ51: 6 | BR51: 0 | BS51: 1 | BT51: 1 | BU51: 1 | BV51: 1 | BW51: 1 | BX51: 1 | BZ51: 80 | CA51: 50 | CF51: 0 | CG51: 0 | CM51: 0 | CO51: 0 | CP51: =(P51+Q51+S51) -> 0 | CQ51: =AC51*BC51 -> 0 | CR51: =AD51*BB51 -> 0 | CS51: =AE51*BS51 -> 0 | CT51: =AF51*BA51 -> 0 | CU51: =AG51 -> 0 | CV51: =AH51 -> 0 | CW51: =AI51 -> 0 | CX51: =AJ51 -> 0 | CY51: =(((S51+R51)*AT51)/100) -> 0 | CZ51: =(((S51+R51)*AU51)/100) -> 0 | DN51: 0 | DO51: 0 | DP51: 1 | DQ51: 1 | DU51: 1009 | DV51: т | DW51: т | DX51: 1000 | EE51: 38092899 | EF51: 6 | EG51: Ремонтно-строительные работы | EH51: 0 | EJ51: 1 | EK51: 62001 | EL51: Малярные работы | EM51: рФЕР-62 | EQ51: 0 | ER51: 0 | ES51: 0 | ET51: 0 | EU51: 0 | EV51: 0 | EW51: 0 | EX51: 0 | FQ51: 0 | FR51: =ROUND(IF(AND(BH51=3,BI51=3),P51,0),2) -> 0 | FS51: 0 | FX51: 80 | FY51: 50 | GA51: занесена вручную | GD51: 0 | GF51: 1891904026 | GG51: 1 | GH51: 1 | GI51: 4 | GJ51: 0 | GK51: =ROUND(R51*(R12)/100,2) -> 0 | GL51: =ROUND(IF(AND(BH51=3,BI51=3,FS51<>0),P51,0),2) -> 0 | GM51: =ROUND(O51+X51+Y51+GK51,2)+GX51 -> 0 | GN51: =IF(OR(BI51=0,BI51=1),ROUND(O51+X51+Y51+GK51,2),0) -> 0 | GO51: =IF(BI51=2,ROUND(O51+X51+Y51+GK51,2),0) -> 0 | GP51: =IF(BI51=4,ROUND(O51+X51+Y51+GK51,2)+GX51,0) -> 0 | GR51: 0 | GS51: 4 | GT51: 0 | GV51: =ROUND(GT51,2) -> 0 | GW51: 1 | GX51: =ROUND(GV51*GW51*I51,2) -> 0 | HA51: 0 | HB51: 0 | IK51: 0
A53: 51 | B53: =B20 -> 1 | C53: =A20 -> 3 | D53: =ROW(A20) -> 20 | F53: =IF(F20<>"",F20,"") -> Новая локальная смета | G53: =IF(G20<>"",G20,"") -> Новая локальная смета | H53: 0 | O53: =ROUND(AB53,2) -> 102286.84 | P53: =ROUND(AC53,2) -> 89191.61 | Q53: =ROUND(AD53,2) -> 366.57 | R53: =ROUND(AE53,2) -> 117.4 | S53: =ROUND(AF53,2) -> 12728.66 | T53: =ROUND(AG53,2) -> 0 | U53: =AH53 -> 242.25641 | V53: =AI53 -> 1.660045 | W53: =ROUND(AJ53,2) -> 0 | X53: =ROUND(AK53,2) -> 11524.76 | Y53: =ROUND(AL53,2) -> 7202.59 | AB53: =ROUND(SUMIF(AA24:AA51,"=39102310",O24:O51),2) -> 102286.84 | AC53: =ROUND(SUMIF(AA24:AA51,"=39102310",P24:P51),2) -> 89191.61 | AD53: =ROUND(SUMIF(AA24:AA51,"=39102310",Q24:Q51),2) -> 366.57 | AE53: =ROUND(SUMIF(AA24:AA51,"=39102310",R24:R51),2) -> 117.4 | AF53: =ROUND(SUMIF(AA24:AA51,"=39102310",S24:S51),2) -> 12728.66 | AG53: =ROUND(SUMIF(AA24:AA51,"=39102310",T24:T51),2) -> 0 | AH53: =SUMIF(AA24:AA51,"=39102310",U24:U51) -> 242.25641 | AI53: =SUMIF(AA24:AA51,"=39102310",V24:V51) -> 1.660045 | AJ53: =ROUND(SUMIF(AA24:AA51,"=39102310",W24:W51),2) -> 0 | AK53: =ROUND(SUMIF(AA24:AA51,"=39102310",X24:X51),2) -> 11524.76 | AL53: =ROUND(SUMIF(AA24:AA51,"=39102310",Y24:Y51),2) -> 7202.59 | AO53: =ROUND(BX53,2) -> 0 | AP53: =ROUND(BY53,2) -> 0 | AQ53: =ROUND(BZ53,2) -> 0 | AR53: =ROUND(CA53,2) -> 121014.19 | AS53: =ROUND(CB53,2) -> 121014.19 | AT53: =ROUND(CC53,2) -> 0 | AU53: =ROUND(CD53,2) -> 0 | AV53: =ROUND(CE53,2) -> 89191.61 | ... BC53: =ROUND(CL53,2) -> 0 | BX53: =ROUND(SUMIF(AA24:AA51,"=39102310",FQ24:FQ51),2) -> 0 | BY53: =ROUND(SUMIF(AA24:AA51,"=39102310",FR24:FR51),2) -> 0 | BZ53: =ROUND(SUMIF(AA24:AA51,"=39102310",GL24:GL51),2) -> 0 | CA53: =ROUND(SUMIF(AA24:AA51,"=39102310",GM24:GM51),2) -> 121014.19 | CB53: =ROUND(SUMIF(AA24:AA51,"=39102310",GN24:GN51),2) -> 121014.19 | CC53: =ROUND(SUMIF(AA24:AA51,"=39102310",GO24:GO51),2) -> 0 | CD53: =ROUND(SUMIF(AA24:AA51,"=39102310",GP24:GP51),2) -> 0 | CE53: =AC53-BX53 -> 89191.61 | CF53: =AC53-BY53 -> 89191.61 | CG53: =BX53-BZ53 -> 0 | CH53: =AC53-BX53-BY53+BZ53 -> 89191.61 | CI53: =BY53-BZ53 -> 0 | CJ53: =ROUND(SUMIF(AA24:AA51,"=39102310",GX24:GX51),2) -> 0 | CK53: =ROUND(SUMIF(AA24:AA51,"=39102310",GY24:GY51),2) -> 0 | CL53: =ROUND(SUMIF(AA24:AA51,"=39102310",GZ24:GZ51),2) -> 0 | GX53: 0
A55: 50 | B55: 0 | C55: 0 | D55: 1 | E55: 201 | F55: =ROUND(Source!O53,O55) -> 102286.84 | G55: ПЗ | H55: Прямые затраты | K55: 201 | L55: 1 | M55: 3 | O55: 2
A56: 50 | B56: 0 | C56: 0 | D56: 1 | E56: 202 | F56: =ROUND(Source!P53,O56) -> 89191.61 | G56: СтМатОб | H56: Стоимость материальных ресурсов (всего) | K56: 202 | L56: 2 | M56: 3 | O56: 2
A57: 50 | B57: 0 | C57: 0 | D57: 1 | E57: 222 | F57: =ROUND(Source!AO53,O57) -> 0 | G57: СтМатОбЗак | H57: Стоимость материалов и оборудования заказчика | K57: 222 | L57: 3 | M57: 3 | O57: 2
A58: 50 | B58: 0 | C58: 0 | D58: 1 | E58: 225 | F58: =ROUND(Source!AV53,O58) -> 89191.61 | G58: СтМатОбПод | H58: Стоимость материалов и оборудования подрядчика | K58: 225 | L58: 4 | M58: 3 | O58: 2
A59: 50 | B59: 0 | C59: 0 | D59: 1 | E59: 226 | F59: =ROUND(Source!AW53,O59) -> 89191.61 | G59: СтМат | H59: Стоимость материалов (всего) | K59: 226 | L59: 5 | M59: 3 | O59: 2
A60: 50 | B60: 0 | C60: 0 | D60: 1 | E60: 227 | F60: =ROUND(Source!AX53,O60) -> 0 | G60: СтМатЗак | H60: Стоимость материалов заказчика | K60: 227 | L60: 6 | M60: 3 | O60: 2
A61: 50 | B61: 0 | C61: 0 | D61: 1 | E61: 228 | F61: =ROUND(Source!AY53,O61) -> 89191.61 | G61: СтМатПод | H61: Стоимость материалов подрядчика | K61: 228 | L61: 7 | M61: 3 | O61: 2
A62: 50 | B62: 0 | C62: 0 | D62: 1 | E62: 216 | F62: =ROUND(Source!AP53,O62) -> 0 | G62: Оборуд | H62: Стоимость оборудования (всего) | K62: 216 | L62: 8 | M62: 3 | O62: 2
A63: 50 | B63: 0 | C63: 0 | D63: 1 | E63: 223 | F63: =ROUND(Source!AQ53,O63) -> 0 | G63: ОборудЗак | H63: Стоимость оборудования заказчика | K63: 223 | L63: 9 | M63: 3 | O63: 2
A64: 50 | B64: 0 | C64: 0 | D64: 1 | E64: 229 | F64: =ROUND(Source!AZ53,O64) -> 0 | G64: ОборудПод | H64: Стоимость оборудования подрядчика | K64: 229 | L64: 10 | M64: 3 | O64: 2
A65: 50 | B65: 0 | C65: 0 | D65: 1 | E65: 203 | F65: =ROUND(Source!Q53,O65) -> 366.57 | G65: ЭММ | H65: Эксплуатация машин | K65: 203 | L65: 11 | M65: 3 | O65: 2
A66: 50 | B66: 0 | C66: 0 | D66: 1 | E66: 231 | F66: =ROUND(Source!BB53,O66) -> 0 | G66: ЭММсНРиСП | H66: Эксплуатация машин по ТСН-2001.16 | K66: 231 | L66: 12 | M66: 3 | O66: 2
A67: 50 | B67: 0 | C67: 0 | D67: 1 | E67: 204 | F67: =ROUND(Source!R53,O67) -> 117.4 | G67: ЗПМ | H67: ЗП машинистов | K67: 204 | L67: 13 | M67: 3 | O67: 2
A68: 50 | B68: 0 | C68: 0 | D68: 1 | E68: 205 | F68: =ROUND(Source!S53,O68) -> 12728.66 | G68: ОЗП | H68: Основная ЗП рабочих | K68: 205 | L68: 14 | M68: 3 | O68: 2
A69: 50 | B69: 0 | C69: 0 | D69: 1 | E69: 232 | F69: =ROUND(Source!BC53,O69) -> 0 | G69: ОЗПсНРиСП | H69: Основная ЗП рабочих по ТСН-2001.16 | K69: 232 | L69: 15 | M69: 3 | O69: 2
A70: 50 | B70: 0 | C70: 0 | D70: 1 | E70: 214 | F70: =ROUND(Source!AS53,O70) -> 121014.19 | G70: Строит | H70: Строительные работы с НР и СП | K70: 214 | L70: 16 | M70: 3 | O70: 2
A71: 50 | B71: 0 | C71: 0 | D71: 1 | E71: 215 | F71: =ROUND(Source!AT53,O71) -> 0 | G71: Монтаж | H71: Монтажные работы с НР и СП | K71: 215 | L71: 17 | M71: 3 | O71: 2
A72: 50 | B72: 0 | C72: 0 | D72: 1 | E72: 217 | F72: =ROUND(Source!AU53,O72) -> 0 | G72: Прочие | H72: Прочие работы с НР и СП | K72: 217 | L72: 18 | M72: 3 | O72: 2
A73: 50 | B73: 0 | C73: 0 | D73: 1 | E73: 230 | F73: =ROUND(Source!BA53,O73) -> 0 | G73: ПрочиеЗатр | H73: Прочие затраты по ТСН-2001.16 | K73: 230 | L73: 19 | M73: 3 | O73: 2
A74: 50 | B74: 0 | C74: 0 | D74: 1 | E74: 206 | F74: =ROUND(Source!T53,O74) -> 0 | G74: ВозврМат | H74: Возврат материалов | K74: 206 | L74: 20 | M74: 3 | O74: 2
A75: 50 | B75: 0 | C75: 0 | D75: 1 | E75: 207 | F75: =Source!U53 -> 242.25641 | G75: ТрудСтр | H75: Трудозатраты строителей | K75: 207 | L75: 21 | M75: 3 | O75: -1
A76: 50 | B76: 0 | C76: 0 | D76: 1 | E76: 208 | F76: =Source!V53 -> 1.660045 | G76: ТрудМаш | H76: Трудозатраты машинистов | K76: 208 | L76: 22 | M76: 3 | O76: -1
A77: 50 | B77: 0 | C77: 0 | D77: 1 | E77: 209 | F77: =ROUND(Source!W53,O77) -> 0 | G77: ТранспМат | H77: Транспорт материалов | K77: 209 | L77: 23 | M77: 3 | O77: 2
A78: 50 | B78: 0 | C78: 0 | D78: 1 | E78: 210 | F78: =ROUND(Source!X53,O78) -> 11524.76 | G78: НР | H78: Накладные расходы | K78: 210 | L78: 24 | M78: 3 | O78: 2
A79: 50 | B79: 0 | C79: 0 | D79: 1 | E79: 211 | F79: =ROUND(Source!Y53,O79) -> 7202.59 | G79: СмПриб | H79: Сметная прибыль | K79: 211 | L79: 25 | M79: 3 | O79: 2
A80: 50 | B80: 0 | C80: 0 | D80: 1 | E80: 224 | F80: =ROUND(Source!AR53,O80) -> 121014.19 | G80: Всего | H80: Всего с НР и СП | K80: 224 | L80: 26 | M80: 3 | O80: 2
A81: 50 | B81: 1 | C81: 0 | D81: 2 | E81: 0 | F81: =ROUND(F80,O81) -> 121014.19 | G81: и1 | H81: Итого | K81: 212 | L81: 27 | M81: 0 | O81: 2
A82: 50 | B82: 1 | C82: 0 | D82: 2 | E82: 0 | F82: =ROUND(F81*0.18,O82) -> 21782.55 | G82: и2 | H82: НДС 18% | K82: 212 | L82: 28 | M82: 0 | O82: 2
A83: 50 | B83: 1 | C83: 0 | D83: 2 | E83: 213 | F83: =ROUND(F81+F82,O83) -> 142796.74 | G83: и3 | H83: Всего | K83: 212 | L83: 29 | M83: 0 | O83: 2
A85: 51 | B85: =B12 -> 143 | C85: =A12 -> 1 | D85: =ROW(A12) -> 12 | F85: =IF(F12<>"",F12,"") -> Новый объект_(Копия) | G85: =IF(G12<>"",G12,"") -> на капитальный ремонт помещения №37 лаборатории СХД в здании учебного корпуса Озёрского технологического института -филиала НИЯУ МИФИ по адресу: Челябинская обл.,г.Озёрск,проспект Победы,48 | H85: 0 | O85: =ROUND(O53,2) -> 102286.84 | P85: =ROUND(P53,2) -> 89191.61 | Q85: =ROUND(Q53,2) -> 366.57 | R85: =ROUND(R53,2) -> 117.4 | S85: =ROUND(S53,2) -> 12728.66 | T85: =ROUND(T53,2) -> 0 | U85: =U53 -> 242.25641 | V85: =V53 -> 1.660045 | W85: =ROUND(W53,2) -> 0 | X85: =ROUND(X53,2) -> 11524.76 | Y85: =ROUND(Y53,2) -> 7202.59 | AO85: =ROUND(AO53,2) -> 0 | AP85: =ROUND(AP53,2) -> 0 | AQ85: =ROUND(AQ53,2) -> 0 | AR85: =ROUND(AR53,2) -> 121014.19 | AS85: =ROUND(AS53,2) -> 121014.19 | AT85: =ROUND(AT53,2) -> 0 | AU85: =ROUND(AU53,2) -> 0 | AV85: =ROUND(AV53,2) -> 89191.61 | ... BC85: =ROUND(BC53,2) -> 0 | GX85: 0
A87: 50 | B87: 0 | C87: 0 | D87: 1 | E87: 201 | F87: =ROUND(Source!O85,O87) -> 102286.84 | G87: ПЗ | H87: Прямые затраты | K87: 201 | L87: 1 | M87: 3 | O87: 2
A88: 50 | B88: 0 | C88: 0 | D88: 1 | E88: 202 | F88: =ROUND(Source!P85,O88) -> 89191.61 | G88: СтМатОб | H88: Стоимость материальных ресурсов (всего) | K88: 202 | L88: 2 | M88: 3 | O88: 2
A89: 50 | B89: 0 | C89: 0 | D89: 1 | E89: 222 | F89: =ROUND(Source!AO85,O89) -> 0 | G89: СтМатОбЗак | H89: Стоимость материалов и оборудования заказчика | K89: 222 | L89: 3 | M89: 3 | O89: 2
A90: 50 | B90: 0 | C90: 0 | D90: 1 | E90: 225 | F90: =ROUND(Source!AV85,O90) -> 89191.61 | G90: СтМатОбПод | H90: Стоимость материалов и оборудования подрядчика | K90: 225 | L90: 4 | M90: 3 | O90: 2
A91: 50 | B91: 0 | C91: 0 | D91: 1 | E91: 226 | F91: =ROUND(Source!AW85,O91) -> 89191.61 | G91: СтМат | H91: Стоимость материалов (всего) | K91: 226 | L91: 5 | M91: 3 | O91: 2
A92: 50 | B92: 0 | C92: 0 | D92: 1 | E92: 227 | F92: =ROUND(Source!AX85,O92) -> 0 | G92: СтМатЗак | H92: Стоимость материалов заказчика | K92: 227 | L92: 6 | M92: 3 | O92: 2
A93: 50 | B93: 0 | C93: 0 | D93: 1 | E93: 228 | F93: =ROUND(Source!AY85,O93) -> 89191.61 | G93: СтМатПод | H93: Стоимость материалов подрядчика | K93: 228 | L93: 7 | M93: 3 | O93: 2
A94: 50 | B94: 0 | C94: 0 | D94: 1 | E94: 216 | F94: =ROUND(Source!AP85,O94) -> 0 | G94: Оборуд | H94: Стоимость оборудования (всего) | K94: 216 | L94: 8 | M94: 3 | O94: 2
A95: 50 | B95: 0 | C95: 0 | D95: 1 | E95: 223 | F95: =ROUND(Source!AQ85,O95) -> 0 | G95: ОборудЗак | H95: Стоимость оборудования заказчика | K95: 223 | L95: 9 | M95: 3 | O95: 2
A96: 50 | B96: 0 | C96: 0 | D96: 1 | E96: 229 | F96: =ROUND(Source!AZ85,O96) -> 0 | G96: ОборудПод | H96: Стоимость оборудования подрядчика | K96: 229 | L96: 10 | M96: 3 | O96: 2
A97: 50 | B97: 0 | C97: 0 | D97: 1 | E97: 203 | F97: =ROUND(Source!Q85,O97) -> 366.57 | G97: ЭММ | H97: Эксплуатация машин | K97: 203 | L97: 11 | M97: 3 | O97: 2
A98: 50 | B98: 0 | C98: 0 | D98: 1 | E98: 231 | F98: =ROUND(Source!BB85,O98) -> 0 | G98: ЭММсНРиСП | H98: Эксплуатация машин по ТСН-2001.16 | K98: 231 | L98: 12 | M98: 3 | O98: 2
A99: 50 | B99: 0 | C99: 0 | D99: 1 | E99: 204 | F99: =ROUND(Source!R85,O99) -> 117.4 | G99: ЗПМ | H99: ЗП машинистов | K99: 204 | L99: 13 | M99: 3 | O99: 2
A100: 50 | B100: 0 | C100: 0 | D100: 1 | E100: 205 | F100: =ROUND(Source!S85,O100) -> 12728.66 | G100: ОЗП | H100: Основная ЗП рабочих | K100: 205 | L100: 14 | M100: 3 | O100: 2
A101: 50 | B101: 0 | C101: 0 | D101: 1 | E101: 232 | F101: =ROUND(Source!BC85,O101) -> 0 | G101: ОЗПсНРиСП | H101: Основная ЗП рабочих по ТСН-2001.16 | K101: 232 | L101: 15 | M101: 3 | O101: 2
A102: 50 | B102: 0 | C102: 0 | D102: 1 | E102: 214 | F102: =ROUND(Source!AS85,O102) -> 121014.19 | G102: Строит | H102: Строительные работы с НР и СП | K102: 214 | L102: 16 | M102: 3 | O102: 2
A103: 50 | B103: 0 | C103: 0 | D103: 1 | E103: 215 | F103: =ROUND(Source!AT85,O103) -> 0 | G103: Монтаж | H103: Монтажные работы с НР и СП | K103: 215 | L103: 17 | M103: 3 | O103: 2
A104: 50 | B104: 0 | C104: 0 | D104: 1 | E104: 217 | F104: =ROUND(Source!AU85,O104) -> 0 | G104: Прочие | H104: Прочие работы с НР и СП | K104: 217 | L104: 18 | M104: 3 | O104: 2
A105: 50 | B105: 0 | C105: 0 | D105: 1 | E105: 230 | F105: =ROUND(Source!BA85,O105) -> 0 | G105: ПрочиеЗатр | H105: Прочие затраты по ТСН-2001.16 | K105: 230 | L105: 19 | M105: 3 | O105: 2
A106: 50 | B106: 0 | C106: 0 | D106: 1 | E106: 206 | F106: =ROUND(Source!T85,O106) -> 0 | G106: ВозврМат | H106: Возврат материалов | K106: 206 | L106: 20 | M106: 3 | O106: 2
A107: 50 | B107: 0 | C107: 0 | D107: 1 | E107: 207 | F107: =Source!U85 -> 242.25641 | G107: ТрудСтр | H107: Трудозатраты строителей | K107: 207 | L107: 21 | M107: 3 | O107: -1
A108: 50 | B108: 0 | C108: 0 | D108: 1 | E108: 208 | F108: =Source!V85 -> 1.660045 | G108: ТрудМаш | H108: Трудозатраты машинистов | K108: 208 | L108: 22 | M108: 3 | O108: -1
A109: 50 | B109: 0 | C109: 0 | D109: 1 | E109: 209 | F109: =ROUND(Source!W85,O109) -> 0 | G109: ТранспМат | H109: Транспорт материалов | K109: 209 | L109: 23 | M109: 3 | O109: 2
A110: 50 | B110: 0 | C110: 0 | D110: 1 | E110: 210 | F110: =ROUND(Source!X85,O110) -> 11524.76 | G110: НР | H110: Накладные расходы | K110: 210 | L110: 24 | M110: 3 | O110: 2
A111: 50 | B111: 0 | C111: 0 | D111: 1 | E111: 211 | F111: =ROUND(Source!Y85,O111) -> 7202.59 | G111: СмПриб | H111: Сметная прибыль | K111: 211 | L111: 25 | M111: 3 | O111: 2
A112: 50 | B112: 0 | C112: 0 | D112: 1 | E112: 224 | F112: =ROUND(Source!AR85,O112) -> 121014.19 | G112: Всего | H112: Всего с НР и СП | K112: 224 | L112: 26 | M112: 3 | O112: 2
A115: 70 | B115: 1 | D115: 1 | E115: СТР_РЕК | F115: СТРОИТЕЛЬСТВО и РЕКОНСТРУКЦИЯ зданий и сооружений всех назначений | G115: 0 | H115: 0 | J115: 1 | K115: 0 | N115: 0
A116: 70 | B116: 1 | D116: 2 | E116: РЕМ_ЖИЛ | F116: КАП. РЕМ. ЖИЛЫХ И ОБЩЕСТВЕННЫХ ЗДАНИЙ | G116: 1 | H116: 0 | J116: 1 | K116: 0 | N116: 0
A117: 70 | B117: 1 | D117: 3 | E117: РЕМ_ПР | F117: КАП. РЕМ. ПРОИЗВОДСТВЕННЫХ ЗД, и СООРУЖЕНИЙ, НАРУЖНЫХ ИНЖЕНЕРНЫХ СЕТЕЙ, УЛИЦ И ДОРОГ МЕСТНОГО ЗНАЧЕНИЯ, МОСТОВ И ПУТЕПРОВОДОВ | G117: 0 | H117: 0 | J117: 1 | K117: 0 | N117: 0
A118: 70 | B118: 1 | D118: 4 | E118: УПР | F118: {вкл} - УПРОЩЕННОЕ НАЛОГООБЛОЖЕНИЕ | G118: 0 | H118: 0 | I118: Для всех расценок. ( при применении упрощенной системы налогообложения) · {УПР} - ( вкл.) - при упрощенной системе ; к = 0,9 к СП ( к= 0,7 к НР отменен с 1.01.11) · {УПР} - ( выкл.) - при обычной системе налогообложения | J118: 0 | K118: 0 | N118: 0
A119: 70 | B119: 1 | D119: 5 | E119: ХОЗ | F119: {вкл} - ХОЗЯЙСТВЕННЫЙ СПОСОБ | G119: 0 | H119: 0 | I119: Для всех расценок. ( при хозяйственном способе производства работ): · {ХОЗ} - ( вкл.) - при хоз. способе (к=0,6 к НР ) · {ХОЗ} - ( выкл.) - при обычном способе производства работ | J119: 0 | K119: 0 | N119: 0
A120: 70 | B120: 1 | D120: 6 | E120: СЛЖ | F120: {вкл} - При РЕКОНСТРУКЦИИ сложных объектов, РЕКОНСТРУКЦИИ и КАП. РЕМОНТЕ объектов с дейст. яд. реакторами | G120: 0 | H120: 0 | I120: Для сборников ФЕР ( при производстве работ на технически сложных объектах ): · { СЛЖ } - (вкл.) - работа на сложных объектах (к=1,2 к НР) · { СЛЖ } - (выкл.) - работа на обычных объектах | J120: 0 | K120: 0 | N120: 0
A121: 70 | B121: 1 | D121: 7 | E121: М/Т/Я | F121: Работы по строительству мостов, тоннелей, метрополитенов, атомных станций, объектов с ядерным топливом и радиокативными отходами ( письмо Госстроя РФ № 2536-ИП/12/ГС от 27.11.12), коэффициенты к НР =0,85 и к СП-0,8 не назначаются | G121: 0 | H121: 0 | J121: 0 | K121: 0 | N121: 0
A122: 70 | B122: 1 | D122: 8 | E122: ОПТ/В | F122: {вкл} - Прокладка МЕЖДУГОРОДНИХ ВОЛОКОННО-ОПТИЧЕСКИХ ЛИНИЙ (для ФЕРм10, отд. 6 разд.3) {выкл} - Прокладка ГОРОДСКИХ ВОЛОКОННО-ОПТИТЕСКИХ ЛИНИЙ (для ФЕРм10, отд. 6 разд.3) | G122: 0 | H122: 0 | I122: Для сборников ФЕРм-10 ( волоконно-оптические линии связи ): · {М_ГОР_опт} - ( вкл.) - междугородные сети связи ( НР=120% , СП=70% ) · {М_ГОР_опт} - ( выкл.) - городские сети связи ( НР=100%; СП=65%) | J122: 0 | K122: 0 | N122: 0
A123: 70 | B123: 1 | D123: 9 | E123: ЗАКР | F123: {вкл} - Обслуживающие и сопутстующие работы в тоннелях при производве работ ЗАКРЫТЫМ СПОСОБОМ {выкл} - Обслуживающие и сопутстующие работы в тоннелях при производве работ ОТКРЫТЫМ (ФЕР-29, разд.04 ) | G123: 0 | H123: 0 | I123: Для сборника ФЕР -29 ( сопутствующие работы в тоннелях и метро. ): · {ЗАКР} - (вкл.) - при выполнении работ в тоннелях и метро закрытым способом (НР=145% , СП=75%); · {ЗАКР} - (выкл.) - при выполнении работ в тоннелях и метро отк | J123: 0 | K123: 0 | N123: 0
...

Sheet SourceObSm
A1: 0 | B1: Smeta.RU (495) 974-1589 | D1: _OBSM_ | F1: 0 | G1: 0 | H1: 0 | I1: Smeta.RU | K1: 0 | L1: 13277 | M1: 10
A12: 1 | B12: 50 | C12: 0 | E12: 0 | F12: Новый объект_(Копия) | G12: на капитальный ремонт помещения №37 лаборатории СХД в здании учебного корпуса Озёрского технологического института -филиала НИЯУ МИФИ по адресу: Челябинская обл.,г.Озёрск,проспект Победы,48 | I12: 0 | K12: 0 | O12: 0 | P12: 0 | Q12: 0 | R12: 0 | V12: 0 | BH12: Сметные нормы списания | BI12: Коды ценников | BJ12: 1 | BK12: 1 | BL12: 0 | BM12: 0 | BN12: 1 | BO12: 0 | BP12: 2 | BQ12: 2 | BR12: 1 | BS12: 1 | BT12: 0 | BU12: 0 | BV12: 0 | BW12: 0 | BX12: 0 | BY12: ФЕР-2017 | BZ12: ТР для Версии 10: Центральные регионы (с учетом п-ма 2536-ИП/12/ГС от 22.03.2017 г | CA12: ФЕР-2017 | CB12: ФЕР-2017 | CC12: ФЕР-2017 | CD12: ФЕР-2017 | CE12: Поправки для ГСН 2017 от 31.03.2017 г | CF12: 0 | CG12: 0 | CH12: 8 | CK12: 0 | EC12: 0
A14: 22 | B14: 0 | C14: 0 | D14: 39102310 | E14: 0 | F14: 3
A16: 3 | B16: 1 | C16: Новая локальная смета | D16: Новая локальная смета | E16: =(Source!F70)/1000 -> 121.01419 | F16: =(Source!F71)/1000 -> 0 | G16: =(Source!F62)/1000 -> 0 | H16: =(Source!F72)/1000+(Source!F73)/1000 -> 0 | I16: =E16+F16+G16+H16 -> 121.01419 | J16: =(Source!F68)/1000 -> 12.72866 | AI16: 0 | AJ16: 0 | AN16: 0 | AT16: 102286.84 | AU16: 89191.61 | AV16: 0 | AW16: 0 | AX16: 0 | AY16: 366.57 | AZ16: 117.4 | BA16: 12728.66 | BB16: 121014.19 | BC16: 0 | BD16: 0 | BE16: 0 | BF16: 242.25641 | BG16: 1.660045 | BH16: 0 | BI16: 11524.76 | BJ16: 7202.59 | BK16: 121014.19
A18: 51 | E18: =SUMIF(A16:A17,3,E16:E17) -> 121.01419 | F18: =SUMIF(A16:A17,3,F16:F17) -> 0 | G18: =SUMIF(A16:A17,3,G16:G17) -> 0 | H18: =SUMIF(A16:A17,3,H16:H17) -> 0 | I18: =SUMIF(A16:A17,3,I16:I17) -> 121.01419 | J18: =SUMIF(A16:A17,3,J16:J17) -> 12.72866
A20: 50 | B20: 0 | C20: 0 | D20: 1 | E20: 201 | F20: 102286.84 | G20: ПЗ | H20: Прямые затраты | K20: 201 | L20: 1 | M20: 3 | O20: 2
A21: 50 | B21: 0 | C21: 0 | D21: 1 | E21: 202 | F21: 89191.61 | G21: СтМатОб | H21: Стоимость материальных ресурсов (всего) | K21: 202 | L21: 2 | M21: 3 | O21: 2
A22: 50 | B22: 0 | C22: 0 | D22: 1 | E22: 222 | F22: 0 | G22: СтМатОбЗак | H22: Стоимость материалов и оборудования заказчика | K22: 222 | L22: 3 | M22: 3 | O22: 2
A23: 50 | B23: 0 | C23: 0 | D23: 1 | E23: 225 | F23: 89191.61 | G23: СтМатОбПод | H23: Стоимость материалов и оборудования подрядчика | K23: 225 | L23: 4 | M23: 3 | O23: 2
A24: 50 | B24: 0 | C24: 0 | D24: 1 | E24: 226 | F24: 89191.61 | G24: СтМат | H24: Стоимость материалов (всего) | K24: 226 | L24: 5 | M24: 3 | O24: 2
A25: 50 | B25: 0 | C25: 0 | D25: 1 | E25: 227 | F25: 0 | G25: СтМатЗак | H25: Стоимость материалов заказчика | K25: 227 | L25: 6 | M25: 3 | O25: 2
A26: 50 | B26: 0 | C26: 0 | D26: 1 | E26: 228 | F26: 89191.61 | G26: СтМатПод | H26: Стоимость материалов подрядчика | K26: 228 | L26: 7 | M26: 3 | O26: 2
A27: 50 | B27: 0 | C27: 0 | D27: 1 | E27: 216 | F27: 0 | G27: Оборуд | H27: Стоимость оборудования (всего) | K27: 216 | L27: 8 | M27: 3 | O27: 2
A28: 50 | B28: 0 | C28: 0 | D28: 1 | E28: 223 | F28: 0 | G28: ОборудЗак | H28: Стоимость оборудования заказчика | K28: 223 | L28: 9 | M28: 3 | O28: 2
A29: 50 | B29: 0 | C29: 0 | D29: 1 | E29: 229 | F29: 0 | G29: ОборудПод | H29: Стоимость оборудования подрядчика | K29: 229 | L29: 10 | M29: 3 | O29: 2
A30: 50 | B30: 0 | C30: 0 | D30: 1 | E30: 203 | F30: 366.57 | G30: ЭММ | H30: Эксплуатация машин | K30: 203 | L30: 11 | M30: 3 | O30: 2
A31: 50 | B31: 0 | C31: 0 | D31: 1 | E31: 231 | F31: 0 | G31: ЭММсНРиСП | H31: Эксплуатация машин по ТСН-2001.16 | K31: 231 | L31: 12 | M31: 3 | O31: 2
... A45: 50 | B45: 0 | C45: 0 | D45: 1 | E45: 224 | F45: 121014.19 | G45: Всего | H45: Всего с НР и СП | K45: 224 | L45: 26 | M45: 3 | O45: 2
A47: -1
A50: 75 | B50: Уровень цен | C50: 2017 | D50: 4 | E50: 0 | F50: 0 | G50: 0 | H50: 1 | I50: 0 | J50: 1 | K50: 0 | L50: 0 | M50: 0 | N50: 39102310 | O50: 1
A51: 3 | B51: Индексы за итогом | C51: 6.08 | D51: 1 | E51: 1 | F51: 1 | G51: 1 | H51: 1 | I51: 1 | J51: 1 | K51: 1 | L51: 1 | M51: 6.08 | N51: 1 | O51: 1 | P51: 1 | Q51: 1 | R51: 1

Sheet SmtRes
A1: =ROW(Source!A24) -> 24 | B1: 39102310 | C1: 39102372 | D1: 37064998 | E1: 1 | F1: 1 | G1: 1 | H1: 1 | I1: 1-100-20 | K1: Рабочий среднего разряда 2 | L1: 1191 | N1: 1013 | O1: чел.-ч. | P1: чел.-ч. | Q1: 1 | W1: 0 | X1: 735429535 | Y1: 3.77 | AA1: 0 | AB1: 0 | AC1: 0 | AD1: 47.42 | AE1: 0 | AF1: 0 | AG1: 0 | AH1: 7.8 | AI1: 1 | AJ1: 1 | AK1: 1 | AL1: 6.08 | AN1: 0 | AO1: 1 | AP1: 0 | AQ1: 0 | AR1: 0 | AT1: 3.77 | AV1: 1 | AW1: 2 | AX1: 39102374 | AY1: 1 | AZ1: 0 | BA1: 1 | BB1: 0 | BC1: 0 | BD1: 0 | BE1: 0 | BF1: 0 | BG1: 0 | BH1: 0 | BI1: 0 | BJ1: 0 | BK1: 0 | BL1: 0 | BM1: 0 | BN1: 0 | BO1: 0 | BP1: 0 | BQ1: 0 | BR1: 0 | BS1: 0 | BT1: 0 | BU1: 0 | BV1: 0 | BW1: 0 | CX1: =Y1*Source!I24 -> 0.8671 | CY1: =AD1 -> 47.42 | CZ1: =AH1 -> 7.8 | DA1: =AL1 -> 6.08 | DB1: 0
A2: =ROW(Source!A25) -> 25 | B2: 39102310 | C2: 39102376 | D2: 37064998 | E2: 1 | F2: 1 | G2: 1 | H2: 1 | I2: 1-100-20 | K2: Рабочий среднего разряда 2 | L2: 1191 | N2: 1013 | O2: чел.-ч. | P2: чел.-ч. | Q2: 1 | W2: 0 | X2: 735429535 | Y2: 11.39 | AA2: 0 | AB2: 0 | AC2: 0 | AD2: 47.42 | AE2: 0 | AF2: 0 | AG2: 0 | AH2: 7.8 | AI2: 1 | AJ2: 1 | AK2: 1 | AL2: 6.08 | AN2: 0 | AO2: 1 | AP2: 0 | AQ2: 0 | AR2: 0 | AT2: 11.39 | AV2: 1 | AW2: 2 | AX2: 39102380 | AY2: 1 | AZ2: 0 | BA2: 3 | BB2: 0 | BC2: 0 | BD2: 0 | BE2: 0 | BF2: 0 | BG2: 0 | BH2: 0 | BI2: 0 | BJ2: 0 | BK2: 0 | BL2: 0 | BM2: 0 | BN2: 0 | BO2: 0 | BP2: 0 | BQ2: 0 | BR2: 0 | BS2: 0 | BT2: 0 | BU2: 0 | BV2: 0 | BW2: 0 | CX2: =Y2*Source!I25 -> 4.13457 | CY2: =AD2 -> 47.42 | CZ2: =AH2 -> 7.8 | DA2: =AL2 -> 6.08 | DB2: 0
A3: =ROW(Source!A25) -> 25 | B3: 39102310 | C3: 39102376 | D3: 37064876 | E3: 1 | F3: 1 | G3: 1 | H3: 1 | I3: 4-100-00 | K3: Затраты труда машинистов | L3: 1191 | N3: 1013 | O3: чел.-ч. | P3: чел.-ч. | Q3: 1 | W3: 0 | X3: -1417349443 | Y3: 0.13 | AA3: 0 | AB3: 0 | AC3: 0 | AD3: 0 | AE3: 0 | AF3: 0 | AG3: 0 | AH3: 0 | AI3: 1 | AJ3: 1 | AK3: 6.08 | AL3: 1 | AN3: 0 | AO3: 1 | AP3: 0 | AQ3: 0 | AR3: 0 | AT3: 0.13 | AV3: 2 | AW3: 2 | AX3: 39102381 | AY3: 1 | AZ3: 0 | BA3: 4 | BB3: 0 | BC3: 0 | BD3: 0 | BE3: 0 | BF3: 0 | BG3: 0 | BH3: 0 | BI3: 0 | BJ3: 0 | BK3: 0 | BL3: 0 | BM3: 0 | BN3: 0 | BO3: 0 | BP3: 0 | BQ3: 0 | BR3: 0 | BS3: 0 | BT3: 0 | BU3: 0 | BV3: 0 | BW3: 0 | CX3: =Y3*Source!I25 -> 0.04719 | CY3: =AD3 -> 0 | CZ3: =AH3 -> 0 | DA3: =AL3 -> 1 | DB3: 0
A4: =ROW(Source!A25) -> 25 | B4: 39102310 | C4: 39102376 | D4: 36882452 | E4: 1 | F4: 1 | G4: 1 | H4: 2 | I4: 91.06.06-048 | J4: ФСЭМ-2001, 91.06.06-048, приказ Минстроя России №1039/пр от 30.12.2016г. | K4: Подъемники одномачтовые, грузоподъемность до 500 кг, высота подъема 45 м | L4: 1368 | N4: 1011 | O4: маш.-ч | P4: маш.-ч | Q4: 1 | W4: 0 | X4: 1188625873 | Y4: 0.13 | AA4: 0 | AB4: 190.06 | AC4: 13.5 | AD4: 0 | AE4: 0 | AF4: 31.26 | AG4: 13.5 | AH4: 0 | AI4: 1 | AJ4: 6.08 | AK4: 1 | AL4: 1 | AN4: 0 | AO4: 1 | AP4: 0 | AQ4: 0 | AR4: 0 | AT4: 0.13 | AV4: 0 | AW4: 2 | AX4: 39102382 | AY4: 1 | AZ4: 0 | BA4: 5 | BB4: 0 | BC4: 0 | BD4: 0 | BE4: 0 | BF4: 0 | BG4: 0 | BH4: 0 | BI4: 0 | BJ4: 0 | BK4: 0 | BL4: 0 | BM4: 0 | BN4: 0 | BO4: 0 | BP4: 0 | BQ4: 0 | BR4: 0 | BS4: 0 | BT4: 0 | BU4: 0 | BV4: 0 | BW4: 0 | CX4: =Y4*Source!I25 -> 0.04719 | CY4: =AB4 -> 190.06 | CZ4: =AF4 -> 31.26 | DA4: =AJ4 -> 6.08 | DB4: 0
A5: =ROW(Source!A26) -> 26 | B5: 39102310 | C5: 39102384 | D5: 37065248 | E5: 1 | F5: 1 | G5: 1 | H5: 1 | I5: 1-100-30 | K5: Рабочий среднего разряда 3 | L5: 1191 | N5: 1013 | O5: чел.-ч. | P5: чел.-ч. | Q5: 1 | W5: 0 | X5: -400197608 | Y5: 51.9846 | AA5: 0 | AB5: 0 | AC5: 0 | AD5: 51.86 | AE5: 0 | AF5: 0 | AG5: 0 | AH5: 8.53 | AI5: 1 | AJ5: 1 | AK5: 1 | AL5: 6.08 | AN5: 0 | AO5: 1 | AP5: 1 | AQ5: 0 | AR5: 0 | AT5: 37.67 | AU5: )*1,15)*1,2 | AV5: 1 | AW5: 2 | AX5: 39102392 | AY5: 1 | AZ5: 0 | BA5: 7 | BB5: 0 | BC5: 0 | BD5: 0 | BE5: 0 | BF5: 0 | BG5: 0 | BH5: 0 | BI5: 0 | BJ5: 0 | BK5: 0 | BL5: 0 | BM5: 0 | BN5: 0 | BO5: 0 | BP5: 0 | BQ5: 0 | BR5: 0 | BS5: 0 | BT5: 0 | BU5: 0 | BV5: 0 | BW5: 0 | CX5: =Y5*Source!I26 -> 18.87041 | CY5: =AD5 -> 51.86 | CZ5: =AH5 -> 8.53 | DA5: =AL5 -> 6.08 | DB5: 0
A6: =ROW(Source!A26) -> 26 | B6: 39102310 | C6: 39102384 | D6: 37064876 | E6: 1 | F6: 1 | G6: 1 | H6: 1 | I6: 4-100-00 | K6: Затраты труда машинистов | L6: 1191 | N6: 1013 | O6: чел.-ч. | P6: чел.-ч. | Q6: 1 | W6: 0 | X6: -1417349443 | Y6: 0.17 | AA6: 0 | AB6: 0 | AC6: 0 | AD6: 0 | AE6: 0 | AF6: 0 | AG6: 0 | AH6: 0 | AI6: 1 | AJ6: 1 | AK6: 6.08 | AL6: 1 | AN6: 0 | AO6: 1 | AP6: 0 | AQ6: 0 | AR6: 0 | AT6: 0.17 | AV6: 2 | AW6: 2 | AX6: 39102393 | AY6: 1 | AZ6: 2048 | BA6: 8 | BB6: 0 | BC6: 0 | BD6: 0 | BE6: 0 | BF6: 0 | BG6: 0 | BH6: 0 | BI6: 0 | BJ6: 0 | BK6: 0 | BL6: 0 | BM6: 0 | BN6: 0 | BO6: 0 | BP6: 0 | BQ6: 0 | BR6: 0 | BS6: 0 | BT6: 0 | BU6: 0 | BV6: 0 | BW6: 0 | CX6: =Y6*Source!I26 -> 0.06171 | CY6: =AD6 -> 0 | CZ6: =AH6 -> 0 | DA6: =AL6 -> 1 | DB6: 0
A7: =ROW(Source!A26) -> 26 | B7: 39102310 | C7: 39102384 | D7: 36882448 | E7: 1 | F7: 1 | G7: 1 | H7: 2 | I7: 91.06.06-046 | J7: ФСЭМ-2001, 91.06.06-046, приказ Минстроя России №1039/пр от 30.12.2016г. | K7: Подъемники одномачтовые, грузоподъемность до 500 кг, высота подъема 25 м | L7: 1368 | N7: 1011 | O7: маш.-ч | P7: маш.-ч | Q7: 1 | W7: 0 | X7: 368031958 | Y7: 0.195 | AA7: 0 | AB7: 168.17 | AC7: 11.6 | AD7: 0 | AE7: 0 | AF7: 27.66 | AG7: 11.6 | AH7: 0 | AI7: 1 | AJ7: 6.08 | AK7: 1 | AL7: 1 | AN7: 0 | AO7: 1 | AP7: 1 | AQ7: 0 | AR7: 0 | AT7: 0.13 | AU7: )*1,25)*1,2 | AV7: 0 | AW7: 2 | AX7: 39102394 | AY7: 1 | AZ7: 0 | BA7: 9 | BB7: 0 | BC7: 0 | BD7: 0 | BE7: 0 | BF7: 0 | BG7: 0 | BH7: 0 | BI7: 0 | BJ7: 0 | BK7: 0 | BL7: 0 | BM7: 0 | BN7: 0 | BO7: 0 | BP7: 0 | BQ7: 0 | BR7: 0 | BS7: 0 | BT7: 0 | BU7: 0 | BV7: 0 | BW7: 0 | CX7: =Y7*Source!I26 -> 0.070785 | CY7: =AB7 -> 168.17 | CZ7: =AF7 -> 27.66 | DA7: =AJ7 -> 6.08 | DB7: 0
A8: =ROW(Source!A26) -> 26 | B8: 39102310 | C8: 39102384 | D8: 36883554 | E8: 1 | F8: 1 | G8: 1 | H8: 2 | I8: 91.14.02-001 | J8: ФСЭМ-2001, 91.14.02-001, приказ Минстроя России №1039/пр от 30.12.2016г. | K8: Автомобили бортовые, грузоподъемность до 5 т | L8: 1368 | N8: 1011 | O8: маш.-ч | P8: маш.-ч | Q8: 1 | W8: 0 | X8: 1372534845 | Y8: 0.06 | AA8: 0 | AB8: 399.52 | AC8: 11.6 | AD8: 0 | AE8: 0 | AF8: 65.71 | AG8: 11.6 | AH8: 0 | AI8: 1 | AJ8: 6.08 | AK8: 1 | AL8: 1 | AN8: 0 | AO8: 1 | AP8: 1 | AQ8: 0 | AR8: 0 | AT8: 0.04 | AU8: )*1,25)*1,2 | AV8: 0 | AW8: 2 | AX8: 39102395 | AY8: 1 | AZ8: 0 | BA8: 10 | BB8: 0 | BC8: 0 | BD8: 0 | BE8: 0 | BF8: 0 | BG8: 0 | BH8: 0 | BI8: 0 | BJ8: 0 | BK8: 0 | BL8: 0 | BM8: 0 | BN8: 0 | BO8: 0 | BP8: 0 | BQ8: 0 | BR8: 0 | BS8: 0 | BT8: 0 | BU8: 0 | BV8: 0 | BW8: 0 | CX8: =Y8*Source!I26 -> 0.02178 | CY8: =AB8 -> 399.52 | CZ8: =AF8 -> 65.71 | DA8: =AJ8 -> 6.08 | DB8: 0
A9: =ROW(Source!A26) -> 26 | B9: 39102310 | C9: 39102384 | D9: 36801792 | E9: 1 | F9: 1 | G9: 1 | H9: 3 | I9: 01.7.03.01-0001 | J9: ФССЦ-2001, 01.7.03.01-0001, приказ Минстроя России №1039/пр от 30.12.2016г. | K9: Вода | L9: 1339 | N9: 1007 | O9: м3 | P9: м3 | Q9: 1 | W9: 0 | X9: -1660354250 | Y9: 0.174 | AA9: 14.84 | AB9: 0 | AC9: 0 | AD9: 0 | AE9: 2.44 | AF9: 0 | AG9: 0 | AH9: 0 | AI9: 6.08 | AJ9: 1 | AK9: 1 | AL9: 1 | AN9: 0 | AO9: 1 | AP9: 0 | AQ9: 0 | AR9: 0 | AT9: 0.174 | AV9: 0 | AW9: 2 | AX9: 39102396 | AY9: 1 | AZ9: 0 | BA9: 11 | BB9: 0 | BC9: 0 | BD9: 0 | BE9: 0 | BF9: 0 | BG9: 0 | BH9: 0 | BI9: 0 | BJ9: 0 | BK9: 0 | BL9: 0 | BM9: 0 | BN9: 0 | BO9: 0 | BP9: 0 | BQ9: 0 | BR9: 0 | BS9: 0 | BT9: 0 | BU9: 0 | BV9: 0 | BW9: 0 | CX9: =Y9*Source!I26 -> 0.063162 | CY9: =AA9 -> 14.84 | CZ9: =AE9 -> 2.44 | DA9: =AI9 -> 6.08 | DB9: 0
A10: =ROW(Source!A26) -> 26 | B10: 39102310 | C10: 39102384 | D10: 36807412 | E10: 1 | F10: 1 | G10: 1 | H10: 3 | I10: 04.3.02.01-0415 | J10: ФССЦ-2001, 04.3.02.01-0415, приказ Минстроя России №1039/пр от 30.12.2016г. | K10: Смеси сухие для наливных полов, марка «Ветонит» 5000 | L10: 1348 | N10: 1009 | O10: т | P10: т | Q10: 1000 | W10: 0 | X10: -2114578287 | Y10: 0.9 | AA10: 69199.95 | AB10: 0 | AC10: 0 | AD10: 0 | AE10: 11381.57 | AF10: 0 | AG10: 0 | AH10: 0 | AI10: 6.08 | AJ10: 1 | AK10: 1 | AL10: 1 | AN10: 0 | AO10: 1 | AP10: 0 | AQ10: 0 | AR10: 0 | AT10: 0.9 | AV10: 0 | AW10: 2 | AX10: 39102397 | AY10: 1 | AZ10: 0 | BA10: 12 | BB10: 0 | BC10: 0 | BD10: 0 | BE10: 0 | BF10: 0 | BG10: 0 | BH10: 0 | BI10: 0 | BJ10: 0 | BK10: 0 | BL10: 0 | BM10: 0 | BN10: 0 | BO10: 0 | BP10: 0 | BQ10: 0 | BR10: 0 | BS10: 0 | BT10: 0 | BU10: 0 | BV10: 0 | BW10: 0 | CX10: =Y10*Source!I26 -> 0.3267 | CY10: =AA10 -> 69199.95 | CZ10: =AE10 -> 11381.57 | DA10: =AI10 -> 6.08 | DB10: 0
A11: =ROW(Source!A26) -> 26 | B11: 39102310 | C11: 39102384 | D11: 36837972 | E11: 1 | F11: 1 | G11: 1 | H11: 3 | I11: 14.4.01.02-0113 | J11: ФССЦ-2001, 14.4.01.02-0113, приказ Минстроя России №1039/пр от 30.12.2016г. | K11: Грунтовка акриловая НОРТЕКС-ГРУНТ | L11: 1346 | N11: 1009 | O11: кг | P11: кг | Q11: 1 | W11: 0 | X11: 303141801 | Y11: 30 | AA11: 92.72 | AB11: 0 | AC11: 0 | AD11: 0 | AE11: 15.25 | AF11: 0 | AG11: 0 | AH11: 0 | AI11: 6.08 | AJ11: 1 | AK11: 1 | AL11: 1 | AN11: 0 | AO11: 1 | AP11: 0 | AQ11: 0 | AR11: 0 | AT11: 30 | AV11: 0 | AW11: 2 | AX11: 39102398 | AY11: 1 | AZ11: 0 | BA11: 13 | BB11: 0 | BC11: 0 | BD11: 0 | BE11: 0 | BF11: 0 | BG11: 0 | BH11: 0 | BI11: 0 | BJ11: 0 | BK11: 0 | BL11: 0 | BM11: 0 | BN11: 0 | BO11: 0 | BP11: 0 | BQ11: 0 | BR11: 0 | BS11: 0 | BT11: 0 | BU11: 0 | BV11: 0 | BW11: 0 | CX11: =Y11*Source!I26 -> 10.89 | CY11: =AA11 -> 92.72 | CZ11: =AE11 -> 15.25 | DA11: =AI11 -> 6.08 | DB11: 0
A12: =ROW(Source!A27) -> 27 | B12: 39102310 | C12: 39102399 | D12: 37065248 | E12: 1 | F12: 1 | G12: 1 | H12: 1 | I12: 1-100-30 | K12: Рабочий среднего разряда 3 | L12: 1191 | N12: 1013 | O12: чел.-ч. | P12: чел.-ч. | Q12: 1 | W12: 0 | X12: -400197608 | Y12: 6.6792 | AA12: 0 | AB12: 0 | AC12: 0 | AD12: 51.86 | AE12: 0 | AF12: 0 | AG12: 0 | AH12: 8.53 | AI12: 1 | AJ12: 1 | AK12: 1 | AL12: 6.08 | AN12: 0 | AO12: 1 | AP12: 1 | AQ12: 0 | AR12: 0 | AT12: 2.42 | AU12: )*1,15*2)*1,2 | AV12: 1 | AW12: 2 | AX12: 39102406 | AY12: 1 | AZ12: 0 | BA12: 14 | BB12: 0 | BC12: 0 | BD12: 0 | BE12: 0 | BF12: 0 | BG12: 0 | BH12: 0 | BI12: 0 | BJ12: 0 | BK12: 0 | BL12: 0 | BM12: 0 | BN12: 0 | BO12: 0 | BP12: 0 | BQ12: 0 | BR12: 0 | BS12: 0 | BT12: 0 | BU12: 0 | BV12: 0 | BW12: 0 | CX12: =Y12*Source!I27 -> 2.4245496 | CY12: =AD12 -> 51.86 | CZ12: =AH12 -> 8.53 | DA12: =AL12 -> 6.08 | DB12: 0
A13: =ROW(Source!A27) -> 27 | B13: 39102310 | C13: 39102399 | D13: 37064876 | E13: 1 | F13: 1 | G13: 1 | H13: 1 | I13: 4-100-00 | K13: Затраты труда машинистов | L13: 1191 | N13: 1013 | O13: чел.-ч. | P13: чел.-ч. | Q13: 1 | W13: 0 | X13: -1417349443 | Y13: 0.03 | AA13: 0 | AB13: 0 | AC13: 0 | AD13: 0 | AE13: 0 | AF13: 0 | AG13: 0 | AH13: 0 | AI13: 1 | AJ13: 1 | AK13: 6.08 | AL13: 1 | AN13: 0 | AO13: 1 | AP13: 0 | AQ13: 0 | AR13: 0 | AT13: 0.03 | AV13: 2 | AW13: 2 | AX13: 39102407 | AY13: 1 | AZ13: 2048 | BA13: 15 | BB13: 0 | BC13: 0 | BD13: 0 | BE13: 0 | BF13: 0 | BG13: 0 | BH13: 0 | BI13: 0 | BJ13: 0 | BK13: 0 | BL13: 0 | BM13: 0 | BN13: 0 | BO13: 0 | BP13: 0 | BQ13: 0 | BR13: 0 | BS13: 0 | BT13: 0 | BU13: 0 | BV13: 0 | BW13: 0 | CX13: =Y13*Source!I27 -> 0.01089 | CY13: =AD13 -> 0 | CZ13: =AH13 -> 0 | DA13: =AL13 -> 1 | DB13: 0
A14: =ROW(Source!A27) -> 27 | B14: 39102310 | C14: 39102399 | D14: 36882448 | E14: 1 | F14: 1 | G14: 1 | H14: 2 | I14: 91.06.06-046 | J14: ФСЭМ-2001, 91.06.06-046, приказ Минстроя России №1039/пр от 30.12.2016г. | K14: Подъемники одномачтовые, грузоподъемность до 500 кг, высота подъема 25 м | L14: 1368 | N14: 1011 | O14: маш.-ч | P14: маш.-ч | Q14: 1 | W14: 0 | X14: 368031958 | Y14: 0.06 | AA14: 0 | AB14: 168.17 | AC14: 11.6 | AD14: 0 | AE14: 0 | AF14: 27.66 | AG14: 11.6 | AH14: 0 | AI14: 1 | AJ14: 6.08 | AK14: 1 | AL14: 1 | AN14: 0 | AO14: 1 | AP14: 1 | AQ14: 0 | AR14: 0 | AT14: 0.02 | AU14: )*1,25*2)*1,2 | AV14: 0 | AW14: 2 | AX14: 39102408 | AY14: 1 | AZ14: 0 | BA14: 16 | BB14: 0 | BC14: 0 | BD14: 0 | BE14: 0 | BF14: 0 | BG14: 0 | BH14: 0 | BI14: 0 | BJ14: 0 | BK14: 0 | BL14: 0 | BM14: 0 | BN14: 0 | BO14: 0 | BP14: 0 | BQ14: 0 | BR14: 0 | BS14: 0 | BT14: 0 | BU14: 0 | BV14: 0 | BW14: 0 | CX14: =Y14*Source!I27 -> 0.02178 | CY14: =AB14 -> 168.17 | CZ14: =AF14 -> 27.66 | DA14: =AJ14 -> 6.08 | DB14: 0
A15: =ROW(Source!A27) -> 27 | B15: 39102310 | C15: 39102399 | D15: 36883554 | E15: 1 | F15: 1 | G15: 1 | H15: 2 | I15: 91.14.02-001 | J15: ФСЭМ-2001, 91.14.02-001, приказ Минстроя России №1039/пр от 30.12.2016г. | K15: Автомобили бортовые, грузоподъемность до 5 т | L15: 1368 | N15: 1011 | O15: маш.-ч | P15: маш.-ч | Q15: 1 | W15: 0 | X15: 1372534845 | Y15: 0.03 | AA15: 0 | AB15: 399.52 | AC15: 11.6 | AD15: 0 | AE15: 0 | AF15: 65.71 | AG15: 11.6 | AH15: 0 | AI15: 1 | AJ15: 6.08 | AK15: 1 | AL15: 1 | AN15: 0 | AO15: 1 | AP15: 1 | AQ15: 0 | AR15: 0 | AT15: 0.01 | AU15: )*1,25*2)*1,2 | AV15: 0 | AW15: 2 | AX15: 39102409 | AY15: 1 | AZ15: 0 | BA15: 17 | BB15: 0 | BC15: 0 | BD15: 0 | BE15: 0 | BF15: 0 | BG15: 0 | BH15: 0 | BI15: 0 | BJ15: 0 | BK15: 0 | BL15: 0 | BM15: 0 | BN15: 0 | BO15: 0 | BP15: 0 | BQ15: 0 | BR15: 0 | BS15: 0 | BT15: 0 | BU15: 0 | BV15: 0 | BW15: 0 | CX15: =Y15*Source!I27 -> 0.01089 | CY15: =AB15 -> 399.52 | CZ15: =AF15 -> 65.71 | DA15: =AJ15 -> 6.08 | DB15: 0
A16: =ROW(Source!A27) -> 27 | B16: 39102310 | C16: 39102399 | D16: 36801792 | E16: 1 | F16: 1 | G16: 1 | H16: 3 | I16: 01.7.03.01-0001 | J16: ФССЦ-2001, 01.7.03.01-0001, приказ Минстроя России №1039/пр от 30.12.2016г. | K16: Вода | L16: 1339 | N16: 1007 | O16: м3 | P16: м3 | Q16: 1 | W16: 0 | X16: -1660354250 | Y16: 0.06 | AA16: 14.84 | AB16: 0 | AC16: 0 | AD16: 0 | AE16: 2.44 | AF16: 0 | AG16: 0 | AH16: 0 | AI16: 6.08 | AJ16: 1 | AK16: 1 | AL16: 1 | AN16: 0 | AO16: 1 | AP16: 1 | AQ16: 0 | AR16: 0 | AT16: 0.03 | AU16: *2 | AV16: 0 | AW16: 2 | AX16: 39102410 | AY16: 1 | AZ16: 0 | BA16: 18 | BB16: 0 | BC16: 0 | BD16: 0 | BE16: 0 | BF16: 0 | BG16: 0 | BH16: 0 | BI16: 0 | BJ16: 0 | BK16: 0 | BL16: 0 | BM16: 0 | BN16: 0 | BO16: 0 | BP16: 0 | BQ16: 0 | BR16: 0 | BS16: 0 | BT16: 0 | BU16: 0 | BV16: 0 | BW16: 0 | CX16: =Y16*Source!I27 -> 0.02178 | CY16: =AA16 -> 14.84 | CZ16: =AE16 -> 2.44 | DA16: =AI16 -> 6.08 | DB16: 0
A17: =ROW(Source!A27) -> 27 | B17: 39102310 | C17: 39102399 | D17: 36807412 | E17: 1 | F17: 1 | G17: 1 | H17: 3 | I17: 04.3.02.01-0415 | J17: ФССЦ-2001, 04.3.02.01-0415, приказ Минстроя России №1039/пр от 30.12.2016г. | K17: Смеси сухие для наливных полов, марка «Ветонит» 5000 | L17: 1348 | N17: 1009 | O17: т | P17: т | Q17: 1000 | W17: 0 | X17: -2114578287 | Y17: 0.36 | AA17: 69199.95 | AB17: 0 | AC17: 0 | AD17: 0 | AE17: 11381.57 | AF17: 0 | AG17: 0 | AH17: 0 | AI17: 6.08 | AJ17: 1 | AK17: 1 | AL17: 1 | AN17: 0 | AO17: 1 | AP17: 1 | AQ17: 0 | AR17: 0 | AT17: 0.18 | AU17: *2 | AV17: 0 | AW17: 2 | AX17: 39102411 | AY17: 1 | AZ17: 0 | BA17: 19 | BB17: 0 | BC17: 0 | BD17: 0 | BE17: 0 | BF17: 0 | BG17: 0 | BH17: 0 | BI17: 0 | BJ17: 0 | BK17: 0 | BL17: 0 | BM17: 0 | BN17: 0 | BO17: 0 | BP17: 0 | BQ17: 0 | BR17: 0 | BS17: 0 | BT17: 0 | BU17: 0 | BV17: 0 | BW17: 0 | CX17: =Y17*Source!I27 -> 0.13068 | CY17: =AA17 -> 69199.95 | CZ17: =AE17 -> 11381.57 | DA17: =AI17 -> 6.08 | DB17: 0
A18: =ROW(Source!A28) -> 28 | B18: 39102310 | C18: 39102412 | D18: 37066837 | E18: 1 | F18: 1 | G18: 1 | H18: 1 | I18: 1-100-27 | K18: Рабочий среднего разряда 2.7 | L18: 1191 | N18: 1013 | O18: чел.-ч. | P18: чел.-ч. | Q18: 1 | W18: 0 | X18: 1850719656 | Y18: 58.512 | AA18: 0 | AB18: 0 | AC18: 0 | AD18: 50.52 | AE18: 0 | AF18: 0 | AG18: 0 | AH18: 8.31 | AI18: 1 | AJ18: 1 | AK18: 1 | AL18: 6.08 | AN18: 0 | AO18: 1 | AP18: 1 | AQ18: 0 | AR18: 0 | AT18: 42.4 | AU18: )*1,15)*1,2 | AV18: 1 | AW18: 2 | AX18: 39102422 | AY18: 1 | AZ18: 0 | BA18: 20 | BB18: 0 | BC18: 0 | BD18: 0 | BE18: 0 | BF18: 0 | BG18: 0 | BH18: 0 | BI18: 0 | BJ18: 0 | BK18: 0 | BL18: 0 | BM18: 0 | BN18: 0 | BO18: 0 | BP18: 0 | BQ18: 0 | BR18: 0 | BS18: 0 | BT18: 0 | BU18: 0 | BV18: 0 | BW18: 0 | CX18: =Y18*Source!I28 -> 21.239856 | CY18: =AD18 -> 50.52 | CZ18: =AH18 -> 8.31 | DA18: =AL18 -> 6.08 | DB18: 0
A19: =ROW(Source!A28) -> 28 | B19: 39102310 | C19: 39102412 | D19: 37064876 | E19: 1 | F19: 1 | G19: 1 | H19: 1 | I19: 4-100-00 | K19: Затраты труда машинистов | L19: 1191 | N19: 1013 | O19: чел.-ч. | P19: чел.-ч. | Q19: 1 | W19: 0 | X19: -1417349443 | Y19: 0.85 | AA19: 0 | AB19: 0 | AC19: 0 | AD19: 0 | AE19: 0 | AF19: 0 | AG19: 0 | AH19: 0 | AI19: 1 | AJ19: 1 | AK19: 6.08 | AL19: 1 | AN19: 0 | AO19: 1 | AP19: 0 | AQ19: 0 | AR19: 0 | AT19: 0.85 | AV19: 2 | AW19: 2 | AX19: 39102423 | AY19: 1 | AZ19: 2048 | BA19: 21 | BB19: 0 | BC19: 0 | BD19: 0 | BE19: 0 | BF19: 0 | BG19: 0 | BH19: 0 | BI19: 0 | BJ19: 0 | BK19: 0 | BL19: 0 | BM19: 0 | BN19: 0 | BO19: 0 | BP19: 0 | BQ19: 0 | BR19: 0 | BS19: 0 | BT19: 0 | BU19: 0 | BV19: 0 | BW19: 0 | CX19: =Y19*Source!I28 -> 0.30855 | CY19: =AD19 -> 0 | CZ19: =AH19 -> 0 | DA19: =AL19 -> 1 | DB19: 0
A20: =ROW(Source!A28) -> 28 | B20: 39102310 | C20: 39102412 | D20: 36882452 | E20: 1 | F20: 1 | G20: 1 | H20: 2 | I20: 91.06.06-048 | J20: ФСЭМ-2001, 91.06.06-048, приказ Минстроя России №1039/пр от 30.12.2016г. | K20: Подъемники одномачтовые, грузоподъемность до 500 кг, высота подъема 45 м | L20: 1368 | N20: 1011 | O20: маш.-ч | P20: маш.-ч | Q20: 1 | W20: 0 | X20: 1188625873 | Y20: 0.525 | AA20: 0 | AB20: 190.06 | AC20: 13.5 | AD20: 0 | AE20: 0 | AF20: 31.26 | AG20: 13.5 | AH20: 0 | AI20: 1 | AJ20: 6.08 | AK20: 1 | AL20: 1 | AN20: 0 | AO20: 1 | AP20: 1 | AQ20: 0 | AR20: 0 | AT20: 0.35 | AU20: )*1,25)*1,2 | AV20: 0 | AW20: 2 | AX20: 39102424 | AY20: 1 | AZ20: 0 | BA20: 22 | BB20: 0 | BC20: 0 | BD20: 0 | BE20: 0 | BF20: 0 | BG20: 0 | BH20: 0 | BI20: 0 | BJ20: 0 | BK20: 0 | BL20: 0 | BM20: 0 | BN20: 0 | BO20: 0 | BP20: 0 | BQ20: 0 | BR20: 0 | BS20: 0 | BT20: 0 | BU20: 0 | BV20: 0 | BW20: 0 | CX20: =Y20*Source!I28 -> 0.190575 | CY20: =AB20 -> 190.06 | CZ20: =AF20 -> 31.26 | DA20: =AJ20 -> 6.08 | DB20: 0
A21: =ROW(Source!A28) -> 28 | B21: 39102310 | C21: 39102412 | D21: 36883554 | E21: 1 | F21: 1 | G21: 1 | H21: 2 | I21: 91.14.02-001 | J21: ФСЭМ-2001, 91.14.02-001, приказ Минстроя России №1039/пр от 30.12.2016г. | K21: Автомобили бортовые, грузоподъемность до 5 т | L21: 1368 | N21: 1011 | O21: маш.-ч | P21: маш.-ч | Q21: 1 | W21: 0 | X21: 1372534845 | Y21: 0.75 | AA21: 0 | AB21: 399.52 | AC21: 11.6 | AD21: 0 | AE21: 0 | AF21: 65.71 | AG21: 11.6 | AH21: 0 | AI21: 1 | AJ21: 6.08 | AK21: 1 | AL21: 1 | AN21: 0 | AO21: 1 | AP21: 1 | AQ21: 0 | AR21: 0 | AT21: 0.5 | AU21: )*1,25)*1,2 | AV21: 0 | AW21: 2 | AX21: 39102425 | AY21: 1 | AZ21: 0 | BA21: 23 | BB21: 0 | BC21: 0 | BD21: 0 | BE21: 0 | BF21: 0 | BG21: 0 | BH21: 0 | BI21: 0 | BJ21: 0 | BK21: 0 | BL21: 0 | BM21: 0 | BN21: 0 | BO21: 0 | BP21: 0 | BQ21: 0 | BR21: 0 | BS21: 0 | BT21: 0 | BU21: 0 | BV21: 0 | BW21: 0 | CX21: =Y21*Source!I28 -> 0.27225 | CY21: =AB21 -> 399.52 | CZ21: =AF21 -> 65.71 | DA21: =AJ21 -> 6.08 | DB21: 0
A22: =ROW(Source!A28) -> 28 | B22: 39102310 | C22: 39102412 | D22: 36797243 | E22: 17 | F22: 1 | G22: 1 | H22: 3 | I22: 01.6.03.04 | K22: Линолеум на теплозвукоизолирующей подоснове | L22: 1327 | N22: 1005 | O22: м2 | P22: м2 | Q22: 1 | W22: 0 | X22: -919469713 | Y22: 102 | AA22: 0 | AB22: 0 | AC22: 0 | AD22: 0 | AE22: 0 | AF22: 0 | AG22: 0 | AH22: 0 | AI22: 6.08 | AJ22: 1 | AK22: 1 | AL22: 1 | AN22: 0 | AO22: 0 | AP22: 0 | AQ22: 0 | AR22: 0 | AT22: 102 | AV22: 0 | AW22: 2 | AX22: 39102426 | AY22: 1 | AZ22: 0 | BA22: 24 | BB22: 0 | BC22: 0 | BD22: 0 | BE22: 0 | BF22: 0 | BG22: 0 | BH22: 0 | BI22: 0 | BJ22: 0 | BK22: 0 | BL22: 0 | BM22: 0 | BN22: 0 | BO22: 0 | BP22: 0 | BQ22: 0 | BR22: 0 | BS22: 0 | BT22: 0 | BU22: 0 | BV22: 0 | BW22: 0 | CX22: =Y22*Source!I28 -> 37.026 | CY22: =AA22 -> 0 | CZ22: =AE22 -> 0 | DA22: =AI22 -> 6.08 | DB22: 0
A23: =ROW(Source!A28) -> 28 | B23: 39102310 | C23: 39102412 | D23: 36801535 | E23: 1 | F23: 1 | G23: 1 | H23: 3 | I23: 01.6.03.04-0121 | J23: ФССЦ-2001, 01.6.03.04-0121, приказ Минстроя России №1039/пр от 30.12.2016г. | K23: Линолеум коммерческий гомогенный "ТАРКЕТТ iQ MONOLIT" (толщина 2 мм, класс 34/43, пож. безопасность Г1, В2, РП1, Д2, Т2) | L23: 1327 | N23: 1005 | O23: м2 | P23: м2 | Q23: 1 | W23: 0 | X23: -1736667289 | Y23: 102 | AA23: 1071.36 | AB23: 0 | AC23: 0 | AD23: 0 | AE23: 176.21 | AF23: 0 | AG23: 0 | AH23: 0 | AI23: 6.08 | AJ23: 1 | AK23: 1 | AL23: 1 | AN23: 0 | AO23: 0 | AP23: 0 | AQ23: 0 | AR23: 0 | AT23: 102 | AV23: 0 | AW23: 1 | AX23: -1 | AY23: 0 | AZ23: 0 | BB23: 0 | BC23: 0 | BD23: 0 | BE23: 0 | BF23: 0 | BG23: 0 | BH23: 0 | BI23: 0 | BJ23: 0 | BK23: 0 | BL23: 0 | BM23: 0 | BN23: 0 | BO23: 0 | BP23: 0 | BQ23: 0 | BR23: 0 | BS23: 0 | BT23: 0 | BU23: 0 | BV23: 0 | BW23: 0 | CX23: =Y23*Source!I28 -> 37.026 | CY23: =AA23 -> 1071.36 | CZ23: =AE23 -> 176.21 | DA23: =AI23 -> 6.08 | DB23: 0
A24: =ROW(Source!A28) -> 28 | B24: 39102310 | C24: 39102412 | D24: 36805524 | E24: 1 | F24: 1 | G24: 1 | H24: 3 | I24: 01.7.20.08-0051 | J24: ФССЦ-2001, 01.7.20.08-0051, приказ Минстроя России №1039/пр от 30.12.2016г. | K24: Ветошь | L24: 1346 | N24: 1009 | O24: кг | P24: кг | Q24: 1 | W24: 0 | X24: 813963326 | Y24: 0.5 | AA24: 11.07 | AB24: 0 | AC24: 0 | AD24: 0 | AE24: 1.82 | AF24: 0 | AG24: 0 | AH24: 0 | AI24: 6.08 | AJ24: 1 | AK24: 1 | AL24: 1 | AN24: 0 | AO24: 1 | AP24: 0 | AQ24: 0 | AR24: 0 | AT24: 0.5 | AV24: 0 | AW24: 2 | AX24: 39102427 | AY24: 1 | AZ24: 0 | BA24: 25 | BB24: 0 | BC24: 0 | BD24: 0 | BE24: 0 | BF24: 0 | BG24: 0 | BH24: 0 | BI24: 0 | BJ24: 0 | BK24: 0 | BL24: 0 | BM24: 0 | BN24: 0 | BO24: 0 | BP24: 0 | BQ24: 0 | BR24: 0 | BS24: 0 | BT24: 0 | BU24: 0 | BV24: 0 | BW24: 0 | CX24: =Y24*Source!I28 -> 0.1815 | CY24: =AA24 -> 11.07 | CZ24: =AE24 -> 1.82 | DA24: =AI24 -> 6.08 | DB24: 0
A25: =ROW(Source!A28) -> 28 | B25: 39102310 | C25: 39102412 | D25: 36836955 | E25: 1 | F25: 1 | G25: 1 | H25: 3 | I25: 14.1.02.04-0101 | J25: ФССЦ-2001, 14.1.02.04-0101, приказ Минстроя России №1039/пр от 30.12.2016г. | K25: Клей «Бустилат» | L25: 1348 | N25: 1009 | O25: т | P25: т | Q25: 1000 | W25: 0 | X25: 486476101 | Y25: 0.05 | AA25: 68704 | AB25: 0 | AC25: 0 | AD25: 0 | AE25: 11300 | AF25: 0 | AG25: 0 | AH25: 0 | AI25: 6.08 | AJ25: 1 | AK25: 1 | AL25: 1 | AN25: 0 | AO25: 0 | AP25: 0 | AQ25: 0 | AR25: 0 | AT25: 0.05 | AV25: 0 | AW25: 1 | AX25: -1 | AY25: 0 | AZ25: 0 | BB25: 0 | BC25: 0 | BD25: 0 | BE25: 0 | BF25: 0 | BG25: 0 | BH25: 0 | BI25: 0 | BJ25: 0 | BK25: 0 | BL25: 0 | BM25: 0 | BN25: 0 | BO25: 0 | BP25: 0 | BQ25: 0 | BR25: 0 | BS25: 0 | BT25: 0 | BU25: 0 | BV25: 0 | BW25: 0 | CX25: =Y25*Source!I28 -> 0.01815 | CY25: =AA25 -> 68704 | CZ25: =AE25 -> 11300 | DA25: =AI25 -> 6.08 | DB25: 0
A26: =ROW(Source!A28) -> 28 | B26: 39102310 | C26: 39102412 | D26: 36796764 | E26: 17 | F26: 1 | G26: 1 | H26: 3 | I26: 14.1.06.05 | K26: Состав клеящий | L26: 1346 | N26: 1009 | O26: кг | P26: кг | Q26: 1 | W26: 0 | X26: 290394019 | Y26: 50 | AA26: 0 | AB26: 0 | AC26: 0 | AD26: 0 | AE26: 0 | AF26: 0 | AG26: 0 | AH26: 0 | AI26: 6.08 | AJ26: 1 | AK26: 1 | AL26: 1 | AN26: 0 | AO26: 0 | AP26: 0 | AQ26: 0 | AR26: 0 | AT26: 50 | AV26: 0 | AW26: 2 | AX26: 39102428 | AY26: 1 | AZ26: 0 | BA26: 26 | BB26: 0 | BC26: 0 | BD26: 0 | BE26: 0 | BF26: 0 | BG26: 0 | BH26: 0 | BI26: 0 | BJ26: 0 | BK26: 0 | BL26: 0 | BM26: 0 | BN26: 0 | BO26: 0 | BP26: 0 | BQ26: 0 | BR26: 0 | BS26: 0 | BT26: 0 | BU26: 0 | BV26: 0 | BW26: 0 | CX26: =Y26*Source!I28 -> 18.15 | CY26: =AA26 -> 0 | CZ26: =AE26 -> 0 | DA26: =AI26 -> 6.08 | DB26: 0
A27: =ROW(Source!A33) -> 33 | B27: 39102310 | C27: 39102433 | D27: 37082223 | E27: 1 | F27: 1 | G27: 1 | H27: 1 | I27: 1-100-41 | K27: Рабочий среднего разряда 4.1 | L27: 1191 | N27: 1013 | O27: чел.-ч. | P27: чел.-ч. | Q27: 1 | W27: 0 | X27: -2143564933 | Y27: 12.4338 | AA27: 0 | AB27: 0 | AC27: 0 | AD27: 59.34 | AE27: 0 | AF27: 0 | AG27: 0 | AH27: 9.76 | AI27: 1 | AJ27: 1 | AK27: 1 | AL27: 6.08 | AN27: 0 | AO27: 1 | AP27: 1 | AQ27: 0 | AR27: 0 | AT27: 9.01 | AU27: )*1,15)*1,2 | AV27: 1 | AW27: 2 | AX27: 39102441 | AY27: 1 | AZ27: 0 | BA27: 27 | BB27: 0 | BC27: 0 | BD27: 0 | BE27: 0 | BF27: 0 | BG27: 0 | BH27: 0 | BI27: 0 | BJ27: 0 | BK27: 0 | BL27: 0 | BM27: 0 | BN27: 0 | BO27: 0 | BP27: 0 | BQ27: 0 | BR27: 0 | BS27: 0 | BT27: 0 | BU27: 0 | BV27: 0 | BW27: 0 | CX27: =Y27*Source!I33 -> 2.859774 | CY27: =AD27 -> 59.34 | CZ27: =AH27 -> 9.76 | DA27: =AL27 -> 6.08 | DB27: 0
A28: =ROW(Source!A33) -> 33 | B28: 39102310 | C28: 39102433 | D28: 37064876 | E28: 1 | F28: 1 | G28: 1 | H28: 1 | I28: 4-100-00 | K28: Затраты труда машинистов | L28: 1191 | N28: 1013 | O28: чел.-ч. | P28: чел.-ч. | Q28: 1 | W28: 0 | X28: -1417349443 | Y28: 0.04 | AA28: 0 | AB28: 0 | AC28: 0 | AD28: 0 | AE28: 0 | AF28: 0 | AG28: 0 | AH28: 0 | AI28: 1 | AJ28: 1 | AK28: 6.08 | AL28: 1 | AN28: 0 | AO28: 1 | AP28: 0 | AQ28: 0 | AR28: 0 | AT28: 0.04 | AV28: 2 | AW28: 2 | AX28: 39102442 | AY28: 1 | AZ28: 2048 | BA28: 28 | BB28: 0 | BC28: 0 | BD28: 0 | BE28: 0 | BF28: 0 | BG28: 0 | BH28: 0 | BI28: 0 | BJ28: 0 | BK28: 0 | BL28: 0 | BM28: 0 | BN28: 0 | BO28: 0 | BP28: 0 | BQ28: 0 | BR28: 0 | BS28: 0 | BT28: 0 | BU28: 0 | BV28: 0 | BW28: 0 | CX28: =Y28*Source!I33 -> 0.0092 | CY28: =AD28 -> 0 | CZ28: =AH28 -> 0 | DA28: =AL28 -> 1 | DB28: 0
A29: =ROW(Source!A33) -> 33 | B29: 39102310 | C29: 39102433 | D29: 36882452 | E29: 1 | F29: 1 | G29: 1 | H29: 2 | I29: 91.06.06-048 | J29: ФСЭМ-2001, 91.06.06-048, приказ Минстроя России №1039/пр от 30.12.2016г. | K29: Подъемники одномачтовые, грузоподъемность до 500 кг, высота подъема 45 м | L29: 1368 | N29: 1011 | O29: маш.-ч | P29: маш.-ч | Q29: 1 | W29: 0 | X29: 1188625873 | Y29: 0.0075 | AA29: 0 | AB29: 190.06 | AC29: 13.5 | AD29: 0 | AE29: 0 | AF29: 31.26 | AG29: 13.5 | AH29: 0 | AI29: 1 | AJ29: 6.08 | AK29: 1 | AL29: 1 | AN29: 0 | AO29: 1 | AP29: 1 | AQ29: 0 | AR29: 0 | AT29: 0.005 | AU29: )*1,25)*1,2 | AV29: 0 | AW29: 2 | AX29: 39102443 | AY29: 1 | AZ29: 0 | BA29: 29 | BB29: 0 | BC29: 0 | BD29: 0 | BE29: 0 | BF29: 0 | BG29: 0 | BH29: 0 | BI29: 0 | BJ29: 0 | BK29: 0 | BL29: 0 | BM29: 0 | BN29: 0 | BO29: 0 | BP29: 0 | BQ29: 0 | BR29: 0 | BS29: 0 | BT29: 0 | BU29: 0 | BV29: 0 | BW29: 0 | CX29: =Y29*Source!I33 -> 0.001725 | CY29: =AB29 -> 190.06 | CZ29: =AF29 -> 31.26 | DA29: =AJ29 -> 6.08 | DB29: 0
A30: =ROW(Source!A33) -> 33 | B30: 39102310 | C30: 39102433 | D30: 36883554 | E30: 1 | F30: 1 | G30: 1 | H30: 2 | I30: 91.14.02-001 | J30: ФСЭМ-2001, 91.14.02-001, приказ Минстроя России №1039/пр от 30.12.2016г. | K30: Автомобили бортовые, грузоподъемность до 5 т | L30: 1368 | N30: 1011 | O30: маш.-ч | P30: маш.-ч | Q30: 1 | W30: 0 | X30: 1372534845 | Y30: 0.045 | AA30: 0 | AB30: 399.52 | AC30: 11.6 | AD30: 0 | AE30: 0 | AF30: 65.71 | AG30: 11.6 | AH30: 0 | AI30: 1 | AJ30: 6.08 | AK30: 1 | AL30: 1 | AN30: 0 | AO30: 1 | AP30: 1 | AQ30: 0 | AR30: 0 | AT30: 0.03 | AU30: )*1,25)*1,2 | AV30: 0 | AW30: 2 | AX30: 39102444 | AY30: 1 | AZ30: 0 | BA30: 30 | BB30: 0 | BC30: 0 | BD30: 0 | BE30: 0 | BF30: 0 | BG30: 0 | BH30: 0 | BI30: 0 | BJ30: 0 | BK30: 0 | BL30: 0 | BM30: 0 | BN30: 0 | BO30: 0 | BP30: 0 | BQ30: 0 | BR30: 0 | BS30: 0 | BT30: 0 | BU30: 0 | BV30: 0 | BW30: 0 | CX30: =Y30*Source!I33 -> 0.01035 | CY30: =AB30 -> 399.52 | CZ30: =AF30 -> 65.71 | DA30: =AJ30 -> 6.08 | DB30: 0
A31: =ROW(Source!A33) -> 33 | B31: 39102310 | C31: 39102433 | D31: 36797263 | E31: 17 | F31: 1 | G31: 1 | H31: 3 | I31: 11.3.03.06 | K31: Плинтуса для полов пластиковые | L31: 1301 | N31: 1003 | O31: м | P31: м | Q31: 1 | W31: 0 | X31: -2049262376 | Y31: 101 | AA31: 0 | AB31: 0 | AC31: 0 | AD31: 0 | AE31: 0 | AF31: 0 | AG31: 0 | AH31: 0 | AI31: 6.08 | AJ31: 1 | AK31: 1 | AL31: 1 | AN31: 0 | AO31: 0 | AP31: 0 | AQ31: 0 | AR31: 0 | AT31: 101 | AV31: 0 | AW31: 2 | AX31: 39102445 | AY31: 1 | AZ31: 0 | BA31: 31 | BB31: 0 | BC31: 0 | BD31: 0 | BE31: 0 | BF31: 0 | BG31: 0 | BH31: 0 | BI31: 0 | BJ31: 0 | BK31: 0 | BL31: 0 | BM31: 0 | BN31: 0 | BO31: 0 | BP31: 0 | BQ31: 0 | BR31: 0 | BS31: 0 | BT31: 0 | BU31: 0 | BV31: 0 | BW31: 0 | CX31: =Y31*Source!I33 -> 23.23 | CY31: =AA31 -> 0 | CZ31: =AE31 -> 0 | DA31: =AI31 -> 6.08 | DB31: 0
A32: =ROW(Source!A33) -> 33 | B32: 39102310 | C32: 39102433 | D32: 36832175 | E32: 1 | F32: 1 | G32: 1 | H32: 3 | I32: 11.3.03.06-0001 | J32: ФССЦ-2001, 11.3.03.06-0001, приказ Минстроя России №1039/пр от 30.12.2016г. | K32: Плинтуса для полов пластиковые, 19х48 мм | L32: 1301 | N32: 1003 | O32: м | P32: м | Q32: 1 | W32: 0 | X32: 26470480 | Y32: 101 | AA32: 74.78 | AB32: 0 | AC32: 0 | AD32: 0 | AE32: 12.3 | AF32: 0 | AG32: 0 | AH32: 0 | AI32: 6.08 | AJ32: 1 | AK32: 1 | AL32: 1 | AN32: 0 | AO32: 0 | AP32: 0 | AQ32: 0 | AR32: 0 | AT32: 101 | AV32: 0 | AW32: 1 | AX32: -1 | AY32: 0 | AZ32: 0 | BB32: 0 | BC32: 0 | BD32: 0 | BE32: 0 | BF32: 0 | BG32: 0 | BH32: 0 | BI32: 0 | BJ32: 0 | BK32: 0 | BL32: 0 | BM32: 0 | BN32: 0 | BO32: 0 | BP32: 0 | BQ32: 0 | BR32: 0 | BS32: 0 | BT32: 0 | BU32: 0 | BV32: 0 | BW32: 0 | CX32: =Y32*Source!I33 -> 23.23 | CY32: =AA32 -> 74.78 | CZ32: =AE32 -> 12.3 | DA32: =AI32 -> 6.08 | DB32: 0
A33: =ROW(Source!A33) -> 33 | B33: 39102310 | C33: 39102433 | D33: 36838898 | E33: 1 | F33: 1 | G33: 1 | H33: 3 | I33: 14.5.04.03-0104 | J33: ФССЦ-2001, 14.5.04.03-0104, приказ Минстроя России №1039/пр от 30.12.2016г. | K33: Мастика клеящая каучуковая, марки КН-2 | L33: 1346 | N33: 1009 | O33: кг | P33: кг | Q33: 1 | W33: 0 | X33: -593408865 | Y33: 5.15 | AA33: 50.83 | AB33: 0 | AC33: 0 | AD33: 0 | AE33: 8.36 | AF33: 0 | AG33: 0 | AH33: 0 | AI33: 6.08 | AJ33: 1 | AK33: 1 | AL33: 1 | AN33: 0 | AO33: 1 | AP33: 0 | AQ33: 0 | AR33: 0 | AT33: 5.15 | AV33: 0 | AW33: 2 | AX33: 39102446 | AY33: 1 | AZ33: 0 | BA33: 32 | BB33: 0 | BC33: 0 | BD33: 0 | BE33: 0 | BF33: 0 | BG33: 0 | BH33: 0 | BI33: 0 | BJ33: 0 | BK33: 0 | BL33: 0 | BM33: 0 | BN33: 0 | BO33: 0 | BP33: 0 | BQ33: 0 | BR33: 0 | BS33: 0 | BT33: 0 | BU33: 0 | BV33: 0 | BW33: 0 | CX33: =Y33*Source!I33 -> 1.1845 | CY33: =AA33 -> 50.83 | CZ33: =AE33 -> 8.36 | DA33: =AI33 -> 6.08 | DB33: 0
A34: =ROW(Source!A36) -> 36 | B34: 39102310 | C34: 39102449 | D34: 37065248 | E34: 1 | F34: 1 | G34: 1 | H34: 1 | I34: 1-100-30 | K34: Рабочий среднего разряда 3 | L34: 1191 | N34: 1013 | O34: чел.-ч. | P34: чел.-ч. | Q34: 1 | W34: 0 | X34: -400197608 | Y34: 1.242 | AA34: 0 | AB34: 0 | AC34: 0 | AD34: 51.86 | AE34: 0 | AF34: 0 | AG34: 0 | AH34: 8.53 | AI34: 1 | AJ34: 1 | AK34: 1 | AL34: 6.08 | AN34: 0 | AO34: 1 | AP34: 1 | AQ34: 0 | AR34: 0 | AT34: 0.9 | AU34: )*1,15)*1,2 | AV34: 1 | AW34: 2 | AX34: 39102451 | AY34: 1 | AZ34: 0 | BA34: 33 | BB34: 0 | BC34: 0 | BD34: 0 | BE34: 0 | BF34: 0 | BG34: 0 | BH34: 0 | BI34: 0 | BJ34: 0 | BK34: 0 | BL34: 0 | BM34: 0 | BN34: 0 | BO34: 0 | BP34: 0 | BQ34: 0 | BR34: 0 | BS34: 0 | BT34: 0 | BU34: 0 | BV34: 0 | BW34: 0 | CX34: =Y34*Source!I36 -> 95.5098 | CY34: =AD34 -> 51.86 | CZ34: =AH34 -> 8.53 | DA34: =AL34 -> 6.08 | DB34: 0
A35: =ROW(Source!A37) -> 37 | B35: 39102310 | C35: 39102452 | D35: 37066739 | E35: 1 | F35: 1 | G35: 1 | H35: 1 | I35: 1-100-29 | K35: Рабочий среднего разряда 2.9 | L35: 1191 | N35: 1013 | O35: чел.-ч. | P35: чел.-ч. | Q35: 1 | W35: 0 | X35: -608433632 | Y35: 35.83 | AA35: 0 | AB35: 0 | AC35: 0 | AD35: 51.44 | AE35: 0 | AF35: 0 | AG35: 0 | AH35: 8.46 | AI35: 1 | AJ35: 1 | AK35: 1 | AL35: 6.08 | AN35: 0 | AO35: 1 | AP35: 0 | AQ35: 0 | AR35: 0 | AT35: 35.83 | AV35: 1 | AW35: 2 | AX35: 39102461 | AY35: 1 | AZ35: 0 | BA35: 34 | BB35: 0 | BC35: 0 | BD35: 0 | BE35: 0 | BF35: 0 | BG35: 0 | BH35: 0 | BI35: 0 | BJ35: 0 | BK35: 0 | BL35: 0 | BM35: 0 | BN35: 0 | BO35: 0 | BP35: 0 | BQ35: 0 | BR35: 0 | BS35: 0 | BT35: 0 | BU35: 0 | BV35: 0 | BW35: 0 | CX35: =Y35*Source!I37 -> 27.55327 | CY35: =AD35 -> 51.44 | CZ35: =AH35 -> 8.46 | DA35: =AL35 -> 6.08 | DB35: 0
A36: =ROW(Source!A37) -> 37 | B36: 39102310 | C36: 39102452 | D36: 37064876 | E36: 1 | F36: 1 | G36: 1 | H36: 1 | I36: 4-100-00 | K36: Затраты труда машинистов | L36: 1191 | N36: 1013 | O36: чел.-ч. | P36: чел.-ч. | Q36: 1 | W36: 0 | X36: -1417349443 | Y36: 0.94 | AA36: 0 | AB36: 0 | AC36: 0 | AD36: 0 | AE36: 0 | AF36: 0 | AG36: 0 | AH36: 0 | AI36: 1 | AJ36: 1 | AK36: 6.08 | AL36: 1 | AN36: 0 | AO36: 1 | AP36: 0 | AQ36: 0 | AR36: 0 | AT36: 0.94 | AV36: 2 | AW36: 2 | AX36: 39102462 | AY36: 1 | AZ36: 0 | BA36: 35 | BB36: 0 | BC36: 0 | BD36: 0 | BE36: 0 | BF36: 0 | BG36: 0 | BH36: 0 | BI36: 0 | BJ36: 0 | BK36: 0 | BL36: 0 | BM36: 0 | BN36: 0 | BO36: 0 | BP36: 0 | BQ36: 0 | BR36: 0 | BS36: 0 | BT36: 0 | BU36: 0 | BV36: 0 | BW36: 0 | CX36: =Y36*Source!I37 -> 0.72286 | CY36: =AD36 -> 0 | CZ36: =AH36 -> 0 | DA36: =AL36 -> 1 | DB36: 0
A37: =ROW(Source!A37) -> 37 | B37: 39102310 | C37: 39102452 | D37: 36882383 | E37: 1 | F37: 1 | G37: 1 | H37: 2 | I37: 91.06.05-011 | J37: ФСЭМ-2001, 91.06.05-011, приказ Минстроя России №1039/пр от 30.12.2016г. | K37: Погрузчик, грузоподъемность 5 т | L37: 1368 | N37: 1011 | O37: маш.-ч | P37: маш.-ч | Q37: 1 | W37: 0 | X37: 1225731627 | Y37: 0.02 | AA37: 0 | AB37: 547.14 | AC37: 10.06 | AD37: 0 | AE37: 0 | AF37: 89.99 | AG37: 10.06 | AH37: 0 | AI37: 1 | AJ37: 6.08 | AK37: 1 | AL37: 1 | AN37: 0 | AO37: 1 | AP37: 0 | AQ37: 0 | AR37: 0 | AT37: 0.02 | AV37: 0 | AW37: 2 | AX37: 39102463 | AY37: 1 | AZ37: 0 | BA37: 36 | BB37: 0 | BC37: 0 | BD37: 0 | BE37: 0 | BF37: 0 | BG37: 0 | BH37: 0 | BI37: 0 | BJ37: 0 | BK37: 0 | BL37: 0 | BM37: 0 | BN37: 0 | BO37: 0 | BP37: 0 | BQ37: 0 | BR37: 0 | BS37: 0 | BT37: 0 | BU37: 0 | BV37: 0 | BW37: 0 | CX37: =Y37*Source!I37 -> 0.01538 | CY37: =AB37 -> 547.14 | CZ37: =AF37 -> 89.99 | DA37: =AJ37 -> 6.08 | DB37: 0
A38: =ROW(Source!A37) -> 37 | B38: 39102310 | C38: 39102452 | D38: 36882452 | E38: 1 | F38: 1 | G38: 1 | H38: 2 | I38: 91.06.06-048 | J38: ФСЭМ-2001, 91.06.06-048, приказ Минстроя России №1039/пр от 30.12.2016г. | K38: Подъемники одномачтовые, грузоподъемность до 500 кг, высота подъема 45 м | L38: 1368 | N38: 1011 | O38: маш.-ч | P38: маш.-ч | Q38: 1 | W38: 0 | X38: 1188625873 | Y38: 0.21 | AA38: 0 | AB38: 190.06 | AC38: 13.5 | AD38: 0 | AE38: 0 | AF38: 31.26 | AG38: 13.5 | AH38: 0 | AI38: 1 | AJ38: 6.08 | AK38: 1 | AL38: 1 | AN38: 0 | AO38: 1 | AP38: 0 | AQ38: 0 | AR38: 0 | AT38: 0.21 | AV38: 0 | AW38: 2 | AX38: 39102464 | AY38: 1 | AZ38: 0 | BA38: 37 | BB38: 0 | BC38: 0 | BD38: 0 | BE38: 0 | BF38: 0 | BG38: 0 | BH38: 0 | BI38: 0 | BJ38: 0 | BK38: 0 | BL38: 0 | BM38: 0 | BN38: 0 | BO38: 0 | BP38: 0 | BQ38: 0 | BR38: 0 | BS38: 0 | BT38: 0 | BU38: 0 | BV38: 0 | BW38: 0 | CX38: =Y38*Source!I37 -> 0.16149 | CY38: =AB38 -> 190.06 | CZ38: =AF38 -> 31.26 | DA38: =AJ38 -> 6.08 | DB38: 0
A39: =ROW(Source!A37) -> 37 | B39: 39102310 | C39: 39102452 | D39: 36882621 | E39: 1 | F39: 1 | G39: 1 | H39: 2 | I39: 91.07.08-024 | J39: ФСЭМ-2001, 91.07.08-024, приказ Минстроя России №1039/пр от 30.12.2016г. | K39: Растворосмесители передвижные 65 л | L39: 1368 | N39: 1011 | O39: маш.-ч | P39: маш.-ч | Q39: 1 | W39: 0 | X39: 983187852 | Y39: 0.71 | AA39: 0 | AB39: 75.33 | AC39: 10.06 | AD39: 0 | AE39: 0 | AF39: 12.39 | AG39: 10.06 | AH39: 0 | AI39: 1 | AJ39: 6.08 | AK39: 1 | AL39: 1 | AN39: 0 | AO39: 1 | AP39: 0 | AQ39: 0 | AR39: 0 | AT39: 0.71 | AV39: 0 | AW39: 2 | AX39: 39102465 | AY39: 1 | AZ39: 0 | BA39: 38 | BB39: 0 | BC39: 0 | BD39: 0 | BE39: 0 | BF39: 0 | BG39: 0 | BH39: 0 | BI39: 0 | BJ39: 0 | BK39: 0 | BL39: 0 | BM39: 0 | BN39: 0 | BO39: 0 | BP39: 0 | BQ39: 0 | BR39: 0 | BS39: 0 | BT39: 0 | BU39: 0 | BV39: 0 | BW39: 0 | CX39: =Y39*Source!I37 -> 0.54599 | CY39: =AB39 -> 75.33 | CZ39: =AF39 -> 12.39 | DA39: =AJ39 -> 6.08 | DB39: 0
A40: =ROW(Source!A37) -> 37 | B40: 39102310 | C40: 39102452 | D40: 36801792 | E40: 1 | F40: 1 | G40: 1 | H40: 3 | I40: 01.7.03.01-0001 | J40: ФССЦ-2001, 01.7.03.01-0001, приказ Минстроя России №1039/пр от 30.12.2016г. | K40: Вода | L40: 1339 | N40: 1007 | O40: м3 | P40: м3 | Q40: 1 | W40: 0 | X40: -1660354250 | Y40: 0.513 | AA40: 14.84 | AB40: 0 | AC40: 0 | AD40: 0 | AE40: 2.44 | AF40: 0 | AG40: 0 | AH40: 0 | AI40: 6.08 | AJ40: 1 | AK40: 1 | AL40: 1 | AN40: 0 | AO40: 1 | AP40: 0 | AQ40: 0 | AR40: 0 | AT40: 0.513 | AV40: 0 | AW40: 2 | AX40: 39102466 | AY40: 1 | AZ40: 0 | BA40: 39 | BB40: 0 | BC40: 0 | BD40: 0 | BE40: 0 | BF40: 0 | BG40: 0 | BH40: 0 | BI40: 0 | BJ40: 0 | BK40: 0 | BL40: 0 | BM40: 0 | BN40: 0 | BO40: 0 | BP40: 0 | BQ40: 0 | BR40: 0 | BS40: 0 | BT40: 0 | BU40: 0 | BV40: 0 | BW40: 0 | CX40: =Y40*Source!I37 -> 0.394497 | CY40: =AA40 -> 14.84 | CZ40: =AE40 -> 2.44 | DA40: =AI40 -> 6.08 | DB40: 0
A41: =ROW(Source!A37) -> 37 | B41: 39102310 | C41: 39102452 | D41: 36797456 | E41: 17 | F41: 1 | G41: 1 | H41: 3 | I41: 04.3.02.09 | K41: Смеси на цементной основе | L41: 1348 | N41: 1009 | O41: т | P41: т | Q41: 1000 | W41: 0 | X41: 1880203204 | Y41: 0.855 | AA41: 0 | AB41: 0 | AC41: 0 | AD41: 0 | AE41: 0 | AF41: 0 | AG41: 0 | AH41: 0 | AI41: 6.08 | AJ41: 1 | AK41: 1 | AL41: 1 | AN41: 0 | AO41: 0 | AP41: 0 | AQ41: 0 | AR41: 0 | AT41: 0.855 | AV41: 0 | AW41: 2 | AX41: 39102467 | AY41: 1 | AZ41: 0 | BA41: 40 | BB41: 0 | BC41: 0 | BD41: 0 | BE41: 0 | BF41: 0 | BG41: 0 | BH41: 0 | BI41: 0 | BJ41: 0 | BK41: 0 | BL41: 0 | BM41: 0 | BN41: 0 | BO41: 0 | BP41: 0 | BQ41: 0 | BR41: 0 | BS41: 0 | BT41: 0 | BU41: 0 | BV41: 0 | BW41: 0 | CX41: =Y41*Source!I37 -> 0.657495 | CY41: =AA41 -> 0 | CZ41: =AE41 -> 0 | DA41: =AI41 -> 6.08 | DB41: 0
A42: =ROW(Source!A37) -> 37 | B42: 39102310 | C42: 39102452 | D42: 36807792 | E42: 1 | F42: 1 | G42: 1 | H42: 3 | I42: 04.3.02.12-0002 | J42: ФССЦ-2001, 04.3.02.12-0002, приказ Минстроя России №1039/пр от 30.12.2016г. | K42: Смесь сухая штукатурная цементно-известково-песчаная "БИРСС 15" (марка М100) | L42: 1348 | N42: 1009 | O42: т | P42: т | Q42: 1000 | W42: 0 | X42: -791558573 | Y42: 0.855 | AA42: 5662.73 | AB42: 0 | AC42: 0 | AD42: 0 | AE42: 931.37 | AF42: 0 | AG42: 0 | AH42: 0 | AI42: 6.08 | AJ42: 1 | AK42: 1 | AL42: 1 | AN42: 0 | AO42: 0 | AP42: 0 | AQ42: 0 | AR42: 0 | AT42: 0.855 | AV42: 0 | AW42: 1 | AX42: -1 | AY42: 0 | AZ42: 0 | BB42: 0 | BC42: 0 | BD42: 0 | BE42: 0 | BF42: 0 | BG42: 0 | BH42: 0 | BI42: 0 | BJ42: 0 | BK42: 0 | BL42: 0 | BM42: 0 | BN42: 0 | BO42: 0 | BP42: 0 | BQ42: 0 | BR42: 0 | BS42: 0 | BT42: 0 | BU42: 0 | BV42: 0 | BW42: 0 | CX42: =Y42*Source!I37 -> 0.657495 | CY42: =AA42 -> 5662.73 | CZ42: =AE42 -> 931.37 | DA42: =AI42 -> 6.08 | DB42: 0
A43: =ROW(Source!A40) -> 40 | B43: 39102310 | C43: 39103058 | D43: 37071037 | E43: 1 | F43: 1 | G43: 1 | H43: 1 | I43: 1-100-40 | K43: Рабочий среднего разряда 4 | L43: 1191 | N43: 1013 | O43: чел.-ч. | P43: чел.-ч. | Q43: 1 | W43: 0 | X43: 1069510174 | Y43: 9.039 | AA43: 0 | AB43: 0 | AC43: 0 | AD43: 58.49 | AE43: 0 | AF43: 0 | AG43: 0 | AH43: 9.62 | AI43: 1 | AJ43: 1 | AK43: 1 | AL43: 6.08 | AN43: 0 | AO43: 1 | AP43: 1 | AQ43: 0 | AR43: 0 | AT43: 6.55 | AU43: )*1,15)*1,2 | AV43: 1 | AW43: 2 | AX43: 39103066 | AY43: 1 | AZ43: 0 | BA43: 42 | BB43: 0 | BC43: 0 | BD43: 0 | BE43: 0 | BF43: 0 | BG43: 0 | BH43: 0 | BI43: 0 | BJ43: 0 | BK43: 0 | BL43: 0 | BM43: 0 | BN43: 0 | BO43: 0 | BP43: 0 | BQ43: 0 | BR43: 0 | BS43: 0 | BT43: 0 | BU43: 0 | BV43: 0 | BW43: 0 | CX43: =Y43*Source!I40 -> 6.950991 | CY43: =AD43 -> 58.49 | CZ43: =AH43 -> 9.62 | DA43: =AL43 -> 6.08 | DB43: 0
A44: =ROW(Source!A40) -> 40 | B44: 39102310 | C44: 39103058 | D44: 37064876 | E44: 1 | F44: 1 | G44: 1 | H44: 1 | I44: 4-100-00 | K44: Затраты труда машинистов | L44: 1191 | N44: 1013 | O44: чел.-ч. | P44: чел.-ч. | Q44: 1 | W44: 0 | X44: -1417349443 | Y44: 0.02 | AA44: 0 | AB44: 0 | AC44: 0 | AD44: 0 | AE44: 0 | AF44: 0 | AG44: 0 | AH44: 0 | AI44: 1 | AJ44: 1 | AK44: 6.08 | AL44: 1 | AN44: 0 | AO44: 1 | AP44: 0 | AQ44: 0 | AR44: 0 | AT44: 0.02 | AV44: 2 | AW44: 2 | AX44: 39103067 | AY44: 1 | AZ44: 2048 | BA44: 43 | BB44: 0 | BC44: 0 | BD44: 0 | BE44: 0 | BF44: 0 | BG44: 0 | BH44: 0 | BI44: 0 | BJ44: 0 | BK44: 0 | BL44: 0 | BM44: 0 | BN44: 0 | BO44: 0 | BP44: 0 | BQ44: 0 | BR44: 0 | BS44: 0 | BT44: 0 | BU44: 0 | BV44: 0 | BW44: 0 | CX44: =Y44*Source!I40 -> 0.01538 | CY44: =AD44 -> 0 | CZ44: =AH44 -> 0 | DA44: =AL44 -> 1 | DB44: 0
A45: =ROW(Source!A40) -> 40 | B45: 39102310 | C45: 39103058 | D45: 36882452 | E45: 1 | F45: 1 | G45: 1 | H45: 2 | I45: 91.06.06-048 | J45: ФСЭМ-2001, 91.06.06-048, приказ Минстроя России №1039/пр от 30.12.2016г. | K45: Подъемники одномачтовые, грузоподъемность до 500 кг, высота подъема 45 м | L45: 1368 | N45: 1011 | O45: маш.-ч | P45: маш.-ч | Q45: 1 | W45: 0 | X45: 1188625873 | Y45: 0.015 | AA45: 0 | AB45: 190.06 | AC45: 13.5 | AD45: 0 | AE45: 0 | AF45: 31.26 | AG45: 13.5 | AH45: 0 | AI45: 1 | AJ45: 6.08 | AK45: 1 | AL45: 1 | AN45: 0 | AO45: 1 | AP45: 1 | AQ45: 0 | AR45: 0 | AT45: 0.01 | AU45: )*1,25)*1,2 | AV45: 0 | AW45: 2 | AX45: 39103068 | AY45: 1 | AZ45: 0 | BA45: 44 | BB45: 0 | BC45: 0 | BD45: 0 | BE45: 0 | BF45: 0 | BG45: 0 | BH45: 0 | BI45: 0 | BJ45: 0 | BK45: 0 | BL45: 0 | BM45: 0 | BN45: 0 | BO45: 0 | BP45: 0 | BQ45: 0 | BR45: 0 | BS45: 0 | BT45: 0 | BU45: 0 | BV45: 0 | BW45: 0 | CX45: =Y45*Source!I40 -> 0.011535 | CY45: =AB45 -> 190.06 | CZ45: =AF45 -> 31.26 | DA45: =AJ45 -> 6.08 | DB45: 0
A46: =ROW(Source!A40) -> 40 | B46: 39102310 | C46: 39103058 | D46: 36883554 | E46: 1 | F46: 1 | G46: 1 | H46: 2 | I46: 91.14.02-001 | J46: ФСЭМ-2001, 91.14.02-001, приказ Минстроя России №1039/пр от 30.12.2016г. | K46: Автомобили бортовые, грузоподъемность до 5 т | L46: 1368 | N46: 1011 | O46: маш.-ч | P46: маш.-ч | Q46: 1 | W46: 0 | X46: 1372534845 | Y46: 0.015 | AA46: 0 | AB46: 399.52 | AC46: 11.6 | AD46: 0 | AE46: 0 | AF46: 65.71 | AG46: 11.6 | AH46: 0 | AI46: 1 | AJ46: 6.08 | AK46: 1 | AL46: 1 | AN46: 0 | AO46: 1 | AP46: 1 | AQ46: 0 | AR46: 0 | AT46: 0.01 | AU46: )*1,25)*1,2 | AV46: 0 | AW46: 2 | AX46: 39103069 | AY46: 1 | AZ46: 0 | BA46: 45 | BB46: 0 | BC46: 0 | BD46: 0 | BE46: 0 | BF46: 0 | BG46: 0 | BH46: 0 | BI46: 0 | BJ46: 0 | BK46: 0 | BL46: 0 | BM46: 0 | BN46: 0 | BO46: 0 | BP46: 0 | BQ46: 0 | BR46: 0 | BS46: 0 | BT46: 0 | BU46: 0 | BV46: 0 | BW46: 0 | CX46: =Y46*Source!I40 -> 0.011535 | CY46: =AB46 -> 399.52 | CZ46: =AF46 -> 65.71 | DA46: =AJ46 -> 6.08 | DB46: 0
A47: =ROW(Source!A40) -> 40 | B47: 39102310 | C47: 39103058 | D47: 36805524 | E47: 1 | F47: 1 | G47: 1 | H47: 3 | I47: 01.7.20.08-0051 | J47: ФССЦ-2001, 01.7.20.08-0051, приказ Минстроя России №1039/пр от 30.12.2016г. | K47: Ветошь | L47: 1346 | N47: 1009 | O47: кг | P47: кг | Q47: 1 | W47: 0 | X47: 813963326 | Y47: 0.1 | AA47: 11.07 | AB47: 0 | AC47: 0 | AD47: 0 | AE47: 1.82 | AF47: 0 | AG47: 0 | AH47: 0 | AI47: 6.08 | AJ47: 1 | AK47: 1 | AL47: 1 | AN47: 0 | AO47: 1 | AP47: 0 | AQ47: 0 | AR47: 0 | AT47: 0.1 | AV47: 0 | AW47: 2 | AX47: 39103070 | AY47: 1 | AZ47: 0 | BA47: 46 | BB47: 0 | BC47: 0 | BD47: 0 | BE47: 0 | BF47: 0 | BG47: 0 | BH47: 0 | BI47: 0 | BJ47: 0 | BK47: 0 | BL47: 0 | BM47: 0 | BN47: 0 | BO47: 0 | BP47: 0 | BQ47: 0 | BR47: 0 | BS47: 0 | BT47: 0 | BU47: 0 | BV47: 0 | BW47: 0 | CX47: =Y47*Source!I40 -> 0.0769 | CY47: =AA47 -> 11.07 | CZ47: =AE47 -> 1.82 | DA47: =AI47 -> 6.08 | DB47: 0
A48: =ROW(Source!A40) -> 40 | B48: 39102310 | C48: 39103058 | D48: 36837720 | E48: 1 | F48: 1 | G48: 1 | H48: 3 | I48: 14.3.01.02-0102 | J48: ФССЦ-2001, 14.3.01.02-0102, приказ Минстроя России №1039/пр от 30.12.2016г. | K48: Грунтовка: водно-дисперсионная "БИРСС Бетон-контакт" | L48: 1348 | N48: 1009 | O48: т | P48: т | Q48: 1000 | W48: 0 | X48: -1919714308 | Y48: 0.013 | AA48: 111812.17 | AB48: 0 | AC48: 0 | AD48: 0 | AE48: 18390.16 | AF48: 0 | AG48: 0 | AH48: 0 | AI48: 6.08 | AJ48: 1 | AK48: 1 | AL48: 1 | AN48: 0 | AO48: 0 | AP48: 0 | AQ48: 0 | AR48: 0 | AT48: 0.013 | AV48: 0 | AW48: 1 | AX48: -1 | AY48: 0 | AZ48: 0 | BB48: 0 | BC48: 0 | BD48: 0 | BE48: 0 | BF48: 0 | BG48: 0 | BH48: 0 | BI48: 0 | BJ48: 0 | BK48: 0 | BL48: 0 | BM48: 0 | BN48: 0 | BO48: 0 | BP48: 0 | BQ48: 0 | BR48: 0 | BS48: 0 | BT48: 0 | BU48: 0 | BV48: 0 | BW48: 0 | CX48: =Y48*Source!I40 -> 0.009997 | CY48: =AA48 -> 111812.17 | CZ48: =AE48 -> 18390.16 | DA48: =AI48 -> 6.08 | DB48: 0
A49: =ROW(Source!A40) -> 40 | B49: 39102310 | C49: 39103058 | D49: 36797079 | E49: 17 | F49: 1 | G49: 1 | H49: 3 | I49: 14.4.01.21 | K49: Грунтовка | L49: 1348 | N49: 1009 | O49: т | P49: т | Q49: 1000 | W49: 0 | X49: -1212923053 | Y49: 0.013 | AA49: 0 | AB49: 0 | AC49: 0 | AD49: 0 | AE49: 0 | AF49: 0 | AG49: 0 | AH49: 0 | AI49: 6.08 | AJ49: 1 | AK49: 1 | AL49: 1 | AN49: 0 | AO49: 0 | AP49: 0 | AQ49: 0 | AR49: 0 | AT49: 0.013 | AV49: 0 | AW49: 2 | AX49: 39103071 | AY49: 1 | AZ49: 0 | BA49: 47 | BB49: 0 | BC49: 0 | BD49: 0 | BE49: 0 | BF49: 0 | BG49: 0 | BH49: 0 | BI49: 0 | BJ49: 0 | BK49: 0 | BL49: 0 | BM49: 0 | BN49: 0 | BO49: 0 | BP49: 0 | BQ49: 0 | BR49: 0 | BS49: 0 | BT49: 0 | BU49: 0 | BV49: 0 | BW49: 0 | CX49: =Y49*Source!I40 -> 0.009997 | CY49: =AA49 -> 0 | CZ49: =AE49 -> 0 | DA49: =AI49 -> 6.08 | DB49: 0
A50: =ROW(Source!A43) -> 43 | B50: 39102310 | C50: 39103074 | D50: 37071037 | E50: 1 | F50: 1 | G50: 1 | H50: 1 | I50: 1-100-40 | K50: Рабочий среднего разряда 4 | L50: 1191 | N50: 1013 | O50: чел.-ч. | P50: чел.-ч. | Q50: 1 | W50: 0 | X50: 1069510174 | Y50: 11.178 | AA50: 0 | AB50: 0 | AC50: 0 | AD50: 58.49 | AE50: 0 | AF50: 0 | AG50: 0 | AH50: 9.62 | AI50: 1 | AJ50: 1 | AK50: 1 | AL50: 6.08 | AN50: 0 | AO50: 1 | AP50: 1 | AQ50: 0 | AR50: 0 | AT50: 8.1 | AU50: )*1,15)*1,2 | AV50: 1 | AW50: 2 | AX50: 39103082 | AY50: 1 | AZ50: 0 | BA50: 48 | BB50: 0 | BC50: 0 | BD50: 0 | BE50: 0 | BF50: 0 | BG50: 0 | BH50: 0 | BI50: 0 | BJ50: 0 | BK50: 0 | BL50: 0 | BM50: 0 | BN50: 0 | BO50: 0 | BP50: 0 | BQ50: 0 | BR50: 0 | BS50: 0 | BT50: 0 | BU50: 0 | BV50: 0 | BW50: 0 | CX50: =Y50*Source!I43 -> 4.057614 | CY50: =AD50 -> 58.49 | CZ50: =AH50 -> 9.62 | DA50: =AL50 -> 6.08 | DB50: 0
A51: =ROW(Source!A43) -> 43 | B51: 39102310 | C51: 39103074 | D51: 37064876 | E51: 1 | F51: 1 | G51: 1 | H51: 1 | I51: 4-100-00 | K51: Затраты труда машинистов | L51: 1191 | N51: 1013 | O51: чел.-ч. | P51: чел.-ч. | Q51: 1 | W51: 0 | X51: -1417349443 | Y51: 0.02 | AA51: 0 | AB51: 0 | AC51: 0 | AD51: 0 | AE51: 0 | AF51: 0 | AG51: 0 | AH51: 0 | AI51: 1 | AJ51: 1 | AK51: 6.08 | AL51: 1 | AN51: 0 | AO51: 1 | AP51: 0 | AQ51: 0 | AR51: 0 | AT51: 0.02 | AV51: 2 | AW51: 2 | AX51: 39103083 | AY51: 1 | AZ51: 2048 | BA51: 49 | BB51: 0 | BC51: 0 | BD51: 0 | BE51: 0 | BF51: 0 | BG51: 0 | BH51: 0 | BI51: 0 | BJ51: 0 | BK51: 0 | BL51: 0 | BM51: 0 | BN51: 0 | BO51: 0 | BP51: 0 | BQ51: 0 | BR51: 0 | BS51: 0 | BT51: 0 | BU51: 0 | BV51: 0 | BW51: 0 | CX51: =Y51*Source!I43 -> 0.00726 | CY51: =AD51 -> 0 | CZ51: =AH51 -> 0 | DA51: =AL51 -> 1 | DB51: 0
A52: =ROW(Source!A43) -> 43 | B52: 39102310 | C52: 39103074 | D52: 36882452 | E52: 1 | F52: 1 | G52: 1 | H52: 2 | I52: 91.06.06-048 | J52: ФСЭМ-2001, 91.06.06-048, приказ Минстроя России №1039/пр от 30.12.2016г. | K52: Подъемники одномачтовые, грузоподъемность до 500 кг, высота подъема 45 м | L52: 1368 | N52: 1011 | O52: маш.-ч | P52: маш.-ч | Q52: 1 | W52: 0 | X52: 1188625873 | Y52: 0.015 | AA52: 0 | AB52: 190.06 | AC52: 13.5 | AD52: 0 | AE52: 0 | AF52: 31.26 | AG52: 13.5 | AH52: 0 | AI52: 1 | AJ52: 6.08 | AK52: 1 | AL52: 1 | AN52: 0 | AO52: 1 | AP52: 1 | AQ52: 0 | AR52: 0 | AT52: 0.01 | AU52: )*1,25)*1,2 | AV52: 0 | AW52: 2 | AX52: 39103084 | AY52: 1 | AZ52: 0 | BA52: 50 | BB52: 0 | BC52: 0 | BD52: 0 | BE52: 0 | BF52: 0 | BG52: 0 | BH52: 0 | BI52: 0 | BJ52: 0 | BK52: 0 | BL52: 0 | BM52: 0 | BN52: 0 | BO52: 0 | BP52: 0 | BQ52: 0 | BR52: 0 | BS52: 0 | BT52: 0 | BU52: 0 | BV52: 0 | BW52: 0 | CX52: =Y52*Source!I43 -> 0.005445 | CY52: =AB52 -> 190.06 | CZ52: =AF52 -> 31.26 | DA52: =AJ52 -> 6.08 | DB52: 0
A53: =ROW(Source!A43) -> 43 | B53: 39102310 | C53: 39103074 | D53: 36883554 | E53: 1 | F53: 1 | G53: 1 | H53: 2 | I53: 91.14.02-001 | J53: ФСЭМ-2001, 91.14.02-001, приказ Минстроя России №1039/пр от 30.12.2016г. | K53: Автомобили бортовые, грузоподъемность до 5 т | L53: 1368 | N53: 1011 | O53: маш.-ч | P53: маш.-ч | Q53: 1 | W53: 0 | X53: 1372534845 | Y53: 0.015 | AA53: 0 | AB53: 399.52 | AC53: 11.6 | AD53: 0 | AE53: 0 | AF53: 65.71 | AG53: 11.6 | AH53: 0 | AI53: 1 | AJ53: 6.08 | AK53: 1 | AL53: 1 | AN53: 0 | AO53: 1 | AP53: 1 | AQ53: 0 | AR53: 0 | AT53: 0.01 | AU53: )*1,25)*1,2 | AV53: 0 | AW53: 2 | AX53: 39103085 | AY53: 1 | AZ53: 0 | BA53: 51 | BB53: 0 | BC53: 0 | BD53: 0 | BE53: 0 | BF53: 0 | BG53: 0 | BH53: 0 | BI53: 0 | BJ53: 0 | BK53: 0 | BL53: 0 | BM53: 0 | BN53: 0 | BO53: 0 | BP53: 0 | BQ53: 0 | BR53: 0 | BS53: 0 | BT53: 0 | BU53: 0 | BV53: 0 | BW53: 0 | CX53: =Y53*Source!I43 -> 0.005445 | CY53: =AB53 -> 399.52 | CZ53: =AF53 -> 65.71 | DA53: =AJ53 -> 6.08 | DB53: 0
A54: =ROW(Source!A43) -> 43 | B54: 39102310 | C54: 39103074 | D54: 36805524 | E54: 1 | F54: 1 | G54: 1 | H54: 3 | I54: 01.7.20.08-0051 | J54: ФССЦ-2001, 01.7.20.08-0051, приказ Минстроя России №1039/пр от 30.12.2016г. | K54: Ветошь | L54: 1346 | N54: 1009 | O54: кг | P54: кг | Q54: 1 | W54: 0 | X54: 813963326 | Y54: 0.1 | AA54: 11.07 | AB54: 0 | AC54: 0 | AD54: 0 | AE54: 1.82 | AF54: 0 | AG54: 0 | AH54: 0 | AI54: 6.08 | AJ54: 1 | AK54: 1 | AL54: 1 | AN54: 0 | AO54: 1 | AP54: 0 | AQ54: 0 | AR54: 0 | AT54: 0.1 | AV54: 0 | AW54: 2 | AX54: 39103086 | AY54: 1 | AZ54: 0 | BA54: 52 | BB54: 0 | BC54: 0 | BD54: 0 | BE54: 0 | BF54: 0 | BG54: 0 | BH54: 0 | BI54: 0 | BJ54: 0 | BK54: 0 | BL54: 0 | BM54: 0 | BN54: 0 | BO54: 0 | BP54: 0 | BQ54: 0 | BR54: 0 | BS54: 0 | BT54: 0 | BU54: 0 | BV54: 0 | BW54: 0 | CX54: =Y54*Source!I43 -> 0.0363 | CY54: =AA54 -> 11.07 | CZ54: =AE54 -> 1.82 | DA54: =AI54 -> 6.08 | DB54: 0
A55: =ROW(Source!A43) -> 43 | B55: 39102310 | C55: 39103074 | D55: 36837720 | E55: 1 | F55: 1 | G55: 1 | H55: 3 | I55: 14.3.01.02-0102 | J55: ФССЦ-2001, 14.3.01.02-0102, приказ Минстроя России №1039/пр от 30.12.2016г. | K55: Грунтовка: водно-дисперсионная "БИРСС Бетон-контакт" | L55: 1348 | N55: 1009 | O55: т | P55: т | Q55: 1000 | W55: 0 | X55: -1919714308 | Y55: 0.013 | AA55: 111812.17 | AB55: 0 | AC55: 0 | AD55: 0 | AE55: 18390.16 | AF55: 0 | AG55: 0 | AH55: 0 | AI55: 6.08 | AJ55: 1 | AK55: 1 | AL55: 1 | AN55: 0 | AO55: 0 | AP55: 0 | AQ55: 0 | AR55: 0 | AT55: 0.013 | AV55: 0 | AW55: 1 | AX55: -1 | AY55: 0 | AZ55: 0 | BB55: 0 | BC55: 0 | BD55: 0 | BE55: 0 | BF55: 0 | BG55: 0 | BH55: 0 | BI55: 0 | BJ55: 0 | BK55: 0 | BL55: 0 | BM55: 0 | BN55: 0 | BO55: 0 | BP55: 0 | BQ55: 0 | BR55: 0 | BS55: 0 | BT55: 0 | BU55: 0 | BV55: 0 | BW55: 0 | CX55: =Y55*Source!I43 -> 0.004719 | CY55: =AA55 -> 111812.17 | CZ55: =AE55 -> 18390.16 | DA55: =AI55 -> 6.08 | DB55: 0
A56: =ROW(Source!A43) -> 43 | B56: 39102310 | C56: 39103074 | D56: 36797079 | E56: 17 | F56: 1 | G56: 1 | H56: 3 | I56: 14.4.01.21 | K56: Грунтовка | L56: 1348 | N56: 1009 | O56: т | P56: т | Q56: 1000 | W56: 0 | X56: -1212923053 | Y56: 0.013 | AA56: 0 | AB56: 0 | AC56: 0 | AD56: 0 | AE56: 0 | AF56: 0 | AG56: 0 | AH56: 0 | AI56: 6.08 | AJ56: 1 | AK56: 1 | AL56: 1 | AN56: 0 | AO56: 0 | AP56: 0 | AQ56: 0 | AR56: 0 | AT56: 0.013 | AV56: 0 | AW56: 2 | AX56: 39103087 | AY56: 1 | AZ56: 0 | BA56: 53 | BB56: 0 | BC56: 0 | BD56: 0 | BE56: 0 | BF56: 0 | BG56: 0 | BH56: 0 | BI56: 0 | BJ56: 0 | BK56: 0 | BL56: 0 | BM56: 0 | BN56: 0 | BO56: 0 | BP56: 0 | BQ56: 0 | BR56: 0 | BS56: 0 | BT56: 0 | BU56: 0 | BV56: 0 | BW56: 0 | CX56: =Y56*Source!I43 -> 0.004719 | CY56: =AA56 -> 0 | CZ56: =AE56 -> 0 | DA56: =AI56 -> 6.08 | DB56: 0
A57: =ROW(Source!A46) -> 46 | B57: 39102310 | C57: 39102471 | D57: 37070090 | E57: 1 | F57: 1 | G57: 1 | H57: 1 | I57: 1-100-34 | K57: Рабочий среднего разряда 3.4 | L57: 1191 | N57: 1013 | O57: чел.-ч. | P57: чел.-ч. | Q57: 1 | W57: 0 | X57: -814890593 | Y57: 59.202 | AA57: 0 | AB57: 0 | AC57: 0 | AD57: 54.54 | AE57: 0 | AF57: 0 | AG57: 0 | AH57: 8.97 | AI57: 1 | AJ57: 1 | AK57: 1 | AL57: 6.08 | AN57: 0 | AO57: 1 | AP57: 1 | AQ57: 0 | AR57: 0 | AT57: 42.9 | AU57: )*1,15)*1,2 | AV57: 1 | AW57: 2 | AX57: 39102481 | AY57: 1 | AZ57: 0 | BA57: 54 | BB57: 0 | BC57: 0 | BD57: 0 | BE57: 0 | BF57: 0 | BG57: 0 | BH57: 0 | BI57: 0 | BJ57: 0 | BK57: 0 | BL57: 0 | BM57: 0 | BN57: 0 | BO57: 0 | BP57: 0 | BQ57: 0 | BR57: 0 | BS57: 0 | BT57: 0 | BU57: 0 | BV57: 0 | BW57: 0 | CX57: =Y57*Source!I46 -> 45.526338 | CY57: =AD57 -> 54.54 | CZ57: =AH57 -> 8.97 | DA57: =AL57 -> 6.08 | DB57: 0
A58: =ROW(Source!A46) -> 46 | B58: 39102310 | C58: 39102471 | D58: 37064876 | E58: 1 | F58: 1 | G58: 1 | H58: 1 | I58: 4-100-00 | K58: Затраты труда машинистов | L58: 1191 | N58: 1013 | O58: чел.-ч. | P58: чел.-ч. | Q58: 1 | W58: 0 | X58: -1417349443 | Y58: 0.17 | AA58: 0 | AB58: 0 | AC58: 0 | AD58: 0 | AE58: 0 | AF58: 0 | AG58: 0 | AH58: 0 | AI58: 1 | AJ58: 1 | AK58: 6.08 | AL58: 1 | AN58: 0 | AO58: 1 | AP58: 0 | AQ58: 0 | AR58: 0 | AT58: 0.17 | AV58: 2 | AW58: 2 | AX58: 39102482 | AY58: 1 | AZ58: 2048 | BA58: 55 | BB58: 0 | BC58: 0 | BD58: 0 | BE58: 0 | BF58: 0 | BG58: 0 | BH58: 0 | BI58: 0 | BJ58: 0 | BK58: 0 | BL58: 0 | BM58: 0 | BN58: 0 | BO58: 0 | BP58: 0 | BQ58: 0 | BR58: 0 | BS58: 0 | BT58: 0 | BU58: 0 | BV58: 0 | BW58: 0 | CX58: =Y58*Source!I46 -> 0.13073 | CY58: =AD58 -> 0 | CZ58: =AH58 -> 0 | DA58: =AL58 -> 1 | DB58: 0
A59: =ROW(Source!A46) -> 46 | B59: 39102310 | C59: 39102471 | D59: 36882452 | E59: 1 | F59: 1 | G59: 1 | H59: 2 | I59: 91.06.06-048 | J59: ФСЭМ-2001, 91.06.06-048, приказ Минстроя России №1039/пр от 30.12.2016г. | K59: Подъемники одномачтовые, грузоподъемность до 500 кг, высота подъема 45 м | L59: 1368 | N59: 1011 | O59: маш.-ч | P59: маш.-ч | Q59: 1 | W59: 0 | X59: 1188625873 | Y59: 0.03 | AA59: 0 | AB59: 190.06 | AC59: 13.5 | AD59: 0 | AE59: 0 | AF59: 31.26 | AG59: 13.5 | AH59: 0 | AI59: 1 | AJ59: 6.08 | AK59: 1 | AL59: 1 | AN59: 0 | AO59: 1 | AP59: 1 | AQ59: 0 | AR59: 0 | AT59: 0.02 | AU59: )*1,25)*1,2 | AV59: 0 | AW59: 2 | AX59: 39102483 | AY59: 1 | AZ59: 0 | BA59: 56 | BB59: 0 | BC59: 0 | BD59: 0 | BE59: 0 | BF59: 0 | BG59: 0 | BH59: 0 | BI59: 0 | BJ59: 0 | BK59: 0 | BL59: 0 | BM59: 0 | BN59: 0 | BO59: 0 | BP59: 0 | BQ59: 0 | BR59: 0 | BS59: 0 | BT59: 0 | BU59: 0 | BV59: 0 | BW59: 0 | CX59: =Y59*Source!I46 -> 0.02307 | CY59: =AB59 -> 190.06 | CZ59: =AF59 -> 31.26 | DA59: =AJ59 -> 6.08 | DB59: 0
A60: =ROW(Source!A46) -> 46 | B60: 39102310 | C60: 39102471 | D60: 36883554 | E60: 1 | F60: 1 | G60: 1 | H60: 2 | I60: 91.14.02-001 | J60: ФСЭМ-2001, 91.14.02-001, приказ Минстроя России №1039/пр от 30.12.2016г. | K60: Автомобили бортовые, грузоподъемность до 5 т | L60: 1368 | N60: 1011 | O60: маш.-ч | P60: маш.-ч | Q60: 1 | W60: 0 | X60: 1372534845 | Y60: 0.225 | AA60: 0 | AB60: 399.52 | AC60: 11.6 | AD60: 0 | AE60: 0 | AF60: 65.71 | AG60: 11.6 | AH60: 0 | AI60: 1 | AJ60: 6.08 | AK60: 1 | AL60: 1 | AN60: 0 | AO60: 1 | AP60: 1 | AQ60: 0 | AR60: 0 | AT60: 0.15 | AU60: )*1,25)*1,2 | AV60: 0 | AW60: 2 | AX60: 39102484 | AY60: 1 | AZ60: 0 | BA60: 57 | BB60: 0 | BC60: 0 | BD60: 0 | BE60: 0 | BF60: 0 | BG60: 0 | BH60: 0 | BI60: 0 | BJ60: 0 | BK60: 0 | BL60: 0 | BM60: 0 | BN60: 0 | BO60: 0 | BP60: 0 | BQ60: 0 | BR60: 0 | BS60: 0 | BT60: 0 | BU60: 0 | BV60: 0 | BW60: 0 | CX60: =Y60*Source!I46 -> 0.173025 | CY60: =AB60 -> 399.52 | CZ60: =AF60 -> 65.71 | DA60: =AJ60 -> 6.08 | DB60: 0
A61: =ROW(Source!A46) -> 46 | B61: 39102310 | C61: 39102471 | D61: 36805188 | E61: 1 | F61: 1 | G61: 1 | H61: 3 | I61: 01.7.17.11-0011 | J61: ФССЦ-2001, 01.7.17.11-0011, приказ Минстроя России №1039/пр от 30.12.2016г. | K61: Шкурка шлифовальная двухслойная с зернистостью 40-25 | L61: 1327 | N61: 1005 | O61: м2 | P61: м2 | Q61: 1 | W61: 0 | X61: -1987926685 | Y61: 0.84 | AA61: 439.71 | AB61: 0 | AC61: 0 | AD61: 0 | AE61: 72.32 | AF61: 0 | AG61: 0 | AH61: 0 | AI61: 6.08 | AJ61: 1 | AK61: 1 | AL61: 1 | AN61: 0 | AO61: 1 | AP61: 0 | AQ61: 0 | AR61: 0 | AT61: 0.84 | AV61: 0 | AW61: 2 | AX61: 39102485 | AY61: 1 | AZ61: 0 | BA61: 58 | BB61: 0 | BC61: 0 | BD61: 0 | BE61: 0 | BF61: 0 | BG61: 0 | BH61: 0 | BI61: 0 | BJ61: 0 | BK61: 0 | BL61: 0 | BM61: 0 | BN61: 0 | BO61: 0 | BP61: 0 | BQ61: 0 | BR61: 0 | BS61: 0 | BT61: 0 | BU61: 0 | BV61: 0 | BW61: 0 | CX61: =Y61*Source!I46 -> 0.64596 | CY61: =AA61 -> 439.71 | CZ61: =AE61 -> 72.32 | DA61: =AI61 -> 6.08 | DB61: 0
A62: =ROW(Source!A46) -> 46 | B62: 39102310 | C62: 39102471 | D62: 36805524 | E62: 1 | F62: 1 | G62: 1 | H62: 3 | I62: 01.7.20.08-0051 | J62: ФССЦ-2001, 01.7.20.08-0051, приказ Минстроя России №1039/пр от 30.12.2016г. | K62: Ветошь | L62: 1346 | N62: 1009 | O62: кг | P62: кг | Q62: 1 | W62: 0 | X62: 813963326 | Y62: 0.31 | AA62: 11.07 | AB62: 0 | AC62: 0 | AD62: 0 | AE62: 1.82 | AF62: 0 | AG62: 0 | AH62: 0 | AI62: 6.08 | AJ62: 1 | AK62: 1 | AL62: 1 | AN62: 0 | AO62: 1 | AP62: 0 | AQ62: 0 | AR62: 0 | AT62: 0.31 | AV62: 0 | AW62: 2 | AX62: 39102486 | AY62: 1 | AZ62: 0 | BA62: 59 | BB62: 0 | BC62: 0 | BD62: 0 | BE62: 0 | BF62: 0 | BG62: 0 | BH62: 0 | BI62: 0 | BJ62: 0 | BK62: 0 | BL62: 0 | BM62: 0 | BN62: 0 | BO62: 0 | BP62: 0 | BQ62: 0 | BR62: 0 | BS62: 0 | BT62: 0 | BU62: 0 | BV62: 0 | BW62: 0 | CX62: =Y62*Source!I46 -> 0.23839 | CY62: =AA62 -> 11.07 | CZ62: =AE62 -> 1.82 | DA62: =AI62 -> 6.08 | DB62: 0
A63: =ROW(Source!A46) -> 46 | B63: 39102310 | C63: 39102471 | D63: 36797561 | E63: 17 | F63: 1 | G63: 1 | H63: 3 | I63: 14.3.02.01 | K63: Краска водоэмульсионная | L63: 1348 | N63: 1009 | O63: т | P63: т | Q63: 1000 | W63: 0 | X63: 1891904026 | Y63: 0.063 | AA63: 0 | AB63: 0 | AC63: 0 | AD63: 0 | AE63: 0 | AF63: 0 | AG63: 0 | AH63: 0 | AI63: 6.08 | AJ63: 1 | AK63: 1 | AL63: 1 | AN63: 0 | AO63: 0 | AP63: 0 | AQ63: 0 | AR63: 0 | AT63: 0.063 | AV63: 0 | AW63: 2 | AX63: 39102487 | AY63: 1 | AZ63: 0 | BA63: 60 | BB63: 0 | BC63: 0 | BD63: 0 | BE63: 0 | BF63: 0 | BG63: 0 | BH63: 0 | BI63: 0 | BJ63: 0 | BK63: 0 | BL63: 0 | BM63: 0 | BN63: 0 | BO63: 0 | BP63: 0 | BQ63: 0 | BR63: 0 | BS63: 0 | BT63: 0 | BU63: 0 | BV63: 0 | BW63: 0 | CX63: =Y63*Source!I46 -> 0.048447 | CY63: =AA63 -> 0 | CZ63: =AE63 -> 0 | DA63: =AI63 -> 6.08 | DB63: 0
A64: =ROW(Source!A46) -> 46 | B64: 39102310 | C64: 39102471 | D64: 36837739 | E64: 1 | F64: 1 | G64: 1 | H64: 3 | I64: 14.3.02.01-0015 | J64: ФССЦ-2001, 14.3.02.01-0015, приказ Минстроя России №1039/пр от 30.12.2016г. | K64: Краска акриловая Alpina RENOVA, CAPAROL водно-дисперсионная | L64: 1348 | N64: 1009 | O64: т | P64: т | Q64: 1000 | W64: 0 | X64: -1849320982 | Y64: 0.063 | AA64: 80789.16 | AB64: 0 | AC64: 0 | AD64: 0 | AE64: 13287.69 | AF64: 0 | AG64: 0 | AH64: 0 | AI64: 6.08 | AJ64: 1 | AK64: 1 | AL64: 1 | AN64: 0 | AO64: 0 | AP64: 0 | AQ64: 0 | AR64: 0 | AT64: 0.063 | AV64: 0 | AW64: 1 | AX64: -1 | AY64: 0 | AZ64: 0 | BB64: 0 | BC64: 0 | BD64: 0 | BE64: 0 | BF64: 0 | BG64: 0 | BH64: 0 | BI64: 0 | BJ64: 0 | BK64: 0 | BL64: 0 | BM64: 0 | BN64: 0 | BO64: 0 | BP64: 0 | BQ64: 0 | BR64: 0 | BS64: 0 | BT64: 0 | BU64: 0 | BV64: 0 | BW64: 0 | CX64: =Y64*Source!I46 -> 0.048447 | CY64: =AA64 -> 80789.16 | CZ64: =AE64 -> 13287.69 | DA64: =AI64 -> 6.08 | DB64: 0
A65: =ROW(Source!A46) -> 46 | B65: 39102310 | C65: 39102471 | D65: 36839212 | E65: 1 | F65: 1 | G65: 1 | H65: 3 | I65: 14.5.11.01-0001 | J65: ФССЦ-2001, 14.5.11.01-0001, приказ Минстроя России №1039/пр от 30.12.2016г. | K65: Шпатлевка клеевая | L65: 1348 | N65: 1009 | O65: т | P65: т | Q65: 1000 | W65: 0 | X65: -2084827333 | Y65: 0.051 | AA65: 26107.52 | AB65: 0 | AC65: 0 | AD65: 0 | AE65: 4294 | AF65: 0 | AG65: 0 | AH65: 0 | AI65: 6.08 | AJ65: 1 | AK65: 1 | AL65: 1 | AN65: 0 | AO65: 1 | AP65: 0 | AQ65: 0 | AR65: 0 | AT65: 0.051 | AV65: 0 | AW65: 2 | AX65: 39102488 | AY65: 1 | AZ65: 0 | BA65: 61 | BB65: 0 | BC65: 0 | BD65: 0 | BE65: 0 | BF65: 0 | BG65: 0 | BH65: 0 | BI65: 0 | BJ65: 0 | BK65: 0 | BL65: 0 | BM65: 0 | BN65: 0 | BO65: 0 | BP65: 0 | BQ65: 0 | BR65: 0 | BS65: 0 | BT65: 0 | BU65: 0 | BV65: 0 | BW65: 0 | CX65: =Y65*Source!I46 -> 0.039219 | CY65: =AA65 -> 26107.52 | CZ65: =AE65 -> 4294 | DA65: =AI65 -> 6.08 | DB65: 0
A66: =ROW(Source!A49) -> 49 | B66: 39102310 | C66: 39102491 | D66: 37069580 | E66: 1 | F66: 1 | G66: 1 | H66: 1 | I66: 1-100-31 | K66: Рабочий среднего разряда 3.1 | L66: 1191 | N66: 1013 | O66: чел.-ч. | P66: чел.-ч. | Q66: 1 | W66: 0 | X66: 1010519658 | Y66: 33.78 | AA66: 0 | AB66: 0 | AC66: 0 | AD66: 52.53 | AE66: 0 | AF66: 0 | AG66: 0 | AH66: 8.64 | AI66: 1 | AJ66: 1 | AK66: 1 | AL66: 6.08 | AN66: 0 | AO66: 1 | AP66: 0 | AQ66: 0 | AR66: 0 | AT66: 33.78 | AV66: 1 | AW66: 2 | AX66: 39102505 | AY66: 1 | AZ66: 0 | BA66: 62 | BB66: 0 | BC66: 0 | BD66: 0 | BE66: 0 | BF66: 0 | BG66: 0 | BH66: 0 | BI66: 0 | BJ66: 0 | BK66: 0 | BL66: 0 | BM66: 0 | BN66: 0 | BO66: 0 | BP66: 0 | BQ66: 0 | BR66: 0 | BS66: 0 | BT66: 0 | BU66: 0 | BV66: 0 | BW66: 0 | CX66: =Y66*Source!I49 -> 12.26214 | CY66: =AD66 -> 52.53 | CZ66: =AH66 -> 8.64 | DA66: =AL66 -> 6.08 | DB66: 0
A67: =ROW(Source!A49) -> 49 | B67: 39102310 | C67: 39102491 | D67: 37064876 | E67: 1 | F67: 1 | G67: 1 | H67: 1 | I67: 4-100-00 | K67: Затраты труда машинистов | L67: 1191 | N67: 1013 | O67: чел.-ч. | P67: чел.-ч. | Q67: 1 | W67: 0 | X67: -1417349443 | Y67: 0.16 | AA67: 0 | AB67: 0 | AC67: 0 | AD67: 0 | AE67: 0 | AF67: 0 | AG67: 0 | AH67: 0 | AI67: 1 | AJ67: 1 | AK67: 6.08 | AL67: 1 | AN67: 0 | AO67: 1 | AP67: 0 | AQ67: 0 | AR67: 0 | AT67: 0.16 | AV67: 2 | AW67: 2 | AX67: 39102506 | AY67: 1 | AZ67: 0 | BA67: 63 | BB67: 0 | BC67: 0 | BD67: 0 | BE67: 0 | BF67: 0 | BG67: 0 | BH67: 0 | BI67: 0 | BJ67: 0 | BK67: 0 | BL67: 0 | BM67: 0 | BN67: 0 | BO67: 0 | BP67: 0 | BQ67: 0 | BR67: 0 | BS67: 0 | BT67: 0 | BU67: 0 | BV67: 0 | BW67: 0 | CX67: =Y67*Source!I49 -> 0.05808 | CY67: =AD67 -> 0 | CZ67: =AH67 -> 0 | DA67: =AL67 -> 1 | DB67: 0
A68: =ROW(Source!A49) -> 49 | B68: 39102310 | C68: 39102491 | D68: 36882452 | E68: 1 | F68: 1 | G68: 1 | H68: 2 | I68: 91.06.06-048 | J68: ФСЭМ-2001, 91.06.06-048, приказ Минстроя России №1039/пр от 30.12.2016г. | K68: Подъемники одномачтовые, грузоподъемность до 500 кг, высота подъема 45 м | L68: 1368 | N68: 1011 | O68: маш.-ч | P68: маш.-ч | Q68: 1 | W68: 0 | X68: 1188625873 | Y68: 0.1 | AA68: 0 | AB68: 190.06 | AC68: 13.5 | AD68: 0 | AE68: 0 | AF68: 31.26 | AG68: 13.5 | AH68: 0 | AI68: 1 | AJ68: 6.08 | AK68: 1 | AL68: 1 | AN68: 0 | AO68: 1 | AP68: 0 | AQ68: 0 | AR68: 0 | AT68: 0.1 | AV68: 0 | AW68: 2 | AX68: 39102507 | AY68: 1 | AZ68: 0 | BA68: 64 | BB68: 0 | BC68: 0 | BD68: 0 | BE68: 0 | BF68: 0 | BG68: 0 | BH68: 0 | BI68: 0 | BJ68: 0 | BK68: 0 | BL68: 0 | BM68: 0 | BN68: 0 | BO68: 0 | BP68: 0 | BQ68: 0 | BR68: 0 | BS68: 0 | BT68: 0 | BU68: 0 | BV68: 0 | BW68: 0 | CX68: =Y68*Source!I49 -> 0.0363 | CY68: =AB68 -> 190.06 | CZ68: =AF68 -> 31.26 | DA68: =AJ68 -> 6.08 | DB68: 0
A69: =ROW(Source!A49) -> 49 | B69: 39102310 | C69: 39102491 | D69: 36883554 | E69: 1 | F69: 1 | G69: 1 | H69: 2 | I69: 91.14.02-001 | J69: ФСЭМ-2001, 91.14.02-001, приказ Минстроя России №1039/пр от 30.12.2016г. | K69: Автомобили бортовые, грузоподъемность до 5 т | L69: 1368 | N69: 1011 | O69: маш.-ч | P69: маш.-ч | Q69: 1 | W69: 0 | X69: 1372534845 | Y69: 0.06 | AA69: 0 | AB69: 399.52 | AC69: 11.6 | AD69: 0 | AE69: 0 | AF69: 65.71 | AG69: 11.6 | AH69: 0 | AI69: 1 | AJ69: 6.08 | AK69: 1 | AL69: 1 | AN69: 0 | AO69: 1 | AP69: 0 | AQ69: 0 | AR69: 0 | AT69: 0.06 | AV69: 0 | AW69: 2 | AX69: 39102508 | AY69: 1 | AZ69: 0 | BA69: 65 | BB69: 0 | BC69: 0 | BD69: 0 | BE69: 0 | BF69: 0 | BG69: 0 | BH69: 0 | BI69: 0 | BJ69: 0 | BK69: 0 | BL69: 0 | BM69: 0 | BN69: 0 | BO69: 0 | BP69: 0 | BQ69: 0 | BR69: 0 | BS69: 0 | BT69: 0 | BU69: 0 | BV69: 0 | BW69: 0 | CX69: =Y69*Source!I49 -> 0.02178 | CY69: =AB69 -> 399.52 | CZ69: =AF69 -> 65.71 | DA69: =AJ69 -> 6.08 | DB69: 0
A70: =ROW(Source!A49) -> 49 | B70: 39102310 | C70: 39102491 | D70: 36801792 | E70: 1 | F70: 1 | G70: 1 | H70: 3 | I70: 01.7.03.01-0001 | J70: ФССЦ-2001, 01.7.03.01-0001, приказ Минстроя России №1039/пр от 30.12.2016г. | K70: Вода | L70: 1339 | N70: 1007 | O70: м3 | P70: м3 | Q70: 1 | W70: 0 | X70: -1660354250 | Y70: 0.24 | AA70: 14.84 | AB70: 0 | AC70: 0 | AD70: 0 | AE70: 2.44 | AF70: 0 | AG70: 0 | AH70: 0 | AI70: 6.08 | AJ70: 1 | AK70: 1 | AL70: 1 | AN70: 0 | AO70: 1 | AP70: 0 | AQ70: 0 | AR70: 0 | AT70: 0.24 | AV70: 0 | AW70: 2 | AX70: 39102509 | AY70: 1 | AZ70: 0 | BA70: 66 | BB70: 0 | BC70: 0 | BD70: 0 | BE70: 0 | BF70: 0 | BG70: 0 | BH70: 0 | BI70: 0 | BJ70: 0 | BK70: 0 | BL70: 0 | BM70: 0 | BN70: 0 | BO70: 0 | BP70: 0 | BQ70: 0 | BR70: 0 | BS70: 0 | BT70: 0 | BU70: 0 | BV70: 0 | BW70: 0 | CX70: =Y70*Source!I49 -> 0.08712 | CY70: =AA70 -> 14.84 | CZ70: =AE70 -> 2.44 | DA70: =AI70 -> 6.08 | DB70: 0
A71: =ROW(Source!A49) -> 49 | B71: 39102310 | C71: 39102491 | D71: 36802272 | E71: 1 | F71: 1 | G71: 1 | H71: 3 | I71: 01.7.07.08-0003 | J71: ФССЦ-2001, 01.7.07.08-0003, приказ Минстроя России №1039/пр от 30.12.2016г. | K71: Мыло твердое хозяйственное 72% | L71: 1354 | N71: 1010 | O71: шт. | P71: шт. | Q71: 1 | W71: 0 | X71: -1046673864 | Y71: 5.1 | AA71: 27.36 | AB71: 0 | AC71: 0 | AD71: 0 | AE71: 4.5 | AF71: 0 | AG71: 0 | AH71: 0 | AI71: 6.08 | AJ71: 1 | AK71: 1 | AL71: 1 | AN71: 0 | AO71: 1 | AP71: 0 | AQ71: 0 | AR71: 0 | AT71: 5.1 | AV71: 0 | AW71: 2 | AX71: 39102510 | AY71: 1 | AZ71: 0 | BA71: 67 | BB71: 0 | BC71: 0 | BD71: 0 | BE71: 0 | BF71: 0 | BG71: 0 | BH71: 0 | BI71: 0 | BJ71: 0 | BK71: 0 | BL71: 0 | BM71: 0 | BN71: 0 | BO71: 0 | BP71: 0 | BQ71: 0 | BR71: 0 | BS71: 0 | BT71: 0 | BU71: 0 | BV71: 0 | BW71: 0 | CX71: =Y71*Source!I49 -> 1.8513 | CY71: =AA71 -> 27.36 | CZ71: =AE71 -> 4.5 | DA71: =AI71 -> 6.08 | DB71: 0
A72: =ROW(Source!A49) -> 49 | B72: 39102310 | C72: 39102491 | D72: 36802521 | E72: 1 | F72: 1 | G72: 1 | H72: 3 | I72: 01.7.08.04-0003 | J72: ФССЦ-2001, 01.7.08.04-0003, приказ Минстроя России №1039/пр от 30.12.2016г. | K72: Мел природный молотый | L72: 1348 | N72: 1009 | O72: т | P72: т | Q72: 1000 | W72: 0 | X72: -526970962 | Y72: 0.0255 | AA72: 3565.74 | AB72: 0 | AC72: 0 | AD72: 0 | AE72: 586.47 | AF72: 0 | AG72: 0 | AH72: 0 | AI72: 6.08 | AJ72: 1 | AK72: 1 | AL72: 1 | AN72: 0 | AO72: 1 | AP72: 0 | AQ72: 0 | AR72: 0 | AT72: 0.0255 | AV72: 0 | AW72: 2 | AX72: 39102511 | AY72: 1 | AZ72: 0 | BA72: 68 | BB72: 0 | BC72: 0 | BD72: 0 | BE72: 0 | BF72: 0 | BG72: 0 | BH72: 0 | BI72: 0 | BJ72: 0 | BK72: 0 | BL72: 0 | BM72: 0 | BN72: 0 | BO72: 0 | BP72: 0 | BQ72: 0 | BR72: 0 | BS72: 0 | BT72: 0 | BU72: 0 | BV72: 0 | BW72: 0 | CX72: =Y72*Source!I49 -> 0.0092565 | CY72: =AA72 -> 3565.74 | CZ72: =AE72 -> 586.47 | DA72: =AI72 -> 6.08 | DB72: 0
A73: =ROW(Source!A49) -> 49 | B73: 39102310 | C73: 39102491 | D73: 36805188 | E73: 1 | F73: 1 | G73: 1 | H73: 3 | I73: 01.7.17.11-0011 | J73: ФССЦ-2001, 01.7.17.11-0011, приказ Минстроя России №1039/пр от 30.12.2016г. | K73: Шкурка шлифовальная двухслойная с зернистостью 40-25 | L73: 1327 | N73: 1005 | O73: м2 | P73: м2 | Q73: 1 | W73: 0 | X73: -1987926685 | Y73: 1.6 | AA73: 439.71 | AB73: 0 | AC73: 0 | AD73: 0 | AE73: 72.32 | AF73: 0 | AG73: 0 | AH73: 0 | AI73: 6.08 | AJ73: 1 | AK73: 1 | AL73: 1 | AN73: 0 | AO73: 1 | AP73: 0 | AQ73: 0 | AR73: 0 | AT73: 1.6 | AV73: 0 | AW73: 2 | AX73: 39102512 | AY73: 1 | AZ73: 0 | BA73: 69 | BB73: 0 | BC73: 0 | BD73: 0 | BE73: 0 | BF73: 0 | BG73: 0 | BH73: 0 | BI73: 0 | BJ73: 0 | BK73: 0 | BL73: 0 | BM73: 0 | BN73: 0 | BO73: 0 | BP73: 0 | BQ73: 0 | BR73: 0 | BS73: 0 | BT73: 0 | BU73: 0 | BV73: 0 | BW73: 0 | CX73: =Y73*Source!I49 -> 0.5808 | CY73: =AA73 -> 439.71 | CZ73: =AE73 -> 72.32 | DA73: =AI73 -> 6.08 | DB73: 0
A74: =ROW(Source!A49) -> 49 | B74: 39102310 | C74: 39102491 | D74: 36806413 | E74: 1 | F74: 1 | G74: 1 | H74: 3 | I74: 02.4.03.02-0001 | J74: ФССЦ-2001, 02.4.03.02-0001, приказ Минстроя России №1039/пр от 30.12.2016г. | K74: Пемза шлаковая (щебень пористый из металлургического шлака), марка 600, фракция 5-10 мм | L74: 1339 | N74: 1007 | O74: м3 | P74: м3 | Q74: 1 | W74: 0 | X74: 1795918813 | Y74: 0.0044 | AA74: 453.45 | AB74: 0 | AC74: 0 | AD74: 0 | AE74: 74.58 | AF74: 0 | AG74: 0 | AH74: 0 | AI74: 6.08 | AJ74: 1 | AK74: 1 | AL74: 1 | AN74: 0 | AO74: 1 | AP74: 0 | AQ74: 0 | AR74: 0 | AT74: 0.0044 | AV74: 0 | AW74: 2 | AX74: 39102513 | AY74: 1 | AZ74: 0 | BA74: 70 | BB74: 0 | BC74: 0 | BD74: 0 | BE74: 0 | BF74: 0 | BG74: 0 | BH74: 0 | BI74: 0 | BJ74: 0 | BK74: 0 | BL74: 0 | BM74: 0 | BN74: 0 | BO74: 0 | BP74: 0 | BQ74: 0 | BR74: 0 | BS74: 0 | BT74: 0 | BU74: 0 | BV74: 0 | BW74: 0 | CX74: =Y74*Source!I49 -> 0.0015972 | CY74: =AA74 -> 453.45 | CZ74: =AE74 -> 74.58 | DA74: =AI74 -> 6.08 | DB74: 0
A75: =ROW(Source!A49) -> 49 | B75: 39102310 | C75: 39102491 | D75: 36836983 | E75: 1 | F75: 1 | G75: 1 | H75: 3 | I75: 14.1.03.02-0201 | J75: ФССЦ-2001, 14.1.03.02-0201, приказ Минстроя России №1039/пр от 30.12.2016г. | K75: Клей малярный жидкий | L75: 1346 | N75: 1009 | O75: кг | P75: кг | Q75: 1 | W75: 0 | X75: -1684093315 | Y75: 4.02 | AA75: 49.19 | AB75: 0 | AC75: 0 | AD75: 0 | AE75: 8.09 | AF75: 0 | AG75: 0 | AH75: 0 | AI75: 6.08 | AJ75: 1 | AK75: 1 | AL75: 1 | AN75: 0 | AO75: 1 | AP75: 0 | AQ75: 0 | AR75: 0 | AT75: 4.02 | AV75: 0 | AW75: 2 | AX75: 39102514 | AY75: 1 | AZ75: 0 | BA75: 71 | BB75: 0 | BC75: 0 | BD75: 0 | BE75: 0 | BF75: 0 | BG75: 0 | BH75: 0 | BI75: 0 | BJ75: 0 | BK75: 0 | BL75: 0 | BM75: 0 | BN75: 0 | BO75: 0 | BP75: 0 | BQ75: 0 | BR75: 0 | BS75: 0 | BT75: 0 | BU75: 0 | BV75: 0 | BW75: 0 | CX75: =Y75*Source!I49 -> 1.45926 | CY75: =AA75 -> 49.19 | CZ75: =AE75 -> 8.09 | DA75: =AI75 -> 6.08 | DB75: 0
A76: =ROW(Source!A49) -> 49 | B76: 39102310 | C76: 39102491 | D76: 36797561 | E76: 17 | F76: 1 | G76: 1 | H76: 3 | I76: 14.3.02.01 | K76: Краска водоэмульсионная | L76: 1348 | N76: 1009 | O76: т | P76: т | Q76: 1000 | W76: 0 | X76: 1891904026 | Y76: 0.071 | AA76: 0 | AB76: 0 | AC76: 0 | AD76: 0 | AE76: 0 | AF76: 0 | AG76: 0 | AH76: 0 | AI76: 6.08 | AJ76: 1 | AK76: 1 | AL76: 1 | AN76: 0 | AO76: 0 | AP76: 0 | AQ76: 0 | AR76: 0 | AT76: 0.071 | AV76: 0 | AW76: 2 | AX76: 39102515 | AY76: 1 | AZ76: 0 | BA76: 72 | BB76: 0 | BC76: 0 | BD76: 0 | BE76: 0 | BF76: 0 | BG76: 0 | BH76: 0 | BI76: 0 | BJ76: 0 | BK76: 0 | BL76: 0 | BM76: 0 | BN76: 0 | BO76: 0 | BP76: 0 | BQ76: 0 | BR76: 0 | BS76: 0 | BT76: 0 | BU76: 0 | BV76: 0 | BW76: 0 | CX76: =Y76*Source!I49 -> 0.025773 | CY76: =AA76 -> 0 | CZ76: =AE76 -> 0 | DA76: =AI76 -> 6.08 | DB76: 0
